Workbook

Sheet Inputs
A2: General Inputs
B4: Project Name | D4: Community ABC
B6: Calculation - Begin Date | D6: 44561
B7: Calculation - Months Per Period | D7: 1
B9: Presentation - Begin Date | D9: =D6 -> 44561
B10: Presentation - Dollar Basis | D10: 1000000
B11: Presentation - Months Per Period | D11: 12

Sheet Product
D2: Phase 1 | E2: Phase 1 | F2: Phase 1 | G2: Phase 2 | H2: Phase 2 | I2: Phase 2 | J2: Phase 3 | K2: Phase 3 | L2: Phase 3 | M2: Phase 4 | N2: Phase 4 | O2: Phase 4 | P2: Phase 5 | Q2: Phase 5 | R2: Phase 5
B3: Product Inputs | D3: 50' Wide | E3: 60' Wide | F3: 75' Wide | G3: 50' Wide | H3: 60' Wide | I3: 75' Wide | J3: 50' Wide | K3: 60' Wide | L3: 75' Wide | M3: 50' Wide | N3: 60' Wide | O3: 75' Wide | P3: 50' Wide | Q3: 60' Wide | R3: 75' Wide | T3: TOTAL
B5: # Units (Total) | D5: 30 | E5: 30 | F5: 20 | G5: 30 | H5: 30 | I5: 20 | J5: 30 | K5: 30 | L5: 20 | M5: 30 | N5: 30 | O5: 20 | P5: 30 | Q5: 30 | R5: 20 | T5: =SUM(C5:S5) -> 400
A7: Per Unit:
B9: Base Price | D9: 281000 | E9: 342500 | F9: 409500 | G9: 281000 | H9: 342500 | I9: 409500 | J9: 281000 | K9: 342500 | L9: 409500 | M9: 281000 | N9: 342500 | O9: 409500 | P9: 281000 | Q9: 342500 | R9: 409500 | T9: =SUMPRODUCT($C$5:$S$5, C9:S9)/SUM($C$5:$S$5) -> 336187.5
B10: Options & Upgrades | D10: 40000 | E10: 40000 | F10: 40000 | G10: 40000 | H10: 40000 | I10: 40000 | J10: 40000 | K10: 40000 | L10: 40000 | M10: 40000 | N10: 40000 | O10: 40000 | P10: 40000 | Q10: 40000 | R10: 40000 | T10: =SUMPRODUCT($C$5:$S$5, C10:S10)/SUM($C$5:$S$5) -> 40000
B11: Premiums | D11: 10000 | E11: 10000 | F11: 10000 | G11: 10000 | H11: 10000 | I11: 10000 | J11: 10000 | K11: 10000 | L11: 10000 | M11: 10000 | N11: 10000 | O11: 10000 | P11: 10000 | Q11: 10000 | R11: 10000 | T11: =SUMPRODUCT($C$5:$S$5, C11:S11)/SUM($C$5:$S$5) -> 10000
B13: Sale Price | D13: =SUM(D8:D12) -> 331000 | E13: =SUM(E8:E12) -> 392500 | F13: =SUM(F8:F12) -> 459500 | G13: =SUM(G8:G12) -> 331000 | H13: =SUM(H8:H12) -> 392500 | I13: =SUM(I8:I12) -> 459500 | J13: =SUM(J8:J12) -> 331000 | K13: =SUM(K8:K12) -> 392500 | ... R13: =SUM(R8:R12) -> 459500 | T13: =SUM(T8:T12) -> 386187.5
B15: Land Acquisition Costs | D15: -20000 | E15: -20000 | F15: -20000 | G15: -20000 | H15: -20000 | I15: -20000 | J15: -20000 | K15: -20000 | L15: -20000 | M15: -20000 | N15: -20000 | O15: -20000 | P15: -20000 | Q15: -20000 | R15: -20000 | T15: =SUMPRODUCT($C$5:$S$5, C15:S15)/SUM($C$5:$S$5) -> -20000
B16: Horizontal Costs | D16: -25000 | E16: -25000 | F16: -25000 | G16: -25000 | H16: -25000 | I16: -25000 | J16: -25000 | K16: -25000 | L16: -25000 | M16: -25000 | N16: -25000 | O16: -25000 | P16: -25000 | Q16: -25000 | R16: -25000 | T16: =SUMPRODUCT($C$5:$S$5, C16:S16)/SUM($C$5:$S$5) -> -25000
B17: Vertical Costs - Base Price | D17: -130000 | E17: -130000 | F17: -130000 | G17: -130000 | H17: -130000 | I17: -130000 | J17: -130000 | K17: -130000 | L17: -130000 | M17: -130000 | N17: -130000 | O17: -130000 | P17: -130000 | Q17: -130000 | R17: -130000 | T17: =SUMPRODUCT($C$5:$S$5, C17:S17)/SUM($C$5:$S$5) -> -130000
B18: Vertical Costs - Options | D18: -30000 | E18: -30000 | F18: -30000 | G18: -30000 | H18: -30000 | I18: -30000 | J18: -30000 | K18: -30000 | L18: -30000 | M18: -30000 | N18: -30000 | O18: -30000 | P18: -30000 | Q18: -30000 | R18: -30000 | T18: =SUMPRODUCT($C$5:$S$5, C18:S18)/SUM($C$5:$S$5) -> -30000
B19: Direct Overhead | D19: -6000 | E19: -6000 | F19: -6000 | G19: -6000 | H19: -6000 | I19: -6000 | J19: -6000 | K19: -6000 | L19: -6000 | M19: -6000 | N19: -6000 | O19: -6000 | P19: -6000 | Q19: -6000 | R19: -6000 | T19: =SUMPRODUCT($C$5:$S$5, C19:S19)/SUM($C$5:$S$5) -> -6000
B21: Direct Costs | D21: =SUM(D14:D20) -> -211000 | E21: =SUM(E14:E20) -> -211000 | F21: =SUM(F14:F20) -> -211000 | G21: =SUM(G14:G20) -> -211000 | H21: =SUM(H14:H20) -> -211000 | I21: =SUM(I14:I20) -> -211000 | J21: =SUM(J14:J20) -> -211000 | K21: =SUM(K14:K20) -> -211000 | ... R21: =SUM(R14:R20) -> -211000 | T21: =SUM(T14:T20) -> -211000
B23: Direct Profit | D23: =SUM(D21, D13) -> 120000 | E23: =SUM(E21, E13) -> 181500 | F23: =SUM(F21, F13) -> 248500 | G23: =SUM(G21, G13) -> 120000 | H23: =SUM(H21, H13) -> 181500 | I23: =SUM(I21, I13) -> 248500 | J23: =SUM(J21, J13) -> 120000 | K23: =SUM(K21, K13) -> 181500 | ... R23: =SUM(R21, R13) -> 248500 | T23: =SUMPRODUCT($C$5:$S$5, C23:S23)/SUM($C$5:$S$5) -> 175187.5
B25: Broker Commission | D25: =D13*D37 -> -16550 | E25: =E13*E37 -> -19625 | F25: =F13*F37 -> -22975 | G25: =G13*G37 -> -16550 | H25: =H13*H37 -> -19625 | I25: =I13*I37 -> -22975 | J25: =J13*J37 -> -16550 | K25: =K13*K37 -> -19625 | ... R25: =R13*R37 -> -22975 | T25: =SUMPRODUCT($C$5:$S$5, C25:S25)/SUM($C$5:$S$5) -> -19309.375
B26: Closing Costs | D26: =D13*D38 -> -4137.5 | E26: =E13*E38 -> -4906.25 | F26: =F13*F38 -> -5743.75 | G26: =G13*G38 -> -4137.5 | H26: =H13*H38 -> -4906.25 | I26: =I13*I38 -> -5743.75 | J26: =J13*J38 -> -4137.5 | K26: =K13*K38 -> -4906.25 | ... R26: =R13*R38 -> -5743.75 | T26: =SUMPRODUCT($C$5:$S$5, C26:S26)/SUM($C$5:$S$5) -> -4827.3438
B28: Transaction Costs | D28: =SUM(D24:D27) -> -20687.5 | E28: =SUM(E24:E27) -> -24531.25 | F28: =SUM(F24:F27) -> -28718.75 | G28: =SUM(G24:G27) -> -20687.5 | H28: =SUM(H24:H27) -> -24531.25 | I28: =SUM(I24:I27) -> -28718.75 | J28: =SUM(J24:J27) -> -20687.5 | K28: =SUM(K24:K27) -> -24531.25 | ... R28: =SUM(R24:R27) -> -28718.75 | T28: =SUM(T24:T27) -> -24136.719
B30: Gross Profit | D30: =SUM(D23, D28) -> 99312.5 | E30: =SUM(E23, E28) -> 156968.75 | F30: =SUM(F23, F28) -> 219781.25 | G30: =SUM(G23, G28) -> 99312.5 | H30: =SUM(H23, H28) -> 156968.75 | I30: =SUM(I23, I28) -> 219781.25 | J30: =SUM(J23, J28) -> 99312.5 | K30: =SUM(K23, K28) -> 156968.75 | ... R30: =SUM(R23, R28) -> 219781.25 | T30: =SUM(T23, T28) -> 151050.78
A32: Other Assumptions:
B33: Appreciation Rate - Sales | D33: 0.02 | E33: 0.02 | F33: 0.02 | G33: 0.02 | H33: 0.02 | I33: 0.02 | J33: 0.02 | K33: 0.02 | L33: 0.02 | M33: 0.02 | N33: 0.02 | O33: 0.02 | P33: 0.02 | Q33: 0.02 | R33: 0.02 | T33: =SUMPRODUCT($C$5:$S$5, C33:S33)/SUM($C$5:$S$5) -> 0.02
B34: Appreciation Rate - Costs | D34: 0.02 | E34: 0.02 | F34: 0.02 | G34: 0.02 | H34: 0.02 | I34: 0.02 | J34: 0.02 | K34: 0.02 | L34: 0.02 | M34: 0.02 | N34: 0.02 | O34: 0.02 | P34: 0.02 | Q34: 0.02 | R34: 0.02 | T34: =SUMPRODUCT($C$5:$S$5, C34:S34)/SUM($C$5:$S$5) -> 0.02
B35: Down Payment % | D35: 0.1 | E35: 0.1 | F35: 0.1 | G35: 0.1 | H35: 0.1 | I35: 0.1 | J35: 0.1 | K35: 0.1 | L35: 0.1 | M35: 0.1 | N35: 0.1 | O35: 0.1 | P35: 0.1 | Q35: 0.1 | R35: 0.1 | T35: =SUMPRODUCT($C$5:$S$5, C35:S35)/SUM($C$5:$S$5) -> 0.1
B36: Down Payment | D36: =D13*D35 -> 33100 | E36: =E13*E35 -> 39250 | F36: =F13*F35 -> 45950 | G36: =G13*G35 -> 33100 | H36: =H13*H35 -> 39250 | I36: =I13*I35 -> 45950 | J36: =J13*J35 -> 33100 | K36: =K13*K35 -> 39250 | ... R36: =R13*R35 -> 45950 | T36: =SUMPRODUCT($C$5:$S$5, C36:S36)/SUM($C$5:$S$5) -> 38618.75
B37: Broker Commissions Rate | D37: -0.05 | E37: -0.05 | F37: -0.05 | G37: -0.05 | H37: -0.05 | I37: -0.05 | J37: -0.05 | K37: -0.05 | L37: -0.05 | M37: -0.05 | N37: -0.05 | O37: -0.05 | P37: -0.05 | Q37: -0.05 | R37: -0.05 | T37: =SUMPRODUCT($C$5:$S$5, C37:S37)/SUM($C$5:$S$5) -> -0.05
B38: Closing Costs Rate | D38: -0.0125 | E38: -0.0125 | F38: -0.0125 | G38: -0.0125 | H38: -0.0125 | I38: -0.0125 | J38: -0.0125 | K38: -0.0125 | L38: -0.0125 | M38: -0.0125 | N38: -0.0125 | O38: -0.0125 | P38: -0.0125 | Q38: -0.0125 | R38: -0.0125 | T38: =SUMPRODUCT($C$5:$S$5, C38:S38)/SUM($C$5:$S$5) -> -0.0125
B39: Selling & Marketing Rate | D39: -0.025 | E39: -0.025 | F39: -0.025 | G39: -0.025 | H39: -0.025 | I39: -0.025 | J39: -0.025 | K39: -0.025 | L39: -0.025 | M39: -0.025 | N39: -0.025 | O39: -0.025 | P39: -0.025 | Q39: -0.025 | R39: -0.025 | T39: =SUMPRODUCT($C$5:$S$5, C39:S39)/SUM($C$5:$S$5) -> -0.025
B40: Selling & Marketing | D40: =D13*D39 -> -8275 | E40: =E13*E39 -> -9812.5 | F40: =F13*F39 -> -11487.5 | G40: =G13*G39 -> -8275 | H40: =H13*H39 -> -9812.5 | I40: =I13*I39 -> -11487.5 | J40: =J13*J39 -> -8275 | K40: =K13*K39 -> -9812.5 | ... R40: =R13*R39 -> -11487.5 | T40: =SUMPRODUCT($C$5:$S$5, C40:S40)/SUM($C$5:$S$5) -> -9654.6875
B41: General Overhead Rate | D41: -0.05 | E41: -0.05 | F41: -0.05 | G41: -0.05 | H41: -0.05 | I41: -0.05 | J41: -0.05 | K41: -0.05 | L41: -0.05 | M41: -0.05 | N41: -0.05 | O41: -0.05 | P41: -0.05 | Q41: -0.05 | R41: -0.05 | T41: =SUMPRODUCT($C$5:$S$5, C41:S41)/SUM($C$5:$S$5) -> -0.05
B42: General Overhead | D42: =D13*D41 -> -16550 | E42: =E13*E41 -> -19625 | F42: =F13*F41 -> -22975 | G42: =G13*G41 -> -16550 | H42: =H13*H41 -> -19625 | I42: =I13*I41 -> -22975 | J42: =J13*J41 -> -16550 | K42: =K13*K41 -> -19625 | ... R42: =R13*R41 -> -22975 | T42: =SUMPRODUCT($C$5:$S$5, C42:S42)/SUM($C$5:$S$5) -> -19309.375
B43: Mill Rate (Per 000) | D43: =-5/1000 -> -0.005 | E43: =-5/1000 -> -0.005 | F43: =-5/1000 -> -0.005 | G43: =-5/1000 -> -0.005 | H43: =-5/1000 -> -0.005 | I43: =-5/1000 -> -0.005 | J43: =-5/1000 -> -0.005 | K43: =-5/1000 -> -0.005 | ... R43: =-5/1000 -> -0.005 | T43: =SUMPRODUCT($C$5:$S$5, C43:S43)/SUM($C$5:$S$5) -> -0.005
B44: Appraiser Valuation Adjustment | D44: 1 | E44: 1 | F44: 1 | G44: 1 | H44: 1 | I44: 1 | J44: 1 | K44: 1 | L44: 1 | M44: 1 | N44: 1 | O44: 1 | P44: 1 | Q44: 1 | R44: 1 | T44: =SUMPRODUCT($C$5:$S$5, C44:S44)/SUM($C$5:$S$5) -> 1
B45: Prop. Tax Rate | D45: =D43*D44 -> -0.005 | E45: =E43*E44 -> -0.005 | F45: =F43*F44 -> -0.005 | G45: =G43*G44 -> -0.005 | H45: =H43*H44 -> -0.005 | I45: =I43*I44 -> -0.005 | J45: =J43*J44 -> -0.005 | K45: =K43*K44 -> -0.005 | ... R45: =R43*R44 -> -0.005 | T45: =SUMPRODUCT($C$5:$S$5, C45:S45)/SUM($C$5:$S$5) -> -0.005
B46: HOA Dues | D46: -500 | E46: -500 | F46: -500 | G46: -500 | H46: -500 | I46: -500 | J46: -500 | K46: -500 | L46: -500 | M46: -500 | N46: -500 | O46: -500 | P46: -500 | Q46: -500 | R46: -500 | T46: =SUMPRODUCT($C$5:$S$5, C46:S46)/SUM($C$5:$S$5) -> -500
B47: Financing Delay | D47: 2 | E47: 2 | F47: 2 | G47: 2 | H47: 2 | I47: 2 | J47: 2 | K47: 2 | L47: 2 | M47: 2 | N47: 2 | O47: 2 | P47: 2 | Q47: 2 | R47: 2 | T47: =SUMPRODUCT($C$5:$S$5, C47:S47)/SUM($C$5:$S$5) -> 2
B48: LTV | D48: 1 | E48: 1 | F48: 1 | G48: 1 | H48: 1 | I48: 1 | J48: 1 | K48: 1 | L48: 1 | M48: 1 | N48: 1 | O48: 1 | P48: 1 | Q48: 1 | R48: 1 | T48: =SUMPRODUCT($C$5:$S$5, C48:S48)/SUM($C$5:$S$5) -> 1
B49: WIP Cash Flows | D49: =SUM(D16, D17, D18, D19) -> -191000 | E49: =SUM(E16, E17, E18, E19) -> -191000 | F49: =SUM(F16, F17, F18, F19) -> -191000 | G49: =SUM(G16, G17, G18, G19) -> -191000 | H49: =SUM(H16, H17, H18, H19) -> -191000 | I49: =SUM(I16, I17, I18, I19) -> -191000 | J49: =SUM(J16, J17, J18, J19) -> -191000 | K49: =SUM(K16, K17, K18, K19) -> -191000 | ... R49: =SUM(R16, R17, R18, R19) -> -191000 | T49: =SUMPRODUCT($C$5:$S$5, C49:S49)/SUM($C$5:$S$5) -> -191000
B50: Financing Rate (Annual) | D50: 0.05 | E50: 0.05 | F50: 0.05 | G50: 0.05 | H50: 0.05 | I50: 0.05 | J50: 0.05 | K50: 0.05 | L50: 0.05 | M50: 0.05 | N50: 0.05 | O50: 0.05 | P50: 0.05 | Q50: 0.05 | R50: 0.05 | T50: =SUMPRODUCT($C$5:$S$5, C50:S50)/SUM($C$5:$S$5) -> 0.05
B51: Financing Rate (Month) | D51: =D50/12 -> 0.0041666667 | E51: =E50/12 -> 0.0041666667 | F51: =F50/12 -> 0.0041666667 | G51: =G50/12 -> 0.0041666667 | H51: =H50/12 -> 0.0041666667 | I51: =I50/12 -> 0.0041666667 | J51: =J50/12 -> 0.0041666667 | K51: =K50/12 -> 0.0041666667 | ... R51: =R50/12 -> 0.0041666667 | T51: =SUMPRODUCT($C$5:$S$5, C51:S51)/SUM($C$5:$S$5) -> 0.0041666667
B52: Financing Periods (Months) | D52: =DATEDIF(D81, D93, "M")+1 -> 26 | E52: =DATEDIF(E81, E93, "M")+1 -> 26 | F52: =DATEDIF(F81, F93, "M")+1 -> 26 | G52: =DATEDIF(G81, G93, "M")+1 -> 38 | H52: =DATEDIF(H81, H93, "M")+1 -> 38 | I52: =DATEDIF(I81, I93, "M")+1 -> 38 | J52: =DATEDIF(J81, J93, "M")+1 -> 50 | K52: =DATEDIF(K81, K93, "M")+1 -> 50 | ... R52: =DATEDIF(R81, R93, "M")+1 -> 74 | S52: =DATEDIF(S81, S92, "M")+1 -> 1
A54: Totals - Used in Calculations:
B55: Total Revenue | D55: =D5*D13 -> 9930000 | E55: =E5*E13 -> 11775000 | F55: =F5*F13 -> 9190000 | G55: =G5*G13 -> 9930000 | H55: =H5*H13 -> 11775000 | I55: =I5*I13 -> 9190000 | J55: =J5*J13 -> 9930000 | K55: =K5*K13 -> 11775000 | ... R55: =R5*R13 -> 9190000 | T55: =T5*T13 -> 154475000
B56: Total Land Acquisition Costs | D56: =D$5*D15 -> -600000 | E56: =E$5*E15 -> -600000 | F56: =F$5*F15 -> -400000 | G56: =G$5*G15 -> -600000 | H56: =H$5*H15 -> -600000 | I56: =I$5*I15 -> -400000 | J56: =J$5*J15 -> -600000 | K56: =K$5*K15 -> -600000 | ... R56: =R$5*R15 -> -400000 | T56: =SUM(C56:S56) -> -8000000
B57: Total Direct Overhead | D57: =D$5*D19 -> -180000 | E57: =E$5*E19 -> -180000 | F57: =F$5*F19 -> -120000 | G57: =G$5*G19 -> -180000 | H57: =H$5*H19 -> -180000 | I57: =I$5*I19 -> -120000 | J57: =J$5*J19 -> -180000 | K57: =K$5*K19 -> -180000 | ... R57: =R$5*R19 -> -120000 | T57: =SUM(C57:S57) -> -2400000
B58: Total Selling & Marketing | D58: =D5*D40 -> -248250 | E58: =E5*E40 -> -294375 | F58: =F5*F40 -> -229750 | G58: =G5*G40 -> -248250 | H58: =H5*H40 -> -294375 | I58: =I5*I40 -> -229750 | J58: =J5*J40 -> -248250 | K58: =K5*K40 -> -294375 | ... R58: =R5*R40 -> -229750 | T58: =SUM(C58:S58) -> -3861875
B59: Total General Overhead | D59: =D5*D42 -> -496500 | E59: =E5*E42 -> -588750 | F59: =F5*F42 -> -459500 | G59: =G5*G42 -> -496500 | H59: =H5*H42 -> -588750 | I59: =I5*I42 -> -459500 | J59: =J5*J42 -> -496500 | K59: =K5*K42 -> -588750 | ... R59: =R5*R42 -> -459500 | T59: =SUM(C59:S59) -> -7723750
B60: Total HOA Dues | D60: =D5*D46 -> -15000 | E60: =E5*E46 -> -15000 | F60: =F5*F46 -> -10000 | G60: =G5*G46 -> -15000 | H60: =H5*H46 -> -15000 | I60: =I5*I46 -> -10000 | J60: =J5*J46 -> -15000 | K60: =K5*K46 -> -15000 | ... R60: =R5*R46 -> -10000 | T60: =SUM(C60:S60) -> -200000
A62: Timeline - Month Duration:
B63: Acquire Land (Months) | D63: 0 | E63: 0 | F63: 0 | G63: =D63+12 -> 12 | H63: =E63+12 -> 12 | I63: =F63+12 -> 12 | J63: =G63+12 -> 24 | K63: =H63+12 -> 24 | L63: =I63+12 -> 24 | M63: =J63+12 -> 36 | N63: =K63+12 -> 36 | ... R63: =O63+12 -> 48
B64: Lot Dev. Delay (Months) | D64: 1 | E64: 1 | F64: 1 | G64: 1 | H64: 1 | I64: 1 | J64: 1 | K64: 1 | L64: 1 | M64: 1 | N64: 1 | O64: 1 | P64: 1 | Q64: 1 | R64: 1
B65: General Overhead Duration (Months) | D65: =DATEDIF(D84, D93, "M") -> 24 | E65: =DATEDIF(E84, E93, "M") -> 24 | F65: =DATEDIF(F84, F93, "M") -> 24 | G65: =DATEDIF(G84, G93, "M") -> 24 | H65: =DATEDIF(H84, H93, "M") -> 24 | I65: =DATEDIF(I84, I93, "M") -> 24 | J65: =DATEDIF(J84, J93, "M") -> 24 | K65: =DATEDIF(K84, K93, "M") -> 24 | ... R65: =DATEDIF(R84, R93, "M") -> 24
B66: Lot Dev. Duration (Months) | D66: 6 | E66: 6 | F66: 6 | G66: 6 | H66: 6 | I66: 6 | J66: 6 | K66: 6 | L66: 6 | M66: 6 | N66: 6 | O66: 6 | P66: 6 | Q66: 6 | R66: 6
B67: Vertical Duration (Months) | D67: 6 | E67: 6 | F67: 6 | G67: 6 | H67: 6 | I67: 6 | J67: 6 | K67: 6 | L67: 6 | M67: 6 | N67: 6 | O67: 6 | P67: 6 | Q67: 6 | R67: 6
B68: Selling & Marketing Duration (Months) | D68: =D70 -> 12 | E68: =E70 -> 12 | F68: =F70 -> 12 | G68: =G70 -> 12 | H68: =H70 -> 12 | I68: =I70 -> 12 | J68: =J70 -> 12 | K68: =K70 -> 12 | ... R68: =R70 -> 12
B69: Start Sales Delay (Months) | D69: 0 | E69: 0 | F69: 0 | G69: 0 | H69: 0 | I69: 0 | J69: 0 | K69: 0 | L69: 0 | M69: 0 | N69: 0 | O69: 0 | P69: 0 | Q69: 0 | R69: 0
B70: Sales Duration (Month) | D70: 12 | E70: 12 | F70: 12 | G70: 12 | H70: 12 | I70: 12 | J70: 12 | K70: 12 | L70: 12 | M70: 12 | N70: 12 | O70: 12 | P70: 12 | Q70: 12 | R70: 12
B71: Closing Delay (Months) | D71: 6 | E71: 6 | F71: 6 | G71: 6 | H71: 6 | I71: 6 | J71: 6 | K71: 6 | L71: 6 | M71: 6 | N71: 6 | O71: 6 | P71: 6 | Q71: 6 | R71: 6
A73: Timeline - Month of Initiation:
B74: Start General Overhead (Months) | D74: =D75 -> 1 | E74: =E75 -> 1 | F74: =F75 -> 1 | G74: =G75 -> 13 | H74: =H75 -> 13 | I74: =I75 -> 13 | J74: =J75 -> 25 | K74: =K75 -> 25 | ... R74: =R75 -> 49
B75: Start Lot Dev. (Months) | D75: =D63+D64 -> 1 | E75: =E63+E64 -> 1 | F75: =F63+F64 -> 1 | G75: =G63+G64 -> 13 | H75: =H63+H64 -> 13 | I75: =I63+I64 -> 13 | J75: =J63+J64 -> 25 | K75: =K63+K64 -> 25 | ... R75: =R63+R64 -> 49
B76: Start Vertical Constr. (Months) | D76: =D75+D66 -> 7 | E76: =E75+E66 -> 7 | F76: =F75+F66 -> 7 | G76: =G75+G66 -> 19 | H76: =H75+H66 -> 19 | I76: =I75+I66 -> 19 | J76: =J75+J66 -> 31 | K76: =K75+K66 -> 31 | ... R76: =R75+R66 -> 55
B77: Start Selling & Marketing (Months) | D77: =D78-1 -> 6 | E77: =E78-1 -> 6 | F77: =F78-1 -> 6 | G77: =G78-1 -> 18 | H77: =H78-1 -> 18 | I77: =I78-1 -> 18 | J77: =J78-1 -> 30 | K77: =K78-1 -> 30 | ... R77: =R78-1 -> 54
B78: Start Sales (Months) | D78: =D76+D69 -> 7 | E78: =E76+E69 -> 7 | F78: =F76+F69 -> 7 | G78: =G76+G69 -> 19 | H78: =H76+H69 -> 19 | I78: =I76+I69 -> 19 | J78: =J76+J69 -> 31 | K78: =K76+K69 -> 31 | ... R78: =R76+R69 -> 55
A80: Timeline:
B81: Model Start Date | D81: =Inputs!$D$6 -> 44561 | E81: =Inputs!$D$6 -> 44561 | F81: =Inputs!$D$6 -> 44561 | G81: =Inputs!$D$6 -> 44561 | H81: =Inputs!$D$6 -> 44561 | I81: =Inputs!$D$6 -> 44561 | J81: =Inputs!$D$6 -> 44561 | K81: =Inputs!$D$6 -> 44561 | ... R81: =Inputs!$D$6 -> 44561
B82: Land Acquisition Date | D82: =EOMONTH(Inputs!$D$6, D63) -> 44561 | E82: =EOMONTH(Inputs!$D$6, E63) -> 44561 | F82: =EOMONTH(Inputs!$D$6, F63) -> 44561 | G82: =EOMONTH(Inputs!$D$6, G63) -> 44926 | H82: =EOMONTH(Inputs!$D$6, H63) -> 44926 | I82: =EOMONTH(Inputs!$D$6, I63) -> 44926 | J82: =EOMONTH(Inputs!$D$6, J63) -> 45291 | K82: =EOMONTH(Inputs!$D$6, K63) -> 45291 | ... R82: =EOMONTH(Inputs!$D$6, R63) -> 46022
B83: General Overhead Start Date | D83: =EOMONTH(Inputs!$D$6, D74) -> 44592 | E83: =EOMONTH(Inputs!$D$6, E74) -> 44592 | F83: =EOMONTH(Inputs!$D$6, F74) -> 44592 | G83: =EOMONTH(Inputs!$D$6, G74) -> 44957 | H83: =EOMONTH(Inputs!$D$6, H74) -> 44957 | I83: =EOMONTH(Inputs!$D$6, I74) -> 44957 | J83: =EOMONTH(Inputs!$D$6, J74) -> 45322 | K83: =EOMONTH(Inputs!$D$6, K74) -> 45322 | ... R83: =EOMONTH(Inputs!$D$6, R74) -> 46053
B84: Lot Dev. Start Date | D84: =EOMONTH(Inputs!$D$6, D75) -> 44592 | E84: =EOMONTH(Inputs!$D$6, E75) -> 44592 | F84: =EOMONTH(Inputs!$D$6, F75) -> 44592 | G84: =EOMONTH(Inputs!$D$6, G75) -> 44957 | H84: =EOMONTH(Inputs!$D$6, H75) -> 44957 | I84: =EOMONTH(Inputs!$D$6, I75) -> 44957 | J84: =EOMONTH(Inputs!$D$6, J75) -> 45322 | K84: =EOMONTH(Inputs!$D$6, K75) -> 45322 | ... R84: =EOMONTH(Inputs!$D$6, R75) -> 46053
B85: Lot Dev. End Date | D85: =EOMONTH(D84, D66) -> 44773 | E85: =EOMONTH(E84, E66) -> 44773 | F85: =EOMONTH(F84, F66) -> 44773 | G85: =EOMONTH(G84, G66) -> 45138 | H85: =EOMONTH(H84, H66) -> 45138 | I85: =EOMONTH(I84, I66) -> 45138 | J85: =EOMONTH(J84, J66) -> 45504 | K85: =EOMONTH(K84, K66) -> 45504 | ... R85: =EOMONTH(R84, R66) -> 46234
B86: Vertical Start Date | D86: =EOMONTH(Inputs!$D$6, D76) -> 44773 | E86: =EOMONTH(Inputs!$D$6, E76) -> 44773 | F86: =EOMONTH(Inputs!$D$6, F76) -> 44773 | G86: =EOMONTH(Inputs!$D$6, G76) -> 45138 | H86: =EOMONTH(Inputs!$D$6, H76) -> 45138 | I86: =EOMONTH(Inputs!$D$6, I76) -> 45138 | J86: =EOMONTH(Inputs!$D$6, J76) -> 45504 | K86: =EOMONTH(Inputs!$D$6, K76) -> 45504 | ... R86: =EOMONTH(Inputs!$D$6, R76) -> 46234
B87: Vertical End Date | D87: =EOMONTH(D86, D67) -> 44957 | E87: =EOMONTH(E86, E67) -> 44957 | F87: =EOMONTH(F86, F67) -> 44957 | G87: =EOMONTH(G86, G67) -> 45322 | H87: =EOMONTH(H86, H67) -> 45322 | I87: =EOMONTH(I86, I67) -> 45322 | J87: =EOMONTH(J86, J67) -> 45688 | K87: =EOMONTH(K86, K67) -> 45688 | ... R87: =EOMONTH(R86, R67) -> 46418
B88: Selling & Marketing Start Date | D88: =EOMONTH(Inputs!$D$6, D77) -> 44742 | E88: =EOMONTH(Inputs!$D$6, E77) -> 44742 | F88: =EOMONTH(Inputs!$D$6, F77) -> 44742 | G88: =EOMONTH(Inputs!$D$6, G77) -> 45107 | H88: =EOMONTH(Inputs!$D$6, H77) -> 45107 | I88: =EOMONTH(Inputs!$D$6, I77) -> 45107 | J88: =EOMONTH(Inputs!$D$6, J77) -> 45473 | K88: =EOMONTH(Inputs!$D$6, K77) -> 45473 | ... R88: =EOMONTH(Inputs!$D$6, R77) -> 46203
B89: Selling & Marketing End Date | D89: =EOMONTH(D88, D68) -> 45107 | E89: =EOMONTH(E88, E68) -> 45107 | F89: =EOMONTH(F88, F68) -> 45107 | G89: =EOMONTH(G88, G68) -> 45473 | H89: =EOMONTH(H88, H68) -> 45473 | I89: =EOMONTH(I88, I68) -> 45473 | J89: =EOMONTH(J88, J68) -> 45838 | K89: =EOMONTH(K88, K68) -> 45838 | ... R89: =EOMONTH(R88, R68) -> 46568
B90: Sales Start Date | D90: =EOMONTH(Inputs!$D$6, D78) -> 44773 | E90: =EOMONTH(Inputs!$D$6, E78) -> 44773 | F90: =EOMONTH(Inputs!$D$6, F78) -> 44773 | G90: =EOMONTH(Inputs!$D$6, G78) -> 45138 | H90: =EOMONTH(Inputs!$D$6, H78) -> 45138 | I90: =EOMONTH(Inputs!$D$6, I78) -> 45138 | J90: =EOMONTH(Inputs!$D$6, J78) -> 45504 | K90: =EOMONTH(Inputs!$D$6, K78) -> 45504 | ... R90: =EOMONTH(Inputs!$D$6, R78) -> 46234
B91: Closing Start Date | D91: =EOMONTH(D90, D71) -> 44957 | E91: =EOMONTH(E90, E71) -> 44957 | F91: =EOMONTH(F90, F71) -> 44957 | G91: =EOMONTH(G90, G71) -> 45322 | H91: =EOMONTH(H90, H71) -> 45322 | I91: =EOMONTH(I90, I71) -> 45322 | J91: =EOMONTH(J90, J71) -> 45688 | K91: =EOMONTH(K90, K71) -> 45688 | ... R91: =EOMONTH(R90, R71) -> 46418
B92: Sales End Date | D92: =EOMONTH(D90, D70) -> 45138 | E92: =EOMONTH(E90, E70) -> 45138 | F92: =EOMONTH(F90, F70) -> 45138 | G92: =EOMONTH(G90, G70) -> 45504 | H92: =EOMONTH(H90, H70) -> 45504 | I92: =EOMONTH(I90, I70) -> 45504 | J92: =EOMONTH(J90, J70) -> 45869 | K92: =EOMONTH(K90, K70) -> 45869 | ... R92: =EOMONTH(R90, R70) -> 46599
B93: Closing End Date | D93: =EOMONTH(D92, D71) -> 45322 | E93: =EOMONTH(E92, E71) -> 45322 | F93: =EOMONTH(F92, F71) -> 45322 | G93: =EOMONTH(G92, G71) -> 45688 | H93: =EOMONTH(H92, H71) -> 45688 | I93: =EOMONTH(I92, I71) -> 45688 | J93: =EOMONTH(J92, J71) -> 46053 | K93: =EOMONTH(K92, K71) -> 46053 | ... R93: =EOMONTH(R92, R71) -> 46783
B94: General Overhead End Date | D94: =EOMONTH(D83, D65) -> 45322 | E94: =EOMONTH(E83, E65) -> 45322 | F94: =EOMONTH(F83, F65) -> 45322 | G94: =EOMONTH(G83, G65) -> 45688 | H94: =EOMONTH(H83, H65) -> 45688 | I94: =EOMONTH(I83, I65) -> 45688 | J94: =EOMONTH(J83, J65) -> 46053 | K94: =EOMONTH(K83, K65) -> 46053 | ... R94: =EOMONTH(R83, R65) -> 46783
B95: Model End Date | D95: =EOMONTH(D83, D65) -> 45322 | E95: =EOMONTH(E83, E65) -> 45322 | F95: =EOMONTH(F83, F65) -> 45322 | G95: =EOMONTH(G83, G65) -> 45688 | H95: =EOMONTH(H83, H65) -> 45688 | I95: =EOMONTH(I83, I65) -> 45688 | J95: =EOMONTH(J83, J65) -> 46053 | K95: =EOMONTH(K83, K65) -> 46053 | ... R95: =EOMONTH(R83, R65) -> 46783

Sheet Infra
D2: Legal | E2: Master Infra. | F2: Amenities | G2: Signs & Landsc. | H2: Sales Center
B3: General Infrastructure Inputs | D3: General | E3: General | F3: General | G3: General | H3: General | J3: TOTAL
B5: Units | D5: LOT | E5: LF
B6: Quantity | D6: 400 | E6: 2500 | F6: 1 | G6: 1 | H6: 1
B7: Unit Cost | D7: -200 | E7: -1000 | F7: -2000000 | G7: -500000 | H7: -1000000
B8: Total Cost | D8: =D6*D7 -> -80000 | E8: =E6*E7 -> -2500000 | F8: =F6*F7 -> -2000000 | G8: =G6*G7 -> -500000 | H8: =H6*H7 -> -1000000 | J8: =SUM(C8:I8) -> -6080000
B9: Start Month | D9: 0 | E9: 1 | F9: 6 | G9: 1 | H9: 6
B10: Start Date | D10: =EOMONTH(Inputs!$D$6, D9) -> 44561 | E10: =EOMONTH(Inputs!$D$6, E9) -> 44592 | F10: =EOMONTH(Inputs!$D$6, F9) -> 44742 | G10: =EOMONTH(Inputs!$D$6, G9) -> 44592 | H10: =EOMONTH(Inputs!$D$6, H9) -> 44742
B11: Periods | D11: =COUNTA(D12:D21) -> 1 | E11: =COUNTA(E12:E21) -> 9 | F11: =COUNTA(F12:F21) -> 9 | G11: =COUNTA(G12:G21) -> 1 | H11: =COUNTA(H12:H21) -> 9
B12: =ROW(B12)-ROW($B$11) -> 1 | D12: 1 | E12: 0.025 | F12: 0.025 | G12: 1 | H12: 0.025
B13: =ROW(B13)-ROW($B$11) -> 2 | E13: 0.075 | F13: 0.075 | H13: 0.075
B14: =ROW(B14)-ROW($B$11) -> 3 | E14: 0.1 | F14: 0.1 | H14: 0.1
B15: =ROW(B15)-ROW($B$11) -> 4 | E15: 0.15 | F15: 0.15 | H15: 0.15
B16: =ROW(B16)-ROW($B$11) -> 5 | E16: 0.3 | F16: 0.3 | H16: 0.3
B17: =ROW(B17)-ROW($B$11) -> 6 | E17: 0.15 | F17: 0.15 | H17: 0.15
B18: =ROW(B18)-ROW($B$11) -> 7 | E18: 0.1 | F18: 0.1 | H18: 0.1
B19: =ROW(B19)-ROW($B$11) -> 8 | E19: 0.075 | F19: 0.075 | H19: 0.075
B20: =ROW(B20)-ROW($B$11) -> 9 | E20: 0.025 | F20: 0.025 | H20: 0.025

Sheet Calc
A1: =Inputs!$D$4 -> Community ABC
B2: Calculations | G2: TOTAL | I2: =E6 -> 44561 | J2: =EOMONTH(I2, $E$7) -> 44592 | K2: =EOMONTH(J2, $E$7) -> 44620 | L2: =EOMONTH(K2, $E$7) -> 44651 | M2: =EOMONTH(L2, $E$7) -> 44681 | N2: =EOMONTH(M2, $E$7) -> 44712 | O2: =EOMONTH(N2, $E$7) -> 44742 | P2: =EOMONTH(O2, $E$7) -> 44773 | Q2: =EOMONTH(P2, $E$7) -> 44804 | ... DY2: =EOMONTH(DX2, $E$7) -> 48213 | EB2: Location | EC2: Phase | ED2: Product | EE2: Ledger | EF2: Lookup Name
A4: General Calculations
B6: =Inputs!B6 -> Calculation - Begin Date | E6: =Inputs!D6 -> 44561
B7: =Inputs!B7 -> Calculation - Months Per Period | E7: =Inputs!D7 -> 1
B8: Column Counter | I8: =COLUMN(I8)-COLUMN($H$8) -> 1 | J8: =COLUMN(J8)-COLUMN($H$8) -> 2 | K8: =COLUMN(K8)-COLUMN($H$8) -> 3 | L8: =COLUMN(L8)-COLUMN($H$8) -> 4 | M8: =COLUMN(M8)-COLUMN($H$8) -> 5 | N8: =COLUMN(N8)-COLUMN($H$8) -> 6 | O8: =COLUMN(O8)-COLUMN($H$8) -> 7 | P8: =COLUMN(P8)-COLUMN($H$8) -> 8 | ... DY8: =COLUMN(DY8)-COLUMN($H$8) -> 121
B9: Column Counter - Index Calculations | I9: =I8+1 -> 2 | J9: =J8+1 -> 3 | K9: =K8+1 -> 4 | L9: =L8+1 -> 5 | M9: =M8+1 -> 6 | N9: =N8+1 -> 7 | O9: =O8+1 -> 8 | P9: =P8+1 -> 9 | ... DY9: =DY8+1 -> 122
B10: Date Month | I10: =MONTH(I2) -> 12 | J10: =MONTH(J2) -> 1 | K10: =MONTH(K2) -> 2 | L10: =MONTH(L2) -> 3 | M10: =MONTH(M2) -> 4 | N10: =MONTH(N2) -> 5 | O10: =MONTH(O2) -> 6 | P10: =MONTH(P2) -> 7 | ... DY10: =MONTH(DY2) -> 12
B12: =Inputs!$B$9 -> Presentation - Begin Date | E12: =Inputs!$D$9 -> 44561
B13: =Inputs!$B$11 -> Presentation - Months Per Period | E13: =Inputs!$D$11 -> 12
B14: Period Counter | I14: =IF(I$2=$E12, 1, IF(I$2>$E12, H14+1, 0)) -> 1 | J14: =IF(J$2=$E12, 1, IF(J$2>$E12, I14+1, 0)) -> 2 | K14: =IF(K$2=$E12, 1, IF(K$2>$E12, J14+1, 0)) -> 3 | L14: =IF(L$2=$E12, 1, IF(L$2>$E12, K14+1, 0)) -> 4 | M14: =IF(M$2=$E12, 1, IF(M$2>$E12, L14+1, 0)) -> 5 | N14: =IF(N$2=$E12, 1, IF(N$2>$E12, M14+1, 0)) -> 6 | O14: =IF(O$2=$E12, 1, IF(O$2>$E12, N14+1, 0)) -> 7 | P14: =IF(P$2=$E12, 1, IF(P$2>$E12, O14+1, 0)) -> 8 | ... DY14: =IF(DY$2=$E12, 1, IF(DY$2>$E12, DX14+1, 0)) -> 121
B15: Presentation Lookup Horizontal Selector | I15: =ROUNDUP(I$14/$E13,0) -> 1 | J15: =ROUNDUP(J$14/$E13,0) -> 1 | K15: =ROUNDUP(K$14/$E13,0) -> 1 | L15: =ROUNDUP(L$14/$E13,0) -> 1 | M15: =ROUNDUP(M$14/$E13,0) -> 1 | N15: =ROUNDUP(N$14/$E13,0) -> 1 | O15: =ROUNDUP(O$14/$E13,0) -> 1 | P15: =ROUNDUP(P$14/$E13,0) -> 1 | ... DY15: =ROUNDUP(DY$14/$E13,0) -> 11
A17: Lot Development | D17: =Product!$B$84 -> Lot Dev. Start Date | E17: =Product!$B$5 -> # Units (Total) | F17: =Product!$B$66 -> Lot Dev. Duration (Months)
B19: =Product!$D$2 -> Phase 1 | C19: =Product!$D$3 -> 50' Wide | D19: =SUMIFS(INDEX(Product!$B$2:$U$97, MATCH(D17, Product!$B$2:$B$97, 0), ), Product!$B$2:$U$2, $B19, Product!$B$3:$U$3, $C19) -> 44592 | E19: =SUMIFS(INDEX(Product!$B$2:$U$97, MATCH(E17, Product!$B$2:$B$97, 0), ), Product!$B$2:$U$2, $B19, Product!$B$3:$U$3, $C19) -> 30 | F19: =SUMIFS(INDEX(Product!$B$2:$U$97, MATCH(F17, Product!$B$2:$B$97, 0), ), Product!$B$2:$U$2, $B19, Product!$B$3:$U$3, $C19) -> 6 | G19: =SUM(H19:DZ19) -> 30 | I19: =IF(I$2>$D19, MIN(IFERROR($E19/$F19, 0), $E19-SUM($H19:H19)), 0) -> 0 | J19: =IF(J$2>$D19, MIN(IFERROR($E19/$F19, 0), $E19-SUM($H19:I19)), 0) -> 0 | K19: =IF(K$2>$D19, MIN(IFERROR($E19/$F19, 0), $E19-SUM($H19:J19)), 0) -> 5 | L19: =IF(L$2>$D19, MIN(IFERROR($E19/$F19, 0), $E19-SUM($H19:K19)), 0) -> 5 | M19: =IF(M$2>$D19, MIN(IFERROR($E19/$F19, 0), $E19-SUM($H19:L19)), 0) -> 5 | N19: =IF(N$2>$D19, MIN(IFERROR($E19/$F19, 0), $E19-SUM($H19:M19)), 0) -> 5 | O19: =IF(O$2>$D19, MIN(IFERROR($E19/$F19, 0), $E19-SUM($H19:N19)), 0) -> 5 | P19: =IF(P$2>$D19, MIN(IFERROR($E19/$F19, 0), $E19-SUM($H19:O19)), 0) -> 5 | ... DY19: =IF(DY$2>$D19, MIN(IFERROR($E19/$F19, 0), $E19-SUM($H19:DX19)), 0) -> 0
B20: =Product!$E$2 -> Phase 1 | C20: =Product!$E$3 -> 60' Wide | D20: =SUMIFS(INDEX(Product!$B$2:$U$97, MATCH(D17, Product!$B$2:$B$97, 0), ), Product!$B$2:$U$2, $B20, Product!$B$3:$U$3, $C20) -> 44592 | E20: =SUMIFS(INDEX(Product!$B$2:$U$97, MATCH(E17, Product!$B$2:$B$97, 0), ), Product!$B$2:$U$2, $B20, Product!$B$3:$U$3, $C20) -> 30 | F20: =SUMIFS(INDEX(Product!$B$2:$U$97, MATCH(F17, Product!$B$2:$B$97, 0), ), Product!$B$2:$U$2, $B20, Product!$B$3:$U$3, $C20) -> 6 | G20: =SUM(H20:DZ20) -> 30 | I20: =IF(I$2>$D20, MIN(IFERROR($E20/$F20, 0), $E20-SUM($H20:H20)), 0) -> 0 | J20: =IF(J$2>$D20, MIN(IFERROR($E20/$F20, 0), $E20-SUM($H20:I20)), 0) -> 0 | K20: =IF(K$2>$D20, MIN(IFERROR($E20/$F20, 0), $E20-SUM($H20:J20)), 0) -> 5 | L20: =IF(L$2>$D20, MIN(IFERROR($E20/$F20, 0), $E20-SUM($H20:K20)), 0) -> 5 | M20: =IF(M$2>$D20, MIN(IFERROR($E20/$F20, 0), $E20-SUM($H20:L20)), 0) -> 5 | N20: =IF(N$2>$D20, MIN(IFERROR($E20/$F20, 0), $E20-SUM($H20:M20)), 0) -> 5 | O20: =IF(O$2>$D20, MIN(IFERROR($E20/$F20, 0), $E20-SUM($H20:N20)), 0) -> 5 | P20: =IF(P$2>$D20, MIN(IFERROR($E20/$F20, 0), $E20-SUM($H20:O20)), 0) -> 5 | ... DY20: =IF(DY$2>$D20, MIN(IFERROR($E20/$F20, 0), $E20-SUM($H20:DX20)), 0) -> 0
B21: =Product!$F$2 -> Phase 1 | C21: =Product!$F$3 -> 75' Wide | D21: =SUMIFS(INDEX(Product!$B$2:$U$97, MATCH(D17, Product!$B$2:$B$97, 0), ), Product!$B$2:$U$2, $B21, Product!$B$3:$U$3, $C21) -> 44592 | E21: =SUMIFS(INDEX(Product!$B$2:$U$97, MATCH(E17, Product!$B$2:$B$97, 0), ), Product!$B$2:$U$2, $B21, Product!$B$3:$U$3, $C21) -> 20 | F21: =SUMIFS(INDEX(Product!$B$2:$U$97, MATCH(F17, Product!$B$2:$B$97, 0), ), Product!$B$2:$U$2, $B21, Product!$B$3:$U$3, $C21) -> 6 | G21: =SUM(H21:DZ21) -> 20 | I21: =IF(I$2>$D21, MIN(IFERROR($E21/$F21, 0), $E21-SUM($H21:H21)), 0) -> 0 | J21: =IF(J$2>$D21, MIN(IFERROR($E21/$F21, 0), $E21-SUM($H21:I21)), 0) -> 0 | K21: =IF(K$2>$D21, MIN(IFERROR($E21/$F21, 0), $E21-SUM($H21:J21)), 0) -> 3.3333333 | L21: =IF(L$2>$D21, MIN(IFERROR($E21/$F21, 0), $E21-SUM($H21:K21)), 0) -> 3.3333333 | M21: =IF(M$2>$D21, MIN(IFERROR($E21/$F21, 0), $E21-SUM($H21:L21)), 0) -> 3.3333333 | N21: =IF(N$2>$D21, MIN(IFERROR($E21/$F21, 0), $E21-SUM($H21:M21)), 0) -> 3.3333333 | O21: =IF(O$2>$D21, MIN(IFERROR($E21/$F21, 0), $E21-SUM($H21:N21)), 0) -> 3.3333333 | P21: =IF(P$2>$D21, MIN(IFERROR($E21/$F21, 0), $E21-SUM($H21:O21)), 0) -> 3.3333333 | ... DY21: =IF(DY$2>$D21, MIN(IFERROR($E21/$F21, 0), $E21-SUM($H21:DX21)), 0) -> 0
B23: =Product!$G$2 -> Phase 2 | C23: =Product!$G$3 -> 50' Wide | D23: =SUMIFS(INDEX(Product!$B$2:$U$97, MATCH(D17, Product!$B$2:$B$97, 0), ), Product!$B$2:$U$2, $B23, Product!$B$3:$U$3, $C23) -> 44957 | E23: =SUMIFS(INDEX(Product!$B$2:$U$97, MATCH(E17, Product!$B$2:$B$97, 0), ), Product!$B$2:$U$2, $B23, Product!$B$3:$U$3, $C23) -> 30 | F23: =SUMIFS(INDEX(Product!$B$2:$U$97, MATCH(F17, Product!$B$2:$B$97, 0), ), Product!$B$2:$U$2, $B23, Product!$B$3:$U$3, $C23) -> 6 | G23: =SUM(H23:DZ23) -> 30 | I23: =IF(I$2>$D23, MIN(IFERROR($E23/$F23, 0), $E23-SUM($H23:H23)), 0) -> 0 | J23: =IF(J$2>$D23, MIN(IFERROR($E23/$F23, 0), $E23-SUM($H23:I23)), 0) -> 0 | K23: =IF(K$2>$D23, MIN(IFERROR($E23/$F23, 0), $E23-SUM($H23:J23)), 0) -> 0 | L23: =IF(L$2>$D23, MIN(IFERROR($E23/$F23, 0), $E23-SUM($H23:K23)), 0) -> 0 | M23: =IF(M$2>$D23, MIN(IFERROR($E23/$F23, 0), $E23-SUM($H23:L23)), 0) -> 0 | N23: =IF(N$2>$D23, MIN(IFERROR($E23/$F23, 0), $E23-SUM($H23:M23)), 0) -> 0 | O23: =IF(O$2>$D23, MIN(IFERROR($E23/$F23, 0), $E23-SUM($H23:N23)), 0) -> 0 | P23: =IF(P$2>$D23, MIN(IFERROR($E23/$F23, 0), $E23-SUM($H23:O23)), 0) -> 0 | ... DY23: =IF(DY$2>$D23, MIN(IFERROR($E23/$F23, 0), $E23-SUM($H23:DX23)), 0) -> 0
B24: =Product!$H$2 -> Phase 2 | C24: =Product!$H$3 -> 60' Wide | D24: =SUMIFS(INDEX(Product!$B$2:$U$97, MATCH(D17, Product!$B$2:$B$97, 0), ), Product!$B$2:$U$2, $B24, Product!$B$3:$U$3, $C24) -> 44957 | E24: =SUMIFS(INDEX(Product!$B$2:$U$97, MATCH(E17, Product!$B$2:$B$97, 0), ), Product!$B$2:$U$2, $B24, Product!$B$3:$U$3, $C24) -> 30 | F24: =SUMIFS(INDEX(Product!$B$2:$U$97, MATCH(F17, Product!$B$2:$B$97, 0), ), Product!$B$2:$U$2, $B24, Product!$B$3:$U$3, $C24) -> 6 | G24: =SUM(H24:DZ24) -> 30 | I24: =IF(I$2>$D24, MIN(IFERROR($E24/$F24, 0), $E24-SUM($H24:H24)), 0) -> 0 | J24: =IF(J$2>$D24, MIN(IFERROR($E24/$F24, 0), $E24-SUM($H24:I24)), 0) -> 0 | K24: =IF(K$2>$D24, MIN(IFERROR($E24/$F24, 0), $E24-SUM($H24:J24)), 0) -> 0 | L24: =IF(L$2>$D24, MIN(IFERROR($E24/$F24, 0), $E24-SUM($H24:K24)), 0) -> 0 | M24: =IF(M$2>$D24, MIN(IFERROR($E24/$F24, 0), $E24-SUM($H24:L24)), 0) -> 0 | N24: =IF(N$2>$D24, MIN(IFERROR($E24/$F24, 0), $E24-SUM($H24:M24)), 0) -> 0 | O24: =IF(O$2>$D24, MIN(IFERROR($E24/$F24, 0), $E24-SUM($H24:N24)), 0) -> 0 | P24: =IF(P$2>$D24, MIN(IFERROR($E24/$F24, 0), $E24-SUM($H24:O24)), 0) -> 0 | ... DY24: =IF(DY$2>$D24, MIN(IFERROR($E24/$F24, 0), $E24-SUM($H24:DX24)), 0) -> 0
B25: =Product!$I$2 -> Phase 2 | C25: =Product!$I$3 -> 75' Wide | D25: =SUMIFS(INDEX(Product!$B$2:$U$97, MATCH(D17, Product!$B$2:$B$97, 0), ), Product!$B$2:$U$2, $B25, Product!$B$3:$U$3, $C25) -> 44957 | E25: =SUMIFS(INDEX(Product!$B$2:$U$97, MATCH(E17, Product!$B$2:$B$97, 0), ), Product!$B$2:$U$2, $B25, Product!$B$3:$U$3, $C25) -> 20 | F25: =SUMIFS(INDEX(Product!$B$2:$U$97, MATCH(F17, Product!$B$2:$B$97, 0), ), Product!$B$2:$U$2, $B25, Product!$B$3:$U$3, $C25) -> 6 | G25: =SUM(H25:DZ25) -> 20 | I25: =IF(I$2>$D25, MIN(IFERROR($E25/$F25, 0), $E25-SUM($H25:H25)), 0) -> 0 | J25: =IF(J$2>$D25, MIN(IFERROR($E25/$F25, 0), $E25-SUM($H25:I25)), 0) -> 0 | K25: =IF(K$2>$D25, MIN(IFERROR($E25/$F25, 0), $E25-SUM($H25:J25)), 0) -> 0 | L25: =IF(L$2>$D25, MIN(IFERROR($E25/$F25, 0), $E25-SUM($H25:K25)), 0) -> 0 | M25: =IF(M$2>$D25, MIN(IFERROR($E25/$F25, 0), $E25-SUM($H25:L25)), 0) -> 0 | N25: =IF(N$2>$D25, MIN(IFERROR($E25/$F25, 0), $E25-SUM($H25:M25)), 0) -> 0 | O25: =IF(O$2>$D25, MIN(IFERROR($E25/$F25, 0), $E25-SUM($H25:N25)), 0) -> 0 | P25: =IF(P$2>$D25, MIN(IFERROR($E25/$F25, 0), $E25-SUM($H25:O25)), 0) -> 0 | ... DY25: =IF(DY$2>$D25, MIN(IFERROR($E25/$F25, 0), $E25-SUM($H25:DX25)), 0) -> 0
B27: =Product!$J$2 -> Phase 3 | C27: =Product!$J$3 -> 50' Wide | D27: =SUMIFS(INDEX(Product!$B$2:$U$97, MATCH(D17, Product!$B$2:$B$97, 0), ), Product!$B$2:$U$2, $B27, Product!$B$3:$U$3, $C27) -> 45322 | E27: =SUMIFS(INDEX(Product!$B$2:$U$97, MATCH(E17, Product!$B$2:$B$97, 0), ), Product!$B$2:$U$2, $B27, Product!$B$3:$U$3, $C27) -> 30 | F27: =SUMIFS(INDEX(Product!$B$2:$U$97, MATCH(F17, Product!$B$2:$B$97, 0), ), Product!$B$2:$U$2, $B27, Product!$B$3:$U$3, $C27) -> 6 | G27: =SUM(H27:DZ27) -> 30 | I27: =IF(I$2>$D27, MIN(IFERROR($E27/$F27, 0), $E27-SUM($H27:H27)), 0) -> 0 | J27: =IF(J$2>$D27, MIN(IFERROR($E27/$F27, 0), $E27-SUM($H27:I27)), 0) -> 0 | K27: =IF(K$2>$D27, MIN(IFERROR($E27/$F27, 0), $E27-SUM($H27:J27)), 0) -> 0 | L27: =IF(L$2>$D27, MIN(IFERROR($E27/$F27, 0), $E27-SUM($H27:K27)), 0) -> 0 | M27: =IF(M$2>$D27, MIN(IFERROR($E27/$F27, 0), $E27-SUM($H27:L27)), 0) -> 0 | N27: =IF(N$2>$D27, MIN(IFERROR($E27/$F27, 0), $E27-SUM($H27:M27)), 0) -> 0 | O27: =IF(O$2>$D27, MIN(IFERROR($E27/$F27, 0), $E27-SUM($H27:N27)), 0) -> 0 | P27: =IF(P$2>$D27, MIN(IFERROR($E27/$F27, 0), $E27-SUM($H27:O27)), 0) -> 0 | ... DY27: =IF(DY$2>$D27, MIN(IFERROR($E27/$F27, 0), $E27-SUM($H27:DX27)), 0) -> 0
B28: =Product!$K$2 -> Phase 3 | C28: =Product!$K$3 -> 60' Wide | D28: =SUMIFS(INDEX(Product!$B$2:$U$97, MATCH(D17, Product!$B$2:$B$97, 0), ), Product!$B$2:$U$2, $B28, Product!$B$3:$U$3, $C28) -> 45322 | E28: =SUMIFS(INDEX(Product!$B$2:$U$97, MATCH(E17, Product!$B$2:$B$97, 0), ), Product!$B$2:$U$2, $B28, Product!$B$3:$U$3, $C28) -> 30 | F28: =SUMIFS(INDEX(Product!$B$2:$U$97, MATCH(F17, Product!$B$2:$B$97, 0), ), Product!$B$2:$U$2, $B28, Product!$B$3:$U$3, $C28) -> 6 | G28: =SUM(H28:DZ28) -> 30 | I28: =IF(I$2>$D28, MIN(IFERROR($E28/$F28, 0), $E28-SUM($H28:H28)), 0) -> 0 | J28: =IF(J$2>$D28, MIN(IFERROR($E28/$F28, 0), $E28-SUM($H28:I28)), 0) -> 0 | K28: =IF(K$2>$D28, MIN(IFERROR($E28/$F28, 0), $E28-SUM($H28:J28)), 0) -> 0 | L28: =IF(L$2>$D28, MIN(IFERROR($E28/$F28, 0), $E28-SUM($H28:K28)), 0) -> 0 | M28: =IF(M$2>$D28, MIN(IFERROR($E28/$F28, 0), $E28-SUM($H28:L28)), 0) -> 0 | N28: =IF(N$2>$D28, MIN(IFERROR($E28/$F28, 0), $E28-SUM($H28:M28)), 0) -> 0 | O28: =IF(O$2>$D28, MIN(IFERROR($E28/$F28, 0), $E28-SUM($H28:N28)), 0) -> 0 | P28: =IF(P$2>$D28, MIN(IFERROR($E28/$F28, 0), $E28-SUM($H28:O28)), 0) -> 0 | ... DY28: =IF(DY$2>$D28, MIN(IFERROR($E28/$F28, 0), $E28-SUM($H28:DX28)), 0) -> 0
B29: =Product!$L$2 -> Phase 3 | C29: =Product!$L$3 -> 75' Wide | D29: =SUMIFS(INDEX(Product!$B$2:$U$97, MATCH(D17, Product!$B$2:$B$97, 0), ), Product!$B$2:$U$2, $B29, Product!$B$3:$U$3, $C29) -> 45322 | E29: =SUMIFS(INDEX(Product!$B$2:$U$97, MATCH(E17, Product!$B$2:$B$97, 0), ), Product!$B$2:$U$2, $B29, Product!$B$3:$U$3, $C29) -> 20 | F29: =SUMIFS(INDEX(Product!$B$2:$U$97, MATCH(F17, Product!$B$2:$B$97, 0), ), Product!$B$2:$U$2, $B29, Product!$B$3:$U$3, $C29) -> 6 | G29: =SUM(H29:DZ29) -> 20 | I29: =IF(I$2>$D29, MIN(IFERROR($E29/$F29, 0), $E29-SUM($H29:H29)), 0) -> 0 | J29: =IF(J$2>$D29, MIN(IFERROR($E29/$F29, 0), $E29-SUM($H29:I29)), 0) -> 0 | K29: =IF(K$2>$D29, MIN(IFERROR($E29/$F29, 0), $E29-SUM($H29:J29)), 0) -> 0 | L29: =IF(L$2>$D29, MIN(IFERROR($E29/$F29, 0), $E29-SUM($H29:K29)), 0) -> 0 | M29: =IF(M$2>$D29, MIN(IFERROR($E29/$F29, 0), $E29-SUM($H29:L29)), 0) -> 0 | N29: =IF(N$2>$D29, MIN(IFERROR($E29/$F29, 0), $E29-SUM($H29:M29)), 0) -> 0 | O29: =IF(O$2>$D29, MIN(IFERROR($E29/$F29, 0), $E29-SUM($H29:N29)), 0) -> 0 | P29: =IF(P$2>$D29, MIN(IFERROR($E29/$F29, 0), $E29-SUM($H29:O29)), 0) -> 0 | ... DY29: =IF(DY$2>$D29, MIN(IFERROR($E29/$F29, 0), $E29-SUM($H29:DX29)), 0) -> 0
B31: =Product!$M$2 -> Phase 4 | C31: =Product!$M$3 -> 50' Wide | D31: =SUMIFS(INDEX(Product!$B$2:$U$97, MATCH(D17, Product!$B$2:$B$97, 0), ), Product!$B$2:$U$2, $B31, Product!$B$3:$U$3, $C31) -> 45688 | E31: =SUMIFS(INDEX(Product!$B$2:$U$97, MATCH(E17, Product!$B$2:$B$97, 0), ), Product!$B$2:$U$2, $B31, Product!$B$3:$U$3, $C31) -> 30 | F31: =SUMIFS(INDEX(Product!$B$2:$U$97, MATCH(F17, Product!$B$2:$B$97, 0), ), Product!$B$2:$U$2, $B31, Product!$B$3:$U$3, $C31) -> 6 | G31: =SUM(H31:DZ31) -> 30 | I31: =IF(I$2>$D31, MIN(IFERROR($E31/$F31, 0), $E31-SUM($H31:H31)), 0) -> 0 | J31: =IF(J$2>$D31, MIN(IFERROR($E31/$F31, 0), $E31-SUM($H31:I31)), 0) -> 0 | K31: =IF(K$2>$D31, MIN(IFERROR($E31/$F31, 0), $E31-SUM($H31:J31)), 0) -> 0 | L31: =IF(L$2>$D31, MIN(IFERROR($E31/$F31, 0), $E31-SUM($H31:K31)), 0) -> 0 | M31: =IF(M$2>$D31, MIN(IFERROR($E31/$F31, 0), $E31-SUM($H31:L31)), 0) -> 0 | N31: =IF(N$2>$D31, MIN(IFERROR($E31/$F31, 0), $E31-SUM($H31:M31)), 0) -> 0 | O31: =IF(O$2>$D31, MIN(IFERROR($E31/$F31, 0), $E31-SUM($H31:N31)), 0) -> 0 | P31: =IF(P$2>$D31, MIN(IFERROR($E31/$F31, 0), $E31-SUM($H31:O31)), 0) -> 0 | ... DY31: =IF(DY$2>$D31, MIN(IFERROR($E31/$F31, 0), $E31-SUM($H31:DX31)), 0) -> 0
B32: =Product!$N$2 -> Phase 4 | C32: =Product!$N$3 -> 60' Wide | D32: =SUMIFS(INDEX(Product!$B$2:$U$97, MATCH(D17, Product!$B$2:$B$97, 0), ), Product!$B$2:$U$2, $B32, Product!$B$3:$U$3, $C32) -> 45688 | E32: =SUMIFS(INDEX(Product!$B$2:$U$97, MATCH(E17, Product!$B$2:$B$97, 0), ), Product!$B$2:$U$2, $B32, Product!$B$3:$U$3, $C32) -> 30 | F32: =SUMIFS(INDEX(Product!$B$2:$U$97, MATCH(F17, Product!$B$2:$B$97, 0), ), Product!$B$2:$U$2, $B32, Product!$B$3:$U$3, $C32) -> 6 | G32: =SUM(H32:DZ32) -> 30 | I32: =IF(I$2>$D32, MIN(IFERROR($E32/$F32, 0), $E32-SUM($H32:H32)), 0) -> 0 | J32: =IF(J$2>$D32, MIN(IFERROR($E32/$F32, 0), $E32-SUM($H32:I32)), 0) -> 0 | K32: =IF(K$2>$D32, MIN(IFERROR($E32/$F32, 0), $E32-SUM($H32:J32)), 0) -> 0 | L32: =IF(L$2>$D32, MIN(IFERROR($E32/$F32, 0), $E32-SUM($H32:K32)), 0) -> 0 | M32: =IF(M$2>$D32, MIN(IFERROR($E32/$F32, 0), $E32-SUM($H32:L32)), 0) -> 0 | N32: =IF(N$2>$D32, MIN(IFERROR($E32/$F32, 0), $E32-SUM($H32:M32)), 0) -> 0 | O32: =IF(O$2>$D32, MIN(IFERROR($E32/$F32, 0), $E32-SUM($H32:N32)), 0) -> 0 | P32: =IF(P$2>$D32, MIN(IFERROR($E32/$F32, 0), $E32-SUM($H32:O32)), 0) -> 0 | ... DY32: =IF(DY$2>$D32, MIN(IFERROR($E32/$F32, 0), $E32-SUM($H32:DX32)), 0) -> 0
B33: =Product!$O$2 -> Phase 4 | C33: =Product!$O$3 -> 75' Wide | D33: =SUMIFS(INDEX(Product!$B$2:$U$97, MATCH(D17, Product!$B$2:$B$97, 0), ), Product!$B$2:$U$2, $B33, Product!$B$3:$U$3, $C33) -> 45688 | E33: =SUMIFS(INDEX(Product!$B$2:$U$97, MATCH(E17, Product!$B$2:$B$97, 0), ), Product!$B$2:$U$2, $B33, Product!$B$3:$U$3, $C33) -> 20 | F33: =SUMIFS(INDEX(Product!$B$2:$U$97, MATCH(F17, Product!$B$2:$B$97, 0), ), Product!$B$2:$U$2, $B33, Product!$B$3:$U$3, $C33) -> 6 | G33: =SUM(H33:DZ33) -> 20 | I33: =IF(I$2>$D33, MIN(IFERROR($E33/$F33, 0), $E33-SUM($H33:H33)), 0) -> 0 | J33: =IF(J$2>$D33, MIN(IFERROR($E33/$F33, 0), $E33-SUM($H33:I33)), 0) -> 0 | K33: =IF(K$2>$D33, MIN(IFERROR($E33/$F33, 0), $E33-SUM($H33:J33)), 0) -> 0 | L33: =IF(L$2>$D33, MIN(IFERROR($E33/$F33, 0), $E33-SUM($H33:K33)), 0) -> 0 | M33: =IF(M$2>$D33, MIN(IFERROR($E33/$F33, 0), $E33-SUM($H33:L33)), 0) -> 0 | N33: =IF(N$2>$D33, MIN(IFERROR($E33/$F33, 0), $E33-SUM($H33:M33)), 0) -> 0 | O33: =IF(O$2>$D33, MIN(IFERROR($E33/$F33, 0), $E33-SUM($H33:N33)), 0) -> 0 | P33: =IF(P$2>$D33, MIN(IFERROR($E33/$F33, 0), $E33-SUM($H33:O33)), 0) -> 0 | ... DY33: =IF(DY$2>$D33, MIN(IFERROR($E33/$F33, 0), $E33-SUM($H33:DX33)), 0) -> 0
B35: =Product!$P$2 -> Phase 5 | C35: =Product!$P$3 -> 50' Wide | D35: =SUMIFS(INDEX(Product!$B$2:$U$97, MATCH(D17, Product!$B$2:$B$97, 0), ), Product!$B$2:$U$2, $B35, Product!$B$3:$U$3, $C35) -> 46053 | E35: =SUMIFS(INDEX(Product!$B$2:$U$97, MATCH(E17, Product!$B$2:$B$97, 0), ), Product!$B$2:$U$2, $B35, Product!$B$3:$U$3, $C35) -> 30 | F35: =SUMIFS(INDEX(Product!$B$2:$U$97, MATCH(F17, Product!$B$2:$B$97, 0), ), Product!$B$2:$U$2, $B35, Product!$B$3:$U$3, $C35) -> 6 | G35: =SUM(H35:DZ35) -> 30 | I35: =IF(I$2>$D35, MIN(IFERROR($E35/$F35, 0), $E35-SUM($H35:H35)), 0) -> 0 | J35: =IF(J$2>$D35, MIN(IFERROR($E35/$F35, 0), $E35-SUM($H35:I35)), 0) -> 0 | K35: =IF(K$2>$D35, MIN(IFERROR($E35/$F35, 0), $E35-SUM($H35:J35)), 0) -> 0 | L35: =IF(L$2>$D35, MIN(IFERROR($E35/$F35, 0), $E35-SUM($H35:K35)), 0) -> 0 | M35: =IF(M$2>$D35, MIN(IFERROR($E35/$F35, 0), $E35-SUM($H35:L35)), 0) -> 0 | N35: =IF(N$2>$D35, MIN(IFERROR($E35/$F35, 0), $E35-SUM($H35:M35)), 0) -> 0 | O35: =IF(O$2>$D35, MIN(IFERROR($E35/$F35, 0), $E35-SUM($H35:N35)), 0) -> 0 | P35: =IF(P$2>$D35, MIN(IFERROR($E35/$F35, 0), $E35-SUM($H35:O35)), 0) -> 0 | ... DY35: =IF(DY$2>$D35, MIN(IFERROR($E35/$F35, 0), $E35-SUM($H35:DX35)), 0) -> 0
B36: =Product!$Q$2 -> Phase 5 | C36: =Product!$Q$3 -> 60' Wide | D36: =SUMIFS(INDEX(Product!$B$2:$U$97, MATCH(D17, Product!$B$2:$B$97, 0), ), Product!$B$2:$U$2, $B36, Product!$B$3:$U$3, $C36) -> 46053 | E36: =SUMIFS(INDEX(Product!$B$2:$U$97, MATCH(E17, Product!$B$2:$B$97, 0), ), Product!$B$2:$U$2, $B36, Product!$B$3:$U$3, $C36) -> 30 | F36: =SUMIFS(INDEX(Product!$B$2:$U$97, MATCH(F17, Product!$B$2:$B$97, 0), ), Product!$B$2:$U$2, $B36, Product!$B$3:$U$3, $C36) -> 6 | G36: =SUM(H36:DZ36) -> 30 | I36: =IF(I$2>$D36, MIN(IFERROR($E36/$F36, 0), $E36-SUM($H36:H36)), 0) -> 0 | J36: =IF(J$2>$D36, MIN(IFERROR($E36/$F36, 0), $E36-SUM($H36:I36)), 0) -> 0 | K36: =IF(K$2>$D36, MIN(IFERROR($E36/$F36, 0), $E36-SUM($H36:J36)), 0) -> 0 | L36: =IF(L$2>$D36, MIN(IFERROR($E36/$F36, 0), $E36-SUM($H36:K36)), 0) -> 0 | M36: =IF(M$2>$D36, MIN(IFERROR($E36/$F36, 0), $E36-SUM($H36:L36)), 0) -> 0 | N36: =IF(N$2>$D36, MIN(IFERROR($E36/$F36, 0), $E36-SUM($H36:M36)), 0) -> 0 | O36: =IF(O$2>$D36, MIN(IFERROR($E36/$F36, 0), $E36-SUM($H36:N36)), 0) -> 0 | P36: =IF(P$2>$D36, MIN(IFERROR($E36/$F36, 0), $E36-SUM($H36:O36)), 0) -> 0 | ... DY36: =IF(DY$2>$D36, MIN(IFERROR($E36/$F36, 0), $E36-SUM($H36:DX36)), 0) -> 0
B37: =Product!$R$2 -> Phase 5 | C37: =Product!$R$3 -> 75' Wide | D37: =SUMIFS(INDEX(Product!$B$2:$U$97, MATCH(D17, Product!$B$2:$B$97, 0), ), Product!$B$2:$U$2, $B37, Product!$B$3:$U$3, $C37) -> 46053 | E37: =SUMIFS(INDEX(Product!$B$2:$U$97, MATCH(E17, Product!$B$2:$B$97, 0), ), Product!$B$2:$U$2, $B37, Product!$B$3:$U$3, $C37) -> 20 | F37: =SUMIFS(INDEX(Product!$B$2:$U$97, MATCH(F17, Product!$B$2:$B$97, 0), ), Product!$B$2:$U$2, $B37, Product!$B$3:$U$3, $C37) -> 6 | G37: =SUM(H37:DZ37) -> 20 | I37: =IF(I$2>$D37, MIN(IFERROR($E37/$F37, 0), $E37-SUM($H37:H37)), 0) -> 0 | J37: =IF(J$2>$D37, MIN(IFERROR($E37/$F37, 0), $E37-SUM($H37:I37)), 0) -> 0 | K37: =IF(K$2>$D37, MIN(IFERROR($E37/$F37, 0), $E37-SUM($H37:J37)), 0) -> 0 | L37: =IF(L$2>$D37, MIN(IFERROR($E37/$F37, 0), $E37-SUM($H37:K37)), 0) -> 0 | M37: =IF(M$2>$D37, MIN(IFERROR($E37/$F37, 0), $E37-SUM($H37:L37)), 0) -> 0 | N37: =IF(N$2>$D37, MIN(IFERROR($E37/$F37, 0), $E37-SUM($H37:M37)), 0) -> 0 | O37: =IF(O$2>$D37, MIN(IFERROR($E37/$F37, 0), $E37-SUM($H37:N37)), 0) -> 0 | P37: =IF(P$2>$D37, MIN(IFERROR($E37/$F37, 0), $E37-SUM($H37:O37)), 0) -> 0 | ... DY37: =IF(DY$2>$D37, MIN(IFERROR($E37/$F37, 0), $E37-SUM($H37:DX37)), 0) -> 0
B39: TOTAL | G39: =SUM(G17:G38) -> 400 | I39: =SUM(I17:I38) -> 0 | J39: =SUM(J17:J38) -> 0 | K39: =SUM(K17:K38) -> 13.333333 | L39: =SUM(L17:L38) -> 13.333333 | M39: =SUM(M17:M38) -> 13.333333 | N39: =SUM(N17:N38) -> 13.333333 | O39: =SUM(O17:O38) -> 13.333333 | P39: =SUM(P17:P38) -> 13.333333 | ... DY39: =SUM(DY17:DY38) -> 0
A41: Cuml. Lot Development
B43: =Product!$D$2 -> Phase 1 | C43: =Product!$D$3 -> 50' Wide | G43: =SUM(H43:DZ43) -> 3495 | I43: =H43+I19 -> 0 | J43: =I43+J19 -> 0 | K43: =J43+K19 -> 5 | L43: =K43+L19 -> 10 | M43: =L43+M19 -> 15 | N43: =M43+N19 -> 20 | O43: =N43+O19 -> 25 | P43: =O43+P19 -> 30 | ... DY43: =DX43+DY19 -> 30
B44: =Product!$E$2 -> Phase 1 | C44: =Product!$E$3 -> 60' Wide | G44: =SUM(H44:DZ44) -> 3495 | I44: =H44+I20 -> 0 | J44: =I44+J20 -> 0 | K44: =J44+K20 -> 5 | L44: =K44+L20 -> 10 | M44: =L44+M20 -> 15 | N44: =M44+N20 -> 20 | O44: =N44+O20 -> 25 | P44: =O44+P20 -> 30 | ... DY44: =DX44+DY20 -> 30
B45: =Product!$F$2 -> Phase 1 | C45: =Product!$F$3 -> 75' Wide | G45: =SUM(H45:DZ45) -> 2330 | I45: =H45+I21 -> 0 | J45: =I45+J21 -> 0 | K45: =J45+K21 -> 3.3333333 | L45: =K45+L21 -> 6.6666667 | M45: =L45+M21 -> 10 | N45: =M45+N21 -> 13.333333 | O45: =N45+O21 -> 16.666667 | P45: =O45+P21 -> 20 | ... DY45: =DX45+DY21 -> 20
B47: =Product!$G$2 -> Phase 2 | C47: =Product!$G$3 -> 50' Wide | G47: =SUM(H47:DZ47) -> 3135 | I47: =H47+I23 -> 0 | J47: =I47+J23 -> 0 | K47: =J47+K23 -> 0 | L47: =K47+L23 -> 0 | M47: =L47+M23 -> 0 | N47: =M47+N23 -> 0 | O47: =N47+O23 -> 0 | P47: =O47+P23 -> 0 | ... DY47: =DX47+DY23 -> 30
B48: =Product!$H$2 -> Phase 2 | C48: =Product!$H$3 -> 60' Wide | G48: =SUM(H48:DZ48) -> 3135 | I48: =H48+I24 -> 0 | J48: =I48+J24 -> 0 | K48: =J48+K24 -> 0 | L48: =K48+L24 -> 0 | M48: =L48+M24 -> 0 | N48: =M48+N24 -> 0 | O48: =N48+O24 -> 0 | P48: =O48+P24 -> 0 | ... DY48: =DX48+DY24 -> 30
B49: =Product!$I$2 -> Phase 2 | C49: =Product!$I$3 -> 75' Wide | G49: =SUM(H49:DZ49) -> 2090 | I49: =H49+I25 -> 0 | J49: =I49+J25 -> 0 | K49: =J49+K25 -> 0 | L49: =K49+L25 -> 0 | M49: =L49+M25 -> 0 | N49: =M49+N25 -> 0 | O49: =N49+O25 -> 0 | P49: =O49+P25 -> 0 | ... DY49: =DX49+DY25 -> 20
B51: =Product!$J$2 -> Phase 3 | C51: =Product!$J$3 -> 50' Wide | G51: =SUM(H51:DZ51) -> 2775 | I51: =H51+I27 -> 0 | J51: =I51+J27 -> 0 | K51: =J51+K27 -> 0 | L51: =K51+L27 -> 0 | M51: =L51+M27 -> 0 | N51: =M51+N27 -> 0 | O51: =N51+O27 -> 0 | P51: =O51+P27 -> 0 | ... DY51: =DX51+DY27 -> 30
B52: =Product!$K$2 -> Phase 3 | C52: =Product!$K$3 -> 60' Wide | G52: =SUM(H52:DZ52) -> 2775 | I52: =H52+I28 -> 0 | J52: =I52+J28 -> 0 | K52: =J52+K28 -> 0 | L52: =K52+L28 -> 0 | M52: =L52+M28 -> 0 | N52: =M52+N28 -> 0 | O52: =N52+O28 -> 0 | P52: =O52+P28 -> 0 | ... DY52: =DX52+DY28 -> 30
B53: =Product!$L$2 -> Phase 3 | C53: =Product!$L$3 -> 75' Wide | G53: =SUM(H53:DZ53) -> 1850 | I53: =H53+I29 -> 0 | J53: =I53+J29 -> 0 | K53: =J53+K29 -> 0 | L53: =K53+L29 -> 0 | M53: =L53+M29 -> 0 | N53: =M53+N29 -> 0 | O53: =N53+O29 -> 0 | P53: =O53+P29 -> 0 | ... DY53: =DX53+DY29 -> 20
B55: =Product!$M$2 -> Phase 4 | C55: =Product!$M$3 -> 50' Wide | G55: =SUM(H55:DZ55) -> 2415 | I55: =H55+I31 -> 0 | J55: =I55+J31 -> 0 | K55: =J55+K31 -> 0 | L55: =K55+L31 -> 0 | M55: =L55+M31 -> 0 | N55: =M55+N31 -> 0 | O55: =N55+O31 -> 0 | P55: =O55+P31 -> 0 | ... DY55: =DX55+DY31 -> 30
B56: =Product!$N$2 -> Phase 4 | C56: =Product!$N$3 -> 60' Wide | G56: =SUM(H56:DZ56) -> 2415 | I56: =H56+I32 -> 0 | J56: =I56+J32 -> 0 | K56: =J56+K32 -> 0 | L56: =K56+L32 -> 0 | M56: =L56+M32 -> 0 | N56: =M56+N32 -> 0 | O56: =N56+O32 -> 0 | P56: =O56+P32 -> 0 | ... DY56: =DX56+DY32 -> 30
B57: =Product!$O$2 -> Phase 4 | C57: =Product!$O$3 -> 75' Wide | G57: =SUM(H57:DZ57) -> 1610 | I57: =H57+I33 -> 0 | J57: =I57+J33 -> 0 | K57: =J57+K33 -> 0 | L57: =K57+L33 -> 0 | M57: =L57+M33 -> 0 | N57: =M57+N33 -> 0 | O57: =N57+O33 -> 0 | P57: =O57+P33 -> 0 | ... DY57: =DX57+DY33 -> 20
B59: =Product!$P$2 -> Phase 5 | C59: =Product!$P$3 -> 50' Wide | G59: =SUM(H59:DZ59) -> 2055 | I59: =H59+I35 -> 0 | J59: =I59+J35 -> 0 | K59: =J59+K35 -> 0 | L59: =K59+L35 -> 0 | M59: =L59+M35 -> 0 | N59: =M59+N35 -> 0 | O59: =N59+O35 -> 0 | P59: =O59+P35 -> 0 | ... DY59: =DX59+DY35 -> 30
B60: =Product!$Q$2 -> Phase 5 | C60: =Product!$Q$3 -> 60' Wide | G60: =SUM(H60:DZ60) -> 2055 | I60: =H60+I36 -> 0 | J60: =I60+J36 -> 0 | K60: =J60+K36 -> 0 | L60: =K60+L36 -> 0 | M60: =L60+M36 -> 0 | N60: =M60+N36 -> 0 | O60: =N60+O36 -> 0 | P60: =O60+P36 -> 0 | ... DY60: =DX60+DY36 -> 30
B61: =Product!$R$2 -> Phase 5 | C61: =Product!$R$3 -> 75' Wide | G61: =SUM(H61:DZ61) -> 1370 | I61: =H61+I37 -> 0 | J61: =I61+J37 -> 0 | K61: =J61+K37 -> 0 | L61: =K61+L37 -> 0 | M61: =L61+M37 -> 0 | N61: =M61+N37 -> 0 | O61: =N61+O37 -> 0 | P61: =O61+P37 -> 0 | ... DY61: =DX61+DY37 -> 20
B63: TOTAL | G63: =SUM(G41:G62) -> 37000 | I63: =SUM(I41:I62) -> 0 | J63: =SUM(J41:J62) -> 0 | K63: =SUM(K41:K62) -> 13.333333 | L63: =SUM(L41:L62) -> 26.666667 | M63: =SUM(M41:M62) -> 40 | N63: =SUM(N41:N62) -> 53.333333 | O63: =SUM(O41:O62) -> 66.666667 | P63: =SUM(P41:P62) -> 80 | ... DY63: =SUM(DY41:DY62) -> 400
A65: Home Construction | D65: =Product!$B$86 -> Vertical Start Date | E65: =Product!$B$5 -> # Units (Total) | F65: =Product!$B$67 -> Vertical Duration (Months)
B67: =Product!$D$2 -> Phase 1 | C67: =Product!$D$3 -> 50' Wide | D67: =SUMIFS(INDEX(Product!$B$2:$U$97, MATCH(D65, Product!$B$2:$B$97, 0), ), Product!$B$2:$U$2, $B67, Product!$B$3:$U$3, $C67) -> 44773 | E67: =SUMIFS(INDEX(Product!$B$2:$U$97, MATCH(E65, Product!$B$2:$B$97, 0), ), Product!$B$2:$U$2, $B67, Product!$B$3:$U$3, $C67) -> 30 | F67: =SUMIFS(INDEX(Product!$B$2:$U$97, MATCH(F65, Product!$B$2:$B$97, 0), ), Product!$B$2:$U$2, $B67, Product!$B$3:$U$3, $C67) -> 6 | G67: =SUM(H67:DZ67) -> 30 | I67: =IF(I$2>$D67, MIN(IFERROR($E67/$F67, 0), $E67-SUM($H67:H67)), 0) -> 0 | J67: =IF(J$2>$D67, MIN(IFERROR($E67/$F67, 0), $E67-SUM($H67:I67)), 0) -> 0 | K67: =IF(K$2>$D67, MIN(IFERROR($E67/$F67, 0), $E67-SUM($H67:J67)), 0) -> 0 | L67: =IF(L$2>$D67, MIN(IFERROR($E67/$F67, 0), $E67-SUM($H67:K67)), 0) -> 0 | M67: =IF(M$2>$D67, MIN(IFERROR($E67/$F67, 0), $E67-SUM($H67:L67)), 0) -> 0 | N67: =IF(N$2>$D67, MIN(IFERROR($E67/$F67, 0), $E67-SUM($H67:M67)), 0) -> 0 | O67: =IF(O$2>$D67, MIN(IFERROR($E67/$F67, 0), $E67-SUM($H67:N67)), 0) -> 0 | P67: =IF(P$2>$D67, MIN(IFERROR($E67/$F67, 0), $E67-SUM($H67:O67)), 0) -> 0 | ... DY67: =IF(DY$2>$D67, MIN(IFERROR($E67/$F67, 0), $E67-SUM($H67:DX67)), 0) -> 0
B68: =Product!$E$2 -> Phase 1 | C68: =Product!$E$3 -> 60' Wide | D68: =SUMIFS(INDEX(Product!$B$2:$U$97, MATCH(D65, Product!$B$2:$B$97, 0), ), Product!$B$2:$U$2, $B68, Product!$B$3:$U$3, $C68) -> 44773 | E68: =SUMIFS(INDEX(Product!$B$2:$U$97, MATCH(E65, Product!$B$2:$B$97, 0), ), Product!$B$2:$U$2, $B68, Product!$B$3:$U$3, $C68) -> 30 | F68: =SUMIFS(INDEX(Product!$B$2:$U$97, MATCH(F65, Product!$B$2:$B$97, 0), ), Product!$B$2:$U$2, $B68, Product!$B$3:$U$3, $C68) -> 6 | G68: =SUM(H68:DZ68) -> 30 | I68: =IF(I$2>$D68, MIN(IFERROR($E68/$F68, 0), $E68-SUM($H68:H68)), 0) -> 0 | J68: =IF(J$2>$D68, MIN(IFERROR($E68/$F68, 0), $E68-SUM($H68:I68)), 0) -> 0 | K68: =IF(K$2>$D68, MIN(IFERROR($E68/$F68, 0), $E68-SUM($H68:J68)), 0) -> 0 | L68: =IF(L$2>$D68, MIN(IFERROR($E68/$F68, 0), $E68-SUM($H68:K68)), 0) -> 0 | M68: =IF(M$2>$D68, MIN(IFERROR($E68/$F68, 0), $E68-SUM($H68:L68)), 0) -> 0 | N68: =IF(N$2>$D68, MIN(IFERROR($E68/$F68, 0), $E68-SUM($H68:M68)), 0) -> 0 | O68: =IF(O$2>$D68, MIN(IFERROR($E68/$F68, 0), $E68-SUM($H68:N68)), 0) -> 0 | P68: =IF(P$2>$D68, MIN(IFERROR($E68/$F68, 0), $E68-SUM($H68:O68)), 0) -> 0 | ... DY68: =IF(DY$2>$D68, MIN(IFERROR($E68/$F68, 0), $E68-SUM($H68:DX68)), 0) -> 0
B69: =Product!$F$2 -> Phase 1 | C69: =Product!$F$3 -> 75' Wide | D69: =SUMIFS(INDEX(Product!$B$2:$U$97, MATCH(D65, Product!$B$2:$B$97, 0), ), Product!$B$2:$U$2, $B69, Product!$B$3:$U$3, $C69) -> 44773 | E69: =SUMIFS(INDEX(Product!$B$2:$U$97, MATCH(E65, Product!$B$2:$B$97, 0), ), Product!$B$2:$U$2, $B69, Product!$B$3:$U$3, $C69) -> 20 | F69: =SUMIFS(INDEX(Product!$B$2:$U$97, MATCH(F65, Product!$B$2:$B$97, 0), ), Product!$B$2:$U$2, $B69, Product!$B$3:$U$3, $C69) -> 6 | G69: =SUM(H69:DZ69) -> 20 | I69: =IF(I$2>$D69, MIN(IFERROR($E69/$F69, 0), $E69-SUM($H69:H69)), 0) -> 0 | J69: =IF(J$2>$D69, MIN(IFERROR($E69/$F69, 0), $E69-SUM($H69:I69)), 0) -> 0 | K69: =IF(K$2>$D69, MIN(IFERROR($E69/$F69, 0), $E69-SUM($H69:J69)), 0) -> 0 | L69: =IF(L$2>$D69, MIN(IFERROR($E69/$F69, 0), $E69-SUM($H69:K69)), 0) -> 0 | M69: =IF(M$2>$D69, MIN(IFERROR($E69/$F69, 0), $E69-SUM($H69:L69)), 0) -> 0 | N69: =IF(N$2>$D69, MIN(IFERROR($E69/$F69, 0), $E69-SUM($H69:M69)), 0) -> 0 | O69: =IF(O$2>$D69, MIN(IFERROR($E69/$F69, 0), $E69-SUM($H69:N69)), 0) -> 0 | P69: =IF(P$2>$D69, MIN(IFERROR($E69/$F69, 0), $E69-SUM($H69:O69)), 0) -> 0 | ... DY69: =IF(DY$2>$D69, MIN(IFERROR($E69/$F69, 0), $E69-SUM($H69:DX69)), 0) -> 0
B71: =Product!$G$2 -> Phase 2 | C71: =Product!$G$3 -> 50' Wide | D71: =SUMIFS(INDEX(Product!$B$2:$U$97, MATCH(D65, Product!$B$2:$B$97, 0), ), Product!$B$2:$U$2, $B71, Product!$B$3:$U$3, $C71) -> 45138 | E71: =SUMIFS(INDEX(Product!$B$2:$U$97, MATCH(E65, Product!$B$2:$B$97, 0), ), Product!$B$2:$U$2, $B71, Product!$B$3:$U$3, $C71) -> 30 | F71: =SUMIFS(INDEX(Product!$B$2:$U$97, MATCH(F65, Product!$B$2:$B$97, 0), ), Product!$B$2:$U$2, $B71, Product!$B$3:$U$3, $C71) -> 6 | G71: =SUM(H71:DZ71) -> 30 | I71: =IF(I$2>$D71, MIN(IFERROR($E71/$F71, 0), $E71-SUM($H71:H71)), 0) -> 0 | J71: =IF(J$2>$D71, MIN(IFERROR($E71/$F71, 0), $E71-SUM($H71:I71)), 0) -> 0 | K71: =IF(K$2>$D71, MIN(IFERROR($E71/$F71, 0), $E71-SUM($H71:J71)), 0) -> 0 | L71: =IF(L$2>$D71, MIN(IFERROR($E71/$F71, 0), $E71-SUM($H71:K71)), 0) -> 0 | M71: =IF(M$2>$D71, MIN(IFERROR($E71/$F71, 0), $E71-SUM($H71:L71)), 0) -> 0 | N71: =IF(N$2>$D71, MIN(IFERROR($E71/$F71, 0), $E71-SUM($H71:M71)), 0) -> 0 | O71: =IF(O$2>$D71, MIN(IFERROR($E71/$F71, 0), $E71-SUM($H71:N71)), 0) -> 0 | P71: =IF(P$2>$D71, MIN(IFERROR($E71/$F71, 0), $E71-SUM($H71:O71)), 0) -> 0 | ... DY71: =IF(DY$2>$D71, MIN(IFERROR($E71/$F71, 0), $E71-SUM($H71:DX71)), 0) -> 0
B72: =Product!$H$2 -> Phase 2 | C72: =Product!$H$3 -> 60' Wide | D72: =SUMIFS(INDEX(Product!$B$2:$U$97, MATCH(D65, Product!$B$2:$B$97, 0), ), Product!$B$2:$U$2, $B72, Product!$B$3:$U$3, $C72) -> 45138 | E72: =SUMIFS(INDEX(Product!$B$2:$U$97, MATCH(E65, Product!$B$2:$B$97, 0), ), Product!$B$2:$U$2, $B72, Product!$B$3:$U$3, $C72) -> 30 | F72: =SUMIFS(INDEX(Product!$B$2:$U$97, MATCH(F65, Product!$B$2:$B$97, 0), ), Product!$B$2:$U$2, $B72, Product!$B$3:$U$3, $C72) -> 6 | G72: =SUM(H72:DZ72) -> 30 | I72: =IF(I$2>$D72, MIN(IFERROR($E72/$F72, 0), $E72-SUM($H72:H72)), 0) -> 0 | J72: =IF(J$2>$D72, MIN(IFERROR($E72/$F72, 0), $E72-SUM($H72:I72)), 0) -> 0 | K72: =IF(K$2>$D72, MIN(IFERROR($E72/$F72, 0), $E72-SUM($H72:J72)), 0) -> 0 | L72: =IF(L$2>$D72, MIN(IFERROR($E72/$F72, 0), $E72-SUM($H72:K72)), 0) -> 0 | M72: =IF(M$2>$D72, MIN(IFERROR($E72/$F72, 0), $E72-SUM($H72:L72)), 0) -> 0 | N72: =IF(N$2>$D72, MIN(IFERROR($E72/$F72, 0), $E72-SUM($H72:M72)), 0) -> 0 | O72: =IF(O$2>$D72, MIN(IFERROR($E72/$F72, 0), $E72-SUM($H72:N72)), 0) -> 0 | P72: =IF(P$2>$D72, MIN(IFERROR($E72/$F72, 0), $E72-SUM($H72:O72)), 0) -> 0 | ... DY72: =IF(DY$2>$D72, MIN(IFERROR($E72/$F72, 0), $E72-SUM($H72:DX72)), 0) -> 0
B73: =Product!$I$2 -> Phase 2 | C73: =Product!$I$3 -> 75' Wide | D73: =SUMIFS(INDEX(Product!$B$2:$U$97, MATCH(D65, Product!$B$2:$B$97, 0), ), Product!$B$2:$U$2, $B73, Product!$B$3:$U$3, $C73) -> 45138 | E73: =SUMIFS(INDEX(Product!$B$2:$U$97, MATCH(E65, Product!$B$2:$B$97, 0), ), Product!$B$2:$U$2, $B73, Product!$B$3:$U$3, $C73) -> 20 | F73: =SUMIFS(INDEX(Product!$B$2:$U$97, MATCH(F65, Product!$B$2:$B$97, 0), ), Product!$B$2:$U$2, $B73, Product!$B$3:$U$3, $C73) -> 6 | G73: =SUM(H73:DZ73) -> 20 | I73: =IF(I$2>$D73, MIN(IFERROR($E73/$F73, 0), $E73-SUM($H73:H73)), 0) -> 0 | J73: =IF(J$2>$D73, MIN(IFERROR($E73/$F73, 0), $E73-SUM($H73:I73)), 0) -> 0 | K73: =IF(K$2>$D73, MIN(IFERROR($E73/$F73, 0), $E73-SUM($H73:J73)), 0) -> 0 | L73: =IF(L$2>$D73, MIN(IFERROR($E73/$F73, 0), $E73-SUM($H73:K73)), 0) -> 0 | M73: =IF(M$2>$D73, MIN(IFERROR($E73/$F73, 0), $E73-SUM($H73:L73)), 0) -> 0 | N73: =IF(N$2>$D73, MIN(IFERROR($E73/$F73, 0), $E73-SUM($H73:M73)), 0) -> 0 | O73: =IF(O$2>$D73, MIN(IFERROR($E73/$F73, 0), $E73-SUM($H73:N73)), 0) -> 0 | P73: =IF(P$2>$D73, MIN(IFERROR($E73/$F73, 0), $E73-SUM($H73:O73)), 0) -> 0 | ... DY73: =IF(DY$2>$D73, MIN(IFERROR($E73/$F73, 0), $E73-SUM($H73:DX73)), 0) -> 0
B75: =Product!$J$2 -> Phase 3 | C75: =Product!$J$3 -> 50' Wide | D75: =SUMIFS(INDEX(Product!$B$2:$U$97, MATCH(D65, Product!$B$2:$B$97, 0), ), Product!$B$2:$U$2, $B75, Product!$B$3:$U$3, $C75) -> 45504 | E75: =SUMIFS(INDEX(Product!$B$2:$U$97, MATCH(E65, Product!$B$2:$B$97, 0), ), Product!$B$2:$U$2, $B75, Product!$B$3:$U$3, $C75) -> 30 | F75: =SUMIFS(INDEX(Product!$B$2:$U$97, MATCH(F65, Product!$B$2:$B$97, 0), ), Product!$B$2:$U$2, $B75, Product!$B$3:$U$3, $C75) -> 6 | G75: =SUM(H75:DZ75) -> 30 | I75: =IF(I$2>$D75, MIN(IFERROR($E75/$F75, 0), $E75-SUM($H75:H75)), 0) -> 0 | J75: =IF(J$2>$D75, MIN(IFERROR($E75/$F75, 0), $E75-SUM($H75:I75)), 0) -> 0 | K75: =IF(K$2>$D75, MIN(IFERROR($E75/$F75, 0), $E75-SUM($H75:J75)), 0) -> 0 | L75: =IF(L$2>$D75, MIN(IFERROR($E75/$F75, 0), $E75-SUM($H75:K75)), 0) -> 0 | M75: =IF(M$2>$D75, MIN(IFERROR($E75/$F75, 0), $E75-SUM($H75:L75)), 0) -> 0 | N75: =IF(N$2>$D75, MIN(IFERROR($E75/$F75, 0), $E75-SUM($H75:M75)), 0) -> 0 | O75: =IF(O$2>$D75, MIN(IFERROR($E75/$F75, 0), $E75-SUM($H75:N75)), 0) -> 0 | P75: =IF(P$2>$D75, MIN(IFERROR($E75/$F75, 0), $E75-SUM($H75:O75)), 0) -> 0 | ... DY75: =IF(DY$2>$D75, MIN(IFERROR($E75/$F75, 0), $E75-SUM($H75:DX75)), 0) -> 0
B76: =Product!$K$2 -> Phase 3 | C76: =Product!$K$3 -> 60' Wide | D76: =SUMIFS(INDEX(Product!$B$2:$U$97, MATCH(D65, Product!$B$2:$B$97, 0), ), Product!$B$2:$U$2, $B76, Product!$B$3:$U$3, $C76) -> 45504 | E76: =SUMIFS(INDEX(Product!$B$2:$U$97, MATCH(E65, Product!$B$2:$B$97, 0), ), Product!$B$2:$U$2, $B76, Product!$B$3:$U$3, $C76) -> 30 | F76: =SUMIFS(INDEX(Product!$B$2:$U$97, MATCH(F65, Product!$B$2:$B$97, 0), ), Product!$B$2:$U$2, $B76, Product!$B$3:$U$3, $C76) -> 6 | G76: =SUM(H76:DZ76) -> 30 | I76: =IF(I$2>$D76, MIN(IFERROR($E76/$F76, 0), $E76-SUM($H76:H76)), 0) -> 0 | J76: =IF(J$2>$D76, MIN(IFERROR($E76/$F76, 0), $E76-SUM($H76:I76)), 0) -> 0 | K76: =IF(K$2>$D76, MIN(IFERROR($E76/$F76, 0), $E76-SUM($H76:J76)), 0) -> 0 | L76: =IF(L$2>$D76, MIN(IFERROR($E76/$F76, 0), $E76-SUM($H76:K76)), 0) -> 0 | M76: =IF(M$2>$D76, MIN(IFERROR($E76/$F76, 0), $E76-SUM($H76:L76)), 0) -> 0 | N76: =IF(N$2>$D76, MIN(IFERROR($E76/$F76, 0), $E76-SUM($H76:M76)), 0) -> 0 | O76: =IF(O$2>$D76, MIN(IFERROR($E76/$F76, 0), $E76-SUM($H76:N76)), 0) -> 0 | P76: =IF(P$2>$D76, MIN(IFERROR($E76/$F76, 0), $E76-SUM($H76:O76)), 0) -> 0 | ... DY76: =IF(DY$2>$D76, MIN(IFERROR($E76/$F76, 0), $E76-SUM($H76:DX76)), 0) -> 0
B77: =Product!$L$2 -> Phase 3 | C77: =Product!$L$3 -> 75' Wide | D77: =SUMIFS(INDEX(Product!$B$2:$U$97, MATCH(D65, Product!$B$2:$B$97, 0), ), Product!$B$2:$U$2, $B77, Product!$B$3:$U$3, $C77) -> 45504 | E77: =SUMIFS(INDEX(Product!$B$2:$U$97, MATCH(E65, Product!$B$2:$B$97, 0), ), Product!$B$2:$U$2, $B77, Product!$B$3:$U$3, $C77) -> 20 | F77: =SUMIFS(INDEX(Product!$B$2:$U$97, MATCH(F65, Product!$B$2:$B$97, 0), ), Product!$B$2:$U$2, $B77, Product!$B$3:$U$3, $C77) -> 6 | G77: =SUM(H77:DZ77) -> 20 | I77: =IF(I$2>$D77, MIN(IFERROR($E77/$F77, 0), $E77-SUM($H77:H77)), 0) -> 0 | J77: =IF(J$2>$D77, MIN(IFERROR($E77/$F77, 0), $E77-SUM($H77:I77)), 0) -> 0 | K77: =IF(K$2>$D77, MIN(IFERROR($E77/$F77, 0), $E77-SUM($H77:J77)), 0) -> 0 | L77: =IF(L$2>$D77, MIN(IFERROR($E77/$F77, 0), $E77-SUM($H77:K77)), 0) -> 0 | M77: =IF(M$2>$D77, MIN(IFERROR($E77/$F77, 0), $E77-SUM($H77:L77)), 0) -> 0 | N77: =IF(N$2>$D77, MIN(IFERROR($E77/$F77, 0), $E77-SUM($H77:M77)), 0) -> 0 | O77: =IF(O$2>$D77, MIN(IFERROR($E77/$F77, 0), $E77-SUM($H77:N77)), 0) -> 0 | P77: =IF(P$2>$D77, MIN(IFERROR($E77/$F77, 0), $E77-SUM($H77:O77)), 0) -> 0 | ... DY77: =IF(DY$2>$D77, MIN(IFERROR($E77/$F77, 0), $E77-SUM($H77:DX77)), 0) -> 0
B79: =Product!$M$2 -> Phase 4 | C79: =Product!$M$3 -> 50' Wide | D79: =SUMIFS(INDEX(Product!$B$2:$U$97, MATCH(D65, Product!$B$2:$B$97, 0), ), Product!$B$2:$U$2, $B79, Product!$B$3:$U$3, $C79) -> 45869 | E79: =SUMIFS(INDEX(Product!$B$2:$U$97, MATCH(E65, Product!$B$2:$B$97, 0), ), Product!$B$2:$U$2, $B79, Product!$B$3:$U$3, $C79) -> 30 | F79: =SUMIFS(INDEX(Product!$B$2:$U$97, MATCH(F65, Product!$B$2:$B$97, 0), ), Product!$B$2:$U$2, $B79, Product!$B$3:$U$3, $C79) -> 6 | G79: =SUM(H79:DZ79) -> 30 | I79: =IF(I$2>$D79, MIN(IFERROR($E79/$F79, 0), $E79-SUM($H79:H79)), 0) -> 0 | J79: =IF(J$2>$D79, MIN(IFERROR($E79/$F79, 0), $E79-SUM($H79:I79)), 0) -> 0 | K79: =IF(K$2>$D79, MIN(IFERROR($E79/$F79, 0), $E79-SUM($H79:J79)), 0) -> 0 | L79: =IF(L$2>$D79, MIN(IFERROR($E79/$F79, 0), $E79-SUM($H79:K79)), 0) -> 0 | M79: =IF(M$2>$D79, MIN(IFERROR($E79/$F79, 0), $E79-SUM($H79:L79)), 0) -> 0 | N79: =IF(N$2>$D79, MIN(IFERROR($E79/$F79, 0), $E79-SUM($H79:M79)), 0) -> 0 | O79: =IF(O$2>$D79, MIN(IFERROR($E79/$F79, 0), $E79-SUM($H79:N79)), 0) -> 0 | P79: =IF(P$2>$D79, MIN(IFERROR($E79/$F79, 0), $E79-SUM($H79:O79)), 0) -> 0 | ... DY79: =IF(DY$2>$D79, MIN(IFERROR($E79/$F79, 0), $E79-SUM($H79:DX79)), 0) -> 0
B80: =Product!$N$2 -> Phase 4 | C80: =Product!$N$3 -> 60' Wide | D80: =SUMIFS(INDEX(Product!$B$2:$U$97, MATCH(D65, Product!$B$2:$B$97, 0), ), Product!$B$2:$U$2, $B80, Product!$B$3:$U$3, $C80) -> 45869 | E80: =SUMIFS(INDEX(Product!$B$2:$U$97, MATCH(E65, Product!$B$2:$B$97, 0), ), Product!$B$2:$U$2, $B80, Product!$B$3:$U$3, $C80) -> 30 | F80: =SUMIFS(INDEX(Product!$B$2:$U$97, MATCH(F65, Product!$B$2:$B$97, 0), ), Product!$B$2:$U$2, $B80, Product!$B$3:$U$3, $C80) -> 6 | G80: =SUM(H80:DZ80) -> 30 | I80: =IF(I$2>$D80, MIN(IFERROR($E80/$F80, 0), $E80-SUM($H80:H80)), 0) -> 0 | J80: =IF(J$2>$D80, MIN(IFERROR($E80/$F80, 0), $E80-SUM($H80:I80)), 0) -> 0 | K80: =IF(K$2>$D80, MIN(IFERROR($E80/$F80, 0), $E80-SUM($H80:J80)), 0) -> 0 | L80: =IF(L$2>$D80, MIN(IFERROR($E80/$F80, 0), $E80-SUM($H80:K80)), 0) -> 0 | M80: =IF(M$2>$D80, MIN(IFERROR($E80/$F80, 0), $E80-SUM($H80:L80)), 0) -> 0 | N80: =IF(N$2>$D80, MIN(IFERROR($E80/$F80, 0), $E80-SUM($H80:M80)), 0) -> 0 | O80: =IF(O$2>$D80, MIN(IFERROR($E80/$F80, 0), $E80-SUM($H80:N80)), 0) -> 0 | P80: =IF(P$2>$D80, MIN(IFERROR($E80/$F80, 0), $E80-SUM($H80:O80)), 0) -> 0 | ... DY80: =IF(DY$2>$D80, MIN(IFERROR($E80/$F80, 0), $E80-SUM($H80:DX80)), 0) -> 0
B81: =Product!$O$2 -> Phase 4 | C81: =Product!$O$3 -> 75' Wide | D81: =SUMIFS(INDEX(Product!$B$2:$U$97, MATCH(D65, Product!$B$2:$B$97, 0), ), Product!$B$2:$U$2, $B81, Product!$B$3:$U$3, $C81) -> 45869 | E81: =SUMIFS(INDEX(Product!$B$2:$U$97, MATCH(E65, Product!$B$2:$B$97, 0), ), Product!$B$2:$U$2, $B81, Product!$B$3:$U$3, $C81) -> 20 | F81: =SUMIFS(INDEX(Product!$B$2:$U$97, MATCH(F65, Product!$B$2:$B$97, 0), ), Product!$B$2:$U$2, $B81, Product!$B$3:$U$3, $C81) -> 6 | G81: =SUM(H81:DZ81) -> 20 | I81: =IF(I$2>$D81, MIN(IFERROR($E81/$F81, 0), $E81-SUM($H81:H81)), 0) -> 0 | J81: =IF(J$2>$D81, MIN(IFERROR($E81/$F81, 0), $E81-SUM($H81:I81)), 0) -> 0 | K81: =IF(K$2>$D81, MIN(IFERROR($E81/$F81, 0), $E81-SUM($H81:J81)), 0) -> 0 | L81: =IF(L$2>$D81, MIN(IFERROR($E81/$F81, 0), $E81-SUM($H81:K81)), 0) -> 0 | M81: =IF(M$2>$D81, MIN(IFERROR($E81/$F81, 0), $E81-SUM($H81:L81)), 0) -> 0 | N81: =IF(N$2>$D81, MIN(IFERROR($E81/$F81, 0), $E81-SUM($H81:M81)), 0) -> 0 | O81: =IF(O$2>$D81, MIN(IFERROR($E81/$F81, 0), $E81-SUM($H81:N81)), 0) -> 0 | P81: =IF(P$2>$D81, MIN(IFERROR($E81/$F81, 0), $E81-SUM($H81:O81)), 0) -> 0 | ... DY81: =IF(DY$2>$D81, MIN(IFERROR($E81/$F81, 0), $E81-SUM($H81:DX81)), 0) -> 0
B83: =Product!$P$2 -> Phase 5 | C83: =Product!$P$3 -> 50' Wide | D83: =SUMIFS(INDEX(Product!$B$2:$U$97, MATCH(D65, Product!$B$2:$B$97, 0), ), Product!$B$2:$U$2, $B83, Product!$B$3:$U$3, $C83) -> 46234 | E83: =SUMIFS(INDEX(Product!$B$2:$U$97, MATCH(E65, Product!$B$2:$B$97, 0), ), Product!$B$2:$U$2, $B83, Product!$B$3:$U$3, $C83) -> 30 | F83: =SUMIFS(INDEX(Product!$B$2:$U$97, MATCH(F65, Product!$B$2:$B$97, 0), ), Product!$B$2:$U$2, $B83, Product!$B$3:$U$3, $C83) -> 6 | G83: =SUM(H83:DZ83) -> 30 | I83: =IF(I$2>$D83, MIN(IFERROR($E83/$F83, 0), $E83-SUM($H83:H83)), 0) -> 0 | J83: =IF(J$2>$D83, MIN(IFERROR($E83/$F83, 0), $E83-SUM($H83:I83)), 0) -> 0 | K83: =IF(K$2>$D83, MIN(IFERROR($E83/$F83, 0), $E83-SUM($H83:J83)), 0) -> 0 | L83: =IF(L$2>$D83, MIN(IFERROR($E83/$F83, 0), $E83-SUM($H83:K83)), 0) -> 0 | M83: =IF(M$2>$D83, MIN(IFERROR($E83/$F83, 0), $E83-SUM($H83:L83)), 0) -> 0 | N83: =IF(N$2>$D83, MIN(IFERROR($E83/$F83, 0), $E83-SUM($H83:M83)), 0) -> 0 | O83: =IF(O$2>$D83, MIN(IFERROR($E83/$F83, 0), $E83-SUM($H83:N83)), 0) -> 0 | P83: =IF(P$2>$D83, MIN(IFERROR($E83/$F83, 0), $E83-SUM($H83:O83)), 0) -> 0 | ... DY83: =IF(DY$2>$D83, MIN(IFERROR($E83/$F83, 0), $E83-SUM($H83:DX83)), 0) -> 0
B84: =Product!$Q$2 -> Phase 5 | C84: =Product!$Q$3 -> 60' Wide | D84: =SUMIFS(INDEX(Product!$B$2:$U$97, MATCH(D65, Product!$B$2:$B$97, 0), ), Product!$B$2:$U$2, $B84, Product!$B$3:$U$3, $C84) -> 46234 | E84: =SUMIFS(INDEX(Product!$B$2:$U$97, MATCH(E65, Product!$B$2:$B$97, 0), ), Product!$B$2:$U$2, $B84, Product!$B$3:$U$3, $C84) -> 30 | F84: =SUMIFS(INDEX(Product!$B$2:$U$97, MATCH(F65, Product!$B$2:$B$97, 0), ), Product!$B$2:$U$2, $B84, Product!$B$3:$U$3, $C84) -> 6 | G84: =SUM(H84:DZ84) -> 30 | I84: =IF(I$2>$D84, MIN(IFERROR($E84/$F84, 0), $E84-SUM($H84:H84)), 0) -> 0 | J84: =IF(J$2>$D84, MIN(IFERROR($E84/$F84, 0), $E84-SUM($H84:I84)), 0) -> 0 | K84: =IF(K$2>$D84, MIN(IFERROR($E84/$F84, 0), $E84-SUM($H84:J84)), 0) -> 0 | L84: =IF(L$2>$D84, MIN(IFERROR($E84/$F84, 0), $E84-SUM($H84:K84)), 0) -> 0 | M84: =IF(M$2>$D84, MIN(IFERROR($E84/$F84, 0), $E84-SUM($H84:L84)), 0) -> 0 | N84: =IF(N$2>$D84, MIN(IFERROR($E84/$F84, 0), $E84-SUM($H84:M84)), 0) -> 0 | O84: =IF(O$2>$D84, MIN(IFERROR($E84/$F84, 0), $E84-SUM($H84:N84)), 0) -> 0 | P84: =IF(P$2>$D84, MIN(IFERROR($E84/$F84, 0), $E84-SUM($H84:O84)), 0) -> 0 | ... DY84: =IF(DY$2>$D84, MIN(IFERROR($E84/$F84, 0), $E84-SUM($H84:DX84)), 0) -> 0
B85: =Product!$R$2 -> Phase 5 | C85: =Product!$R$3 -> 75' Wide | D85: =SUMIFS(INDEX(Product!$B$2:$U$97, MATCH(D65, Product!$B$2:$B$97, 0), ), Product!$B$2:$U$2, $B85, Product!$B$3:$U$3, $C85) -> 46234 | E85: =SUMIFS(INDEX(Product!$B$2:$U$97, MATCH(E65, Product!$B$2:$B$97, 0), ), Product!$B$2:$U$2, $B85, Product!$B$3:$U$3, $C85) -> 20 | F85: =SUMIFS(INDEX(Product!$B$2:$U$97, MATCH(F65, Product!$B$2:$B$97, 0), ), Product!$B$2:$U$2, $B85, Product!$B$3:$U$3, $C85) -> 6 | G85: =SUM(H85:DZ85) -> 20 | I85: =IF(I$2>$D85, MIN(IFERROR($E85/$F85, 0), $E85-SUM($H85:H85)), 0) -> 0 | J85: =IF(J$2>$D85, MIN(IFERROR($E85/$F85, 0), $E85-SUM($H85:I85)), 0) -> 0 | K85: =IF(K$2>$D85, MIN(IFERROR($E85/$F85, 0), $E85-SUM($H85:J85)), 0) -> 0 | L85: =IF(L$2>$D85, MIN(IFERROR($E85/$F85, 0), $E85-SUM($H85:K85)), 0) -> 0 | M85: =IF(M$2>$D85, MIN(IFERROR($E85/$F85, 0), $E85-SUM($H85:L85)), 0) -> 0 | N85: =IF(N$2>$D85, MIN(IFERROR($E85/$F85, 0), $E85-SUM($H85:M85)), 0) -> 0 | O85: =IF(O$2>$D85, MIN(IFERROR($E85/$F85, 0), $E85-SUM($H85:N85)), 0) -> 0 | P85: =IF(P$2>$D85, MIN(IFERROR($E85/$F85, 0), $E85-SUM($H85:O85)), 0) -> 0 | ... DY85: =IF(DY$2>$D85, MIN(IFERROR($E85/$F85, 0), $E85-SUM($H85:DX85)), 0) -> 0
B87: TOTAL | G87: =SUM(G65:G86) -> 400 | I87: =SUM(I65:I86) -> 0 | J87: =SUM(J65:J86) -> 0 | K87: =SUM(K65:K86) -> 0 | L87: =SUM(L65:L86) -> 0 | M87: =SUM(M65:M86) -> 0 | N87: =SUM(N65:N86) -> 0 | O87: =SUM(O65:O86) -> 0 | P87: =SUM(P65:P86) -> 0 | ... DY87: =SUM(DY65:DY86) -> 0
A89: Cuml. Home Construction
B91: =Product!$D$2 -> Phase 1 | C91: =Product!$D$3 -> 50' Wide | G91: =SUM(H91:DZ91) -> 3315 | I91: =H91+I67 -> 0 | J91: =I91+J67 -> 0 | K91: =J91+K67 -> 0 | L91: =K91+L67 -> 0 | M91: =L91+M67 -> 0 | N91: =M91+N67 -> 0 | O91: =N91+O67 -> 0 | P91: =O91+P67 -> 0 | ... DY91: =DX91+DY67 -> 30
B92: =Product!$E$2 -> Phase 1 | C92: =Product!$E$3 -> 60' Wide | G92: =SUM(H92:DZ92) -> 3315 | I92: =H92+I68 -> 0 | J92: =I92+J68 -> 0 | K92: =J92+K68 -> 0 | L92: =K92+L68 -> 0 | M92: =L92+M68 -> 0 | N92: =M92+N68 -> 0 | O92: =N92+O68 -> 0 | P92: =O92+P68 -> 0 | ... DY92: =DX92+DY68 -> 30
B93: =Product!$F$2 -> Phase 1 | C93: =Product!$F$3 -> 75' Wide | G93: =SUM(H93:DZ93) -> 2210 | I93: =H93+I69 -> 0 | J93: =I93+J69 -> 0 | K93: =J93+K69 -> 0 | L93: =K93+L69 -> 0 | M93: =L93+M69 -> 0 | N93: =M93+N69 -> 0 | O93: =N93+O69 -> 0 | P93: =O93+P69 -> 0 | ... DY93: =DX93+DY69 -> 20
B95: =Product!$G$2 -> Phase 2 | C95: =Product!$G$3 -> 50' Wide | G95: =SUM(H95:DZ95) -> 2955 | I95: =H95+I71 -> 0 | J95: =I95+J71 -> 0 | K95: =J95+K71 -> 0 | L95: =K95+L71 -> 0 | M95: =L95+M71 -> 0 | N95: =M95+N71 -> 0 | O95: =N95+O71 -> 0 | P95: =O95+P71 -> 0 | ... DY95: =DX95+DY71 -> 30
B96: =Product!$H$2 -> Phase 2 | C96: =Product!$H$3 -> 60' Wide | G96: =SUM(H96:DZ96) -> 2955 | I96: =H96+I72 -> 0 | J96: =I96+J72 -> 0 | K96: =J96+K72 -> 0 | L96: =K96+L72 -> 0 | M96: =L96+M72 -> 0 | N96: =M96+N72 -> 0 | O96: =N96+O72 -> 0 | P96: =O96+P72 -> 0 | ... DY96: =DX96+DY72 -> 30
B97: =Product!$I$2 -> Phase 2 | C97: =Product!$I$3 -> 75' Wide | G97: =SUM(H97:DZ97) -> 1970 | I97: =H97+I73 -> 0 | J97: =I97+J73 -> 0 | K97: =J97+K73 -> 0 | L97: =K97+L73 -> 0 | M97: =L97+M73 -> 0 | N97: =M97+N73 -> 0 | O97: =N97+O73 -> 0 | P97: =O97+P73 -> 0 | ... DY97: =DX97+DY73 -> 20
B99: =Product!$J$2 -> Phase 3 | C99: =Product!$J$3 -> 50' Wide | G99: =SUM(H99:DZ99) -> 2595 | I99: =H99+I75 -> 0 | J99: =I99+J75 -> 0 | K99: =J99+K75 -> 0 | L99: =K99+L75 -> 0 | M99: =L99+M75 -> 0 | N99: =M99+N75 -> 0 | O99: =N99+O75 -> 0 | P99: =O99+P75 -> 0 | ... DY99: =DX99+DY75 -> 30
B100: =Product!$K$2 -> Phase 3 | C100: =Product!$K$3 -> 60' Wide | G100: =SUM(H100:DZ100) -> 2595 | I100: =H100+I76 -> 0 | J100: =I100+J76 -> 0 | K100: =J100+K76 -> 0 | L100: =K100+L76 -> 0 | M100: =L100+M76 -> 0 | N100: =M100+N76 -> 0 | O100: =N100+O76 -> 0 | P100: =O100+P76 -> 0 | ... DY100: =DX100+DY76 -> 30
B101: =Product!$L$2 -> Phase 3 | C101: =Product!$L$3 -> 75' Wide | G101: =SUM(H101:DZ101) -> 1730 | I101: =H101+I77 -> 0 | J101: =I101+J77 -> 0 | K101: =J101+K77 -> 0 | L101: =K101+L77 -> 0 | M101: =L101+M77 -> 0 | N101: =M101+N77 -> 0 | O101: =N101+O77 -> 0 | P101: =O101+P77 -> 0 | ... DY101: =DX101+DY77 -> 20
B103: =Product!$M$2 -> Phase 4 | C103: =Product!$M$3 -> 50' Wide | G103: =SUM(H103:DZ103) -> 2235 | I103: =H103+I79 -> 0 | J103: =I103+J79 -> 0 | K103: =J103+K79 -> 0 | L103: =K103+L79 -> 0 | M103: =L103+M79 -> 0 | N103: =M103+N79 -> 0 | O103: =N103+O79 -> 0 | P103: =O103+P79 -> 0 | ... DY103: =DX103+DY79 -> 30
B104: =Product!$N$2 -> Phase 4 | C104: =Product!$N$3 -> 60' Wide | G104: =SUM(H104:DZ104) -> 2235 | I104: =H104+I80 -> 0 | J104: =I104+J80 -> 0 | K104: =J104+K80 -> 0 | L104: =K104+L80 -> 0 | M104: =L104+M80 -> 0 | N104: =M104+N80 -> 0 | O104: =N104+O80 -> 0 | P104: =O104+P80 -> 0 | ... DY104: =DX104+DY80 -> 30
B105: =Product!$O$2 -> Phase 4 | C105: =Product!$O$3 -> 75' Wide | G105: =SUM(H105:DZ105) -> 1490 | I105: =H105+I81 -> 0 | J105: =I105+J81 -> 0 | K105: =J105+K81 -> 0 | L105: =K105+L81 -> 0 | M105: =L105+M81 -> 0 | N105: =M105+N81 -> 0 | O105: =N105+O81 -> 0 | P105: =O105+P81 -> 0 | ... DY105: =DX105+DY81 -> 20
B107: =Product!$P$2 -> Phase 5 | C107: =Product!$P$3 -> 50' Wide | G107: =SUM(H107:DZ107) -> 1875 | I107: =H107+I83 -> 0 | J107: =I107+J83 -> 0 | K107: =J107+K83 -> 0 | L107: =K107+L83 -> 0 | M107: =L107+M83 -> 0 | N107: =M107+N83 -> 0 | O107: =N107+O83 -> 0 | P107: =O107+P83 -> 0 | ... DY107: =DX107+DY83 -> 30
B108: =Product!$Q$2 -> Phase 5 | C108: =Product!$Q$3 -> 60' Wide | G108: =SUM(H108:DZ108) -> 1875 | I108: =H108+I84 -> 0 | J108: =I108+J84 -> 0 | K108: =J108+K84 -> 0 | L108: =K108+L84 -> 0 | M108: =L108+M84 -> 0 | N108: =M108+N84 -> 0 | O108: =N108+O84 -> 0 | P108: =O108+P84 -> 0 | ... DY108: =DX108+DY84 -> 30
B109: =Product!$R$2 -> Phase 5 | C109: =Product!$R$3 -> 75' Wide | G109: =SUM(H109:DZ109) -> 1250 | I109: =H109+I85 -> 0 | J109: =I109+J85 -> 0 | K109: =J109+K85 -> 0 | L109: =K109+L85 -> 0 | M109: =L109+M85 -> 0 | N109: =M109+N85 -> 0 | O109: =N109+O85 -> 0 | P109: =O109+P85 -> 0 | ... DY109: =DX109+DY85 -> 20
B111: TOTAL | G111: =SUM(G89:G110) -> 34600 | I111: =SUM(I89:I110) -> 0 | J111: =SUM(J89:J110) -> 0 | K111: =SUM(K89:K110) -> 0 | L111: =SUM(L89:L110) -> 0 | M111: =SUM(M89:M110) -> 0 | N111: =SUM(N89:N110) -> 0 | O111: =SUM(O89:O110) -> 0 | P111: =SUM(P89:P110) -> 0 | ... DY111: =SUM(DY89:DY110) -> 400
A113: Product Sales | D113: =Product!$B$90 -> Sales Start Date | E113: =Product!$B$5 -> # Units (Total) | F113: =Product!$B$70 -> Sales Duration (Month)
B115: =Product!$D$2 -> Phase 1 | C115: =Product!$D$3 -> 50' Wide | D115: =SUMIFS(INDEX(Product!$B$2:$U$97, MATCH(D113, Product!$B$2:$B$97, 0), ), Product!$B$2:$U$2, $B115, Product!$B$3:$U$3, $C115) -> 44773 | E115: =SUMIFS(INDEX(Product!$B$2:$U$97, MATCH(E113, Product!$B$2:$B$97, 0), ), Product!$B$2:$U$2, $B115, Product!$B$3:$U$3, $C115) -> 30 | F115: =SUMIFS(INDEX(Product!$B$2:$U$97, MATCH(F113, Product!$B$2:$B$97, 0), ), Product!$B$2:$U$2, $B115, Product!$B$3:$U$3, $C115) -> 12 | G115: =SUM(H115:DZ115) -> 30 | I115: =IF(I$2>$D115, MIN(IFERROR($E115/$F115, 0), $E115-SUM($H115:H115)), 0) -> 0 | J115: =IF(J$2>$D115, MIN(IFERROR($E115/$F115, 0), $E115-SUM($H115:I115)), 0) -> 0 | K115: =IF(K$2>$D115, MIN(IFERROR($E115/$F115, 0), $E115-SUM($H115:J115)), 0) -> 0 | L115: =IF(L$2>$D115, MIN(IFERROR($E115/$F115, 0), $E115-SUM($H115:K115)), 0) -> 0 | M115: =IF(M$2>$D115, MIN(IFERROR($E115/$F115, 0), $E115-SUM($H115:L115)), 0) -> 0 | N115: =IF(N$2>$D115, MIN(IFERROR($E115/$F115, 0), $E115-SUM($H115:M115)), 0) -> 0 | O115: =IF(O$2>$D115, MIN(IFERROR($E115/$F115, 0), $E115-SUM($H115:N115)), 0) -> 0 | P115: =IF(P$2>$D115, MIN(IFERROR($E115/$F115, 0), $E115-SUM($H115:O115)), 0) -> 0 | ... DY115: =IF(DY$2>$D115, MIN(IFERROR($E115/$F115, 0), $E115-SUM($H115:DX115)), 0) -> 0 | EB115: =ROW(EB115)-ROW($EB$2)+1 -> 114 | EC115: =B115 -> Phase 1 | ED115: =C115 -> 50' Wide | EE115: =EE135 -> Stat | EF115: =EF135 -> Home Sales
B116: =Product!$E$2 -> Phase 1 | C116: =Product!$E$3 -> 60' Wide | D116: =SUMIFS(INDEX(Product!$B$2:$U$97, MATCH(D113, Product!$B$2:$B$97, 0), ), Product!$B$2:$U$2, $B116, Product!$B$3:$U$3, $C116) -> 44773 | E116: =SUMIFS(INDEX(Product!$B$2:$U$97, MATCH(E113, Product!$B$2:$B$97, 0), ), Product!$B$2:$U$2, $B116, Product!$B$3:$U$3, $C116) -> 30 | F116: =SUMIFS(INDEX(Product!$B$2:$U$97, MATCH(F113, Product!$B$2:$B$97, 0), ), Product!$B$2:$U$2, $B116, Product!$B$3:$U$3, $C116) -> 12 | G116: =SUM(H116:DZ116) -> 30 | I116: =IF(I$2>$D116, MIN(IFERROR($E116/$F116, 0), $E116-SUM($H116:H116)), 0) -> 0 | J116: =IF(J$2>$D116, MIN(IFERROR($E116/$F116, 0), $E116-SUM($H116:I116)), 0) -> 0 | K116: =IF(K$2>$D116, MIN(IFERROR($E116/$F116, 0), $E116-SUM($H116:J116)), 0) -> 0 | L116: =IF(L$2>$D116, MIN(IFERROR($E116/$F116, 0), $E116-SUM($H116:K116)), 0) -> 0 | M116: =IF(M$2>$D116, MIN(IFERROR($E116/$F116, 0), $E116-SUM($H116:L116)), 0) -> 0 | N116: =IF(N$2>$D116, MIN(IFERROR($E116/$F116, 0), $E116-SUM($H116:M116)), 0) -> 0 | O116: =IF(O$2>$D116, MIN(IFERROR($E116/$F116, 0), $E116-SUM($H116:N116)), 0) -> 0 | P116: =IF(P$2>$D116, MIN(IFERROR($E116/$F116, 0), $E116-SUM($H116:O116)), 0) -> 0 | ... DY116: =IF(DY$2>$D116, MIN(IFERROR($E116/$F116, 0), $E116-SUM($H116:DX116)), 0) -> 0 | EB116: =ROW(EB116)-ROW($EB$2)+1 -> 115 | EC116: =B116 -> Phase 1 | ED116: =C116 -> 60' Wide | EE116: =EE135 -> Stat | EF116: =EF135 -> Home Sales
B117: =Product!$F$2 -> Phase 1 | C117: =Product!$F$3 -> 75' Wide | D117: =SUMIFS(INDEX(Product!$B$2:$U$97, MATCH(D113, Product!$B$2:$B$97, 0), ), Product!$B$2:$U$2, $B117, Product!$B$3:$U$3, $C117) -> 44773 | E117: =SUMIFS(INDEX(Product!$B$2:$U$97, MATCH(E113, Product!$B$2:$B$97, 0), ), Product!$B$2:$U$2, $B117, Product!$B$3:$U$3, $C117) -> 20 | F117: =SUMIFS(INDEX(Product!$B$2:$U$97, MATCH(F113, Product!$B$2:$B$97, 0), ), Product!$B$2:$U$2, $B117, Product!$B$3:$U$3, $C117) -> 12 | G117: =SUM(H117:DZ117) -> 20 | I117: =IF(I$2>$D117, MIN(IFERROR($E117/$F117, 0), $E117-SUM($H117:H117)), 0) -> 0 | J117: =IF(J$2>$D117, MIN(IFERROR($E117/$F117, 0), $E117-SUM($H117:I117)), 0) -> 0 | K117: =IF(K$2>$D117, MIN(IFERROR($E117/$F117, 0), $E117-SUM($H117:J117)), 0) -> 0 | L117: =IF(L$2>$D117, MIN(IFERROR($E117/$F117, 0), $E117-SUM($H117:K117)), 0) -> 0 | M117: =IF(M$2>$D117, MIN(IFERROR($E117/$F117, 0), $E117-SUM($H117:L117)), 0) -> 0 | N117: =IF(N$2>$D117, MIN(IFERROR($E117/$F117, 0), $E117-SUM($H117:M117)), 0) -> 0 | O117: =IF(O$2>$D117, MIN(IFERROR($E117/$F117, 0), $E117-SUM($H117:N117)), 0) -> 0 | P117: =IF(P$2>$D117, MIN(IFERROR($E117/$F117, 0), $E117-SUM($H117:O117)), 0) -> 0 | ... DY117: =IF(DY$2>$D117, MIN(IFERROR($E117/$F117, 0), $E117-SUM($H117:DX117)), 0) -> 0 | EB117: =ROW(EB117)-ROW($EB$2)+1 -> 116 | EC117: =B117 -> Phase 1 | ED117: =C117 -> 75' Wide | EE117: =EE135 -> Stat | EF117: =EF135 -> Home Sales
B119: =Product!$G$2 -> Phase 2 | C119: =Product!$G$3 -> 50' Wide | D119: =SUMIFS(INDEX(Product!$B$2:$U$97, MATCH(D113, Product!$B$2:$B$97, 0), ), Product!$B$2:$U$2, $B119, Product!$B$3:$U$3, $C119) -> 45138 | E119: =SUMIFS(INDEX(Product!$B$2:$U$97, MATCH(E113, Product!$B$2:$B$97, 0), ), Product!$B$2:$U$2, $B119, Product!$B$3:$U$3, $C119) -> 30 | F119: =SUMIFS(INDEX(Product!$B$2:$U$97, MATCH(F113, Product!$B$2:$B$97, 0), ), Product!$B$2:$U$2, $B119, Product!$B$3:$U$3, $C119) -> 12 | G119: =SUM(H119:DZ119) -> 30 | I119: =IF(I$2>$D119, MIN(IFERROR($E119/$F119, 0), $E119-SUM($H119:H119)), 0) -> 0 | J119: =IF(J$2>$D119, MIN(IFERROR($E119/$F119, 0), $E119-SUM($H119:I119)), 0) -> 0 | K119: =IF(K$2>$D119, MIN(IFERROR($E119/$F119, 0), $E119-SUM($H119:J119)), 0) -> 0 | L119: =IF(L$2>$D119, MIN(IFERROR($E119/$F119, 0), $E119-SUM($H119:K119)), 0) -> 0 | M119: =IF(M$2>$D119, MIN(IFERROR($E119/$F119, 0), $E119-SUM($H119:L119)), 0) -> 0 | N119: =IF(N$2>$D119, MIN(IFERROR($E119/$F119, 0), $E119-SUM($H119:M119)), 0) -> 0 | O119: =IF(O$2>$D119, MIN(IFERROR($E119/$F119, 0), $E119-SUM($H119:N119)), 0) -> 0 | P119: =IF(P$2>$D119, MIN(IFERROR($E119/$F119, 0), $E119-SUM($H119:O119)), 0) -> 0 | ... DY119: =IF(DY$2>$D119, MIN(IFERROR($E119/$F119, 0), $E119-SUM($H119:DX119)), 0) -> 0 | EB119: =ROW(EB119)-ROW($EB$2)+1 -> 118 | EC119: =B119 -> Phase 2 | ED119: =C119 -> 50' Wide | EE119: =EE135 -> Stat | EF119: =EF135 -> Home Sales
B120: =Product!$H$2 -> Phase 2 | C120: =Product!$H$3 -> 60' Wide | D120: =SUMIFS(INDEX(Product!$B$2:$U$97, MATCH(D113, Product!$B$2:$B$97, 0), ), Product!$B$2:$U$2, $B120, Product!$B$3:$U$3, $C120) -> 45138 | E120: =SUMIFS(INDEX(Product!$B$2:$U$97, MATCH(E113, Product!$B$2:$B$97, 0), ), Product!$B$2:$U$2, $B120, Product!$B$3:$U$3, $C120) -> 30 | F120: =SUMIFS(INDEX(Product!$B$2:$U$97, MATCH(F113, Product!$B$2:$B$97, 0), ), Product!$B$2:$U$2, $B120, Product!$B$3:$U$3, $C120) -> 12 | G120: =SUM(H120:DZ120) -> 30 | I120: =IF(I$2>$D120, MIN(IFERROR($E120/$F120, 0), $E120-SUM($H120:H120)), 0) -> 0 | J120: =IF(J$2>$D120, MIN(IFERROR($E120/$F120, 0), $E120-SUM($H120:I120)), 0) -> 0 | K120: =IF(K$2>$D120, MIN(IFERROR($E120/$F120, 0), $E120-SUM($H120:J120)), 0) -> 0 | L120: =IF(L$2>$D120, MIN(IFERROR($E120/$F120, 0), $E120-SUM($H120:K120)), 0) -> 0 | M120: =IF(M$2>$D120, MIN(IFERROR($E120/$F120, 0), $E120-SUM($H120:L120)), 0) -> 0 | N120: =IF(N$2>$D120, MIN(IFERROR($E120/$F120, 0), $E120-SUM($H120:M120)), 0) -> 0 | O120: =IF(O$2>$D120, MIN(IFERROR($E120/$F120, 0), $E120-SUM($H120:N120)), 0) -> 0 | P120: =IF(P$2>$D120, MIN(IFERROR($E120/$F120, 0), $E120-SUM($H120:O120)), 0) -> 0 | ... DY120: =IF(DY$2>$D120, MIN(IFERROR($E120/$F120, 0), $E120-SUM($H120:DX120)), 0) -> 0 | EB120: =ROW(EB120)-ROW($EB$2)+1 -> 119 | EC120: =B120 -> Phase 2 | ED120: =C120 -> 60' Wide | EE120: =EE135 -> Stat | EF120: =EF135 -> Home Sales
B121: =Product!$I$2 -> Phase 2 | C121: =Product!$I$3 -> 75' Wide | D121: =SUMIFS(INDEX(Product!$B$2:$U$97, MATCH(D113, Product!$B$2:$B$97, 0), ), Product!$B$2:$U$2, $B121, Product!$B$3:$U$3, $C121) -> 45138 | E121: =SUMIFS(INDEX(Product!$B$2:$U$97, MATCH(E113, Product!$B$2:$B$97, 0), ), Product!$B$2:$U$2, $B121, Product!$B$3:$U$3, $C121) -> 20 | F121: =SUMIFS(INDEX(Product!$B$2:$U$97, MATCH(F113, Product!$B$2:$B$97, 0), ), Product!$B$2:$U$2, $B121, Product!$B$3:$U$3, $C121) -> 12 | G121: =SUM(H121:DZ121) -> 20 | I121: =IF(I$2>$D121, MIN(IFERROR($E121/$F121, 0), $E121-SUM($H121:H121)), 0) -> 0 | J121: =IF(J$2>$D121, MIN(IFERROR($E121/$F121, 0), $E121-SUM($H121:I121)), 0) -> 0 | K121: =IF(K$2>$D121, MIN(IFERROR($E121/$F121, 0), $E121-SUM($H121:J121)), 0) -> 0 | L121: =IF(L$2>$D121, MIN(IFERROR($E121/$F121, 0), $E121-SUM($H121:K121)), 0) -> 0 | M121: =IF(M$2>$D121, MIN(IFERROR($E121/$F121, 0), $E121-SUM($H121:L121)), 0) -> 0 | N121: =IF(N$2>$D121, MIN(IFERROR($E121/$F121, 0), $E121-SUM($H121:M121)), 0) -> 0 | O121: =IF(O$2>$D121, MIN(IFERROR($E121/$F121, 0), $E121-SUM($H121:N121)), 0) -> 0 | P121: =IF(P$2>$D121, MIN(IFERROR($E121/$F121, 0), $E121-SUM($H121:O121)), 0) -> 0 | ... DY121: =IF(DY$2>$D121, MIN(IFERROR($E121/$F121, 0), $E121-SUM($H121:DX121)), 0) -> 0 | EB121: =ROW(EB121)-ROW($EB$2)+1 -> 120 | EC121: =B121 -> Phase 2 | ED121: =C121 -> 75' Wide | EE121: =EE135 -> Stat | EF121: =EF135 -> Home Sales
B123: =Product!$J$2 -> Phase 3 | C123: =Product!$J$3 -> 50' Wide | D123: =SUMIFS(INDEX(Product!$B$2:$U$97, MATCH(D113, Product!$B$2:$B$97, 0), ), Product!$B$2:$U$2, $B123, Product!$B$3:$U$3, $C123) -> 45504 | E123: =SUMIFS(INDEX(Product!$B$2:$U$97, MATCH(E113, Product!$B$2:$B$97, 0), ), Product!$B$2:$U$2, $B123, Product!$B$3:$U$3, $C123) -> 30 | F123: =SUMIFS(INDEX(Product!$B$2:$U$97, MATCH(F113, Product!$B$2:$B$97, 0), ), Product!$B$2:$U$2, $B123, Product!$B$3:$U$3, $C123) -> 12 | G123: =SUM(H123:DZ123) -> 30 | I123: =IF(I$2>$D123, MIN(IFERROR($E123/$F123, 0), $E123-SUM($H123:H123)), 0) -> 0 | J123: =IF(J$2>$D123, MIN(IFERROR($E123/$F123, 0), $E123-SUM($H123:I123)), 0) -> 0 | K123: =IF(K$2>$D123, MIN(IFERROR($E123/$F123, 0), $E123-SUM($H123:J123)), 0) -> 0 | L123: =IF(L$2>$D123, MIN(IFERROR($E123/$F123, 0), $E123-SUM($H123:K123)), 0) -> 0 | M123: =IF(M$2>$D123, MIN(IFERROR($E123/$F123, 0), $E123-SUM($H123:L123)), 0) -> 0 | N123: =IF(N$2>$D123, MIN(IFERROR($E123/$F123, 0), $E123-SUM($H123:M123)), 0) -> 0 | O123: =IF(O$2>$D123, MIN(IFERROR($E123/$F123, 0), $E123-SUM($H123:N123)), 0) -> 0 | P123: =IF(P$2>$D123, MIN(IFERROR($E123/$F123, 0), $E123-SUM($H123:O123)), 0) -> 0 | ... DY123: =IF(DY$2>$D123, MIN(IFERROR($E123/$F123, 0), $E123-SUM($H123:DX123)), 0) -> 0 | EB123: =ROW(EB123)-ROW($EB$2)+1 -> 122 | EC123: =B123 -> Phase 3 | ED123: =C123 -> 50' Wide | EE123: =EE135 -> Stat | EF123: =EF135 -> Home Sales
B124: =Product!$K$2 -> Phase 3 | C124: =Product!$K$3 -> 60' Wide | D124: =SUMIFS(INDEX(Product!$B$2:$U$97, MATCH(D113, Product!$B$2:$B$97, 0), ), Product!$B$2:$U$2, $B124, Product!$B$3:$U$3, $C124) -> 45504 | E124: =SUMIFS(INDEX(Product!$B$2:$U$97, MATCH(E113, Product!$B$2:$B$97, 0), ), Product!$B$2:$U$2, $B124, Product!$B$3:$U$3, $C124) -> 30 | F124: =SUMIFS(INDEX(Product!$B$2:$U$97, MATCH(F113, Product!$B$2:$B$97, 0), ), Product!$B$2:$U$2, $B124, Product!$B$3:$U$3, $C124) -> 12 | G124: =SUM(H124:DZ124) -> 30 | I124: =IF(I$2>$D124, MIN(IFERROR($E124/$F124, 0), $E124-SUM($H124:H124)), 0) -> 0 | J124: =IF(J$2>$D124, MIN(IFERROR($E124/$F124, 0), $E124-SUM($H124:I124)), 0) -> 0 | K124: =IF(K$2>$D124, MIN(IFERROR($E124/$F124, 0), $E124-SUM($H124:J124)), 0) -> 0 | L124: =IF(L$2>$D124, MIN(IFERROR($E124/$F124, 0), $E124-SUM($H124:K124)), 0) -> 0 | M124: =IF(M$2>$D124, MIN(IFERROR($E124/$F124, 0), $E124-SUM($H124:L124)), 0) -> 0 | N124: =IF(N$2>$D124, MIN(IFERROR($E124/$F124, 0), $E124-SUM($H124:M124)), 0) -> 0 | O124: =IF(O$2>$D124, MIN(IFERROR($E124/$F124, 0), $E124-SUM($H124:N124)), 0) -> 0 | P124: =IF(P$2>$D124, MIN(IFERROR($E124/$F124, 0), $E124-SUM($H124:O124)), 0) -> 0 | ... DY124: =IF(DY$2>$D124, MIN(IFERROR($E124/$F124, 0), $E124-SUM($H124:DX124)), 0) -> 0 | EB124: =ROW(EB124)-ROW($EB$2)+1 -> 123 | EC124: =B124 -> Phase 3 | ED124: =C124 -> 60' Wide | EE124: =EE135 -> Stat | EF124: =EF135 -> Home Sales
B125: =Product!$L$2 -> Phase 3 | C125: =Product!$L$3 -> 75' Wide | D125: =SUMIFS(INDEX(Product!$B$2:$U$97, MATCH(D113, Product!$B$2:$B$97, 0), ), Product!$B$2:$U$2, $B125, Product!$B$3:$U$3, $C125) -> 45504 | E125: =SUMIFS(INDEX(Product!$B$2:$U$97, MATCH(E113, Product!$B$2:$B$97, 0), ), Product!$B$2:$U$2, $B125, Product!$B$3:$U$3, $C125) -> 20 | F125: =SUMIFS(INDEX(Product!$B$2:$U$97, MATCH(F113, Product!$B$2:$B$97, 0), ), Product!$B$2:$U$2, $B125, Product!$B$3:$U$3, $C125) -> 12 | G125: =SUM(H125:DZ125) -> 20 | I125: =IF(I$2>$D125, MIN(IFERROR($E125/$F125, 0), $E125-SUM($H125:H125)), 0) -> 0 | J125: =IF(J$2>$D125, MIN(IFERROR($E125/$F125, 0), $E125-SUM($H125:I125)), 0) -> 0 | K125: =IF(K$2>$D125, MIN(IFERROR($E125/$F125, 0), $E125-SUM($H125:J125)), 0) -> 0 | L125: =IF(L$2>$D125, MIN(IFERROR($E125/$F125, 0), $E125-SUM($H125:K125)), 0) -> 0 | M125: =IF(M$2>$D125, MIN(IFERROR($E125/$F125, 0), $E125-SUM($H125:L125)), 0) -> 0 | N125: =IF(N$2>$D125, MIN(IFERROR($E125/$F125, 0), $E125-SUM($H125:M125)), 0) -> 0 | O125: =IF(O$2>$D125, MIN(IFERROR($E125/$F125, 0), $E125-SUM($H125:N125)), 0) -> 0 | P125: =IF(P$2>$D125, MIN(IFERROR($E125/$F125, 0), $E125-SUM($H125:O125)), 0) -> 0 | ... DY125: =IF(DY$2>$D125, MIN(IFERROR($E125/$F125, 0), $E125-SUM($H125:DX125)), 0) -> 0 | EB125: =ROW(EB125)-ROW($EB$2)+1 -> 124 | EC125: =B125 -> Phase 3 | ED125: =C125 -> 75' Wide | EE125: =EE135 -> Stat | EF125: =EF135 -> Home Sales
B127: =Product!$M$2 -> Phase 4 | C127: =Product!$M$3 -> 50' Wide | D127: =SUMIFS(INDEX(Product!$B$2:$U$97, MATCH(D113, Product!$B$2:$B$97, 0), ), Product!$B$2:$U$2, $B127, Product!$B$3:$U$3, $C127) -> 45869 | E127: =SUMIFS(INDEX(Product!$B$2:$U$97, MATCH(E113, Product!$B$2:$B$97, 0), ), Product!$B$2:$U$2, $B127, Product!$B$3:$U$3, $C127) -> 30 | F127: =SUMIFS(INDEX(Product!$B$2:$U$97, MATCH(F113, Product!$B$2:$B$97, 0), ), Product!$B$2:$U$2, $B127, Product!$B$3:$U$3, $C127) -> 12 | G127: =SUM(H127:DZ127) -> 30 | I127: =IF(I$2>$D127, MIN(IFERROR($E127/$F127, 0), $E127-SUM($H127:H127)), 0) -> 0 | J127: =IF(J$2>$D127, MIN(IFERROR($E127/$F127, 0), $E127-SUM($H127:I127)), 0) -> 0 | K127: =IF(K$2>$D127, MIN(IFERROR($E127/$F127, 0), $E127-SUM($H127:J127)), 0) -> 0 | L127: =IF(L$2>$D127, MIN(IFERROR($E127/$F127, 0), $E127-SUM($H127:K127)), 0) -> 0 | M127: =IF(M$2>$D127, MIN(IFERROR($E127/$F127, 0), $E127-SUM($H127:L127)), 0) -> 0 | N127: =IF(N$2>$D127, MIN(IFERROR($E127/$F127, 0), $E127-SUM($H127:M127)), 0) -> 0 | O127: =IF(O$2>$D127, MIN(IFERROR($E127/$F127, 0), $E127-SUM($H127:N127)), 0) -> 0 | P127: =IF(P$2>$D127, MIN(IFERROR($E127/$F127, 0), $E127-SUM($H127:O127)), 0) -> 0 | ... DY127: =IF(DY$2>$D127, MIN(IFERROR($E127/$F127, 0), $E127-SUM($H127:DX127)), 0) -> 0 | EB127: =ROW(EB127)-ROW($EB$2)+1 -> 126 | EC127: =B127 -> Phase 4 | ED127: =C127 -> 50' Wide | EE127: =EE135 -> Stat | EF127: =EF135 -> Home Sales
B128: =Product!$N$2 -> Phase 4 | C128: =Product!$N$3 -> 60' Wide | D128: =SUMIFS(INDEX(Product!$B$2:$U$97, MATCH(D113, Product!$B$2:$B$97, 0), ), Product!$B$2:$U$2, $B128, Product!$B$3:$U$3, $C128) -> 45869 | E128: =SUMIFS(INDEX(Product!$B$2:$U$97, MATCH(E113, Product!$B$2:$B$97, 0), ), Product!$B$2:$U$2, $B128, Product!$B$3:$U$3, $C128) -> 30 | F128: =SUMIFS(INDEX(Product!$B$2:$U$97, MATCH(F113, Product!$B$2:$B$97, 0), ), Product!$B$2:$U$2, $B128, Product!$B$3:$U$3, $C128) -> 12 | G128: =SUM(H128:DZ128) -> 30 | I128: =IF(I$2>$D128, MIN(IFERROR($E128/$F128, 0), $E128-SUM($H128:H128)), 0) -> 0 | J128: =IF(J$2>$D128, MIN(IFERROR($E128/$F128, 0), $E128-SUM($H128:I128)), 0) -> 0 | K128: =IF(K$2>$D128, MIN(IFERROR($E128/$F128, 0), $E128-SUM($H128:J128)), 0) -> 0 | L128: =IF(L$2>$D128, MIN(IFERROR($E128/$F128, 0), $E128-SUM($H128:K128)), 0) -> 0 | M128: =IF(M$2>$D128, MIN(IFERROR($E128/$F128, 0), $E128-SUM($H128:L128)), 0) -> 0 | N128: =IF(N$2>$D128, MIN(IFERROR($E128/$F128, 0), $E128-SUM($H128:M128)), 0) -> 0 | O128: =IF(O$2>$D128, MIN(IFERROR($E128/$F128, 0), $E128-SUM($H128:N128)), 0) -> 0 | P128: =IF(P$2>$D128, MIN(IFERROR($E128/$F128, 0), $E128-SUM($H128:O128)), 0) -> 0 | ... DY128: =IF(DY$2>$D128, MIN(IFERROR($E128/$F128, 0), $E128-SUM($H128:DX128)), 0) -> 0 | EB128: =ROW(EB128)-ROW($EB$2)+1 -> 127 | EC128: =B128 -> Phase 4 | ED128: =C128 -> 60' Wide | EE128: =EE135 -> Stat | EF128: =EF135 -> Home Sales
B129: =Product!$O$2 -> Phase 4 | C129: =Product!$O$3 -> 75' Wide | D129: =SUMIFS(INDEX(Product!$B$2:$U$97, MATCH(D113, Product!$B$2:$B$97, 0), ), Product!$B$2:$U$2, $B129, Product!$B$3:$U$3, $C129) -> 45869 | E129: =SUMIFS(INDEX(Product!$B$2:$U$97, MATCH(E113, Product!$B$2:$B$97, 0), ), Product!$B$2:$U$2, $B129, Product!$B$3:$U$3, $C129) -> 20 | F129: =SUMIFS(INDEX(Product!$B$2:$U$97, MATCH(F113, Product!$B$2:$B$97, 0), ), Product!$B$2:$U$2, $B129, Product!$B$3:$U$3, $C129) -> 12 | G129: =SUM(H129:DZ129) -> 20 | I129: =IF(I$2>$D129, MIN(IFERROR($E129/$F129, 0), $E129-SUM($H129:H129)), 0) -> 0 | J129: =IF(J$2>$D129, MIN(IFERROR($E129/$F129, 0), $E129-SUM($H129:I129)), 0) -> 0 | K129: =IF(K$2>$D129, MIN(IFERROR($E129/$F129, 0), $E129-SUM($H129:J129)), 0) -> 0 | L129: =IF(L$2>$D129, MIN(IFERROR($E129/$F129, 0), $E129-SUM($H129:K129)), 0) -> 0 | M129: =IF(M$2>$D129, MIN(IFERROR($E129/$F129, 0), $E129-SUM($H129:L129)), 0) -> 0 | N129: =IF(N$2>$D129, MIN(IFERROR($E129/$F129, 0), $E129-SUM($H129:M129)), 0) -> 0 | O129: =IF(O$2>$D129, MIN(IFERROR($E129/$F129, 0), $E129-SUM($H129:N129)), 0) -> 0 | P129: =IF(P$2>$D129, MIN(IFERROR($E129/$F129, 0), $E129-SUM($H129:O129)), 0) -> 0 | ... DY129: =IF(DY$2>$D129, MIN(IFERROR($E129/$F129, 0), $E129-SUM($H129:DX129)), 0) -> 0 | EB129: =ROW(EB129)-ROW($EB$2)+1 -> 128 | EC129: =B129 -> Phase 4 | ED129: =C129 -> 75' Wide | EE129: =EE135 -> Stat | EF129: =EF135 -> Home Sales
B131: =Product!$P$2 -> Phase 5 | C131: =Product!$P$3 -> 50' Wide | D131: =SUMIFS(INDEX(Product!$B$2:$U$97, MATCH(D113, Product!$B$2:$B$97, 0), ), Product!$B$2:$U$2, $B131, Product!$B$3:$U$3, $C131) -> 46234 | E131: =SUMIFS(INDEX(Product!$B$2:$U$97, MATCH(E113, Product!$B$2:$B$97, 0), ), Product!$B$2:$U$2, $B131, Product!$B$3:$U$3, $C131) -> 30 | F131: =SUMIFS(INDEX(Product!$B$2:$U$97, MATCH(F113, Product!$B$2:$B$97, 0), ), Product!$B$2:$U$2, $B131, Product!$B$3:$U$3, $C131) -> 12 | G131: =SUM(H131:DZ131) -> 30 | I131: =IF(I$2>$D131, MIN(IFERROR($E131/$F131, 0), $E131-SUM($H131:H131)), 0) -> 0 | J131: =IF(J$2>$D131, MIN(IFERROR($E131/$F131, 0), $E131-SUM($H131:I131)), 0) -> 0 | K131: =IF(K$2>$D131, MIN(IFERROR($E131/$F131, 0), $E131-SUM($H131:J131)), 0) -> 0 | L131: =IF(L$2>$D131, MIN(IFERROR($E131/$F131, 0), $E131-SUM($H131:K131)), 0) -> 0 | M131: =IF(M$2>$D131, MIN(IFERROR($E131/$F131, 0), $E131-SUM($H131:L131)), 0) -> 0 | N131: =IF(N$2>$D131, MIN(IFERROR($E131/$F131, 0), $E131-SUM($H131:M131)), 0) -> 0 | O131: =IF(O$2>$D131, MIN(IFERROR($E131/$F131, 0), $E131-SUM($H131:N131)), 0) -> 0 | P131: =IF(P$2>$D131, MIN(IFERROR($E131/$F131, 0), $E131-SUM($H131:O131)), 0) -> 0 | ... DY131: =IF(DY$2>$D131, MIN(IFERROR($E131/$F131, 0), $E131-SUM($H131:DX131)), 0) -> 0 | EB131: =ROW(EB131)-ROW($EB$2)+1 -> 130 | EC131: =B131 -> Phase 5 | ED131: =C131 -> 50' Wide | EE131: =EE135 -> Stat | EF131: =EF135 -> Home Sales
B132: =Product!$Q$2 -> Phase 5 | C132: =Product!$Q$3 -> 60' Wide | D132: =SUMIFS(INDEX(Product!$B$2:$U$97, MATCH(D113, Product!$B$2:$B$97, 0), ), Product!$B$2:$U$2, $B132, Product!$B$3:$U$3, $C132) -> 46234 | E132: =SUMIFS(INDEX(Product!$B$2:$U$97, MATCH(E113, Product!$B$2:$B$97, 0), ), Product!$B$2:$U$2, $B132, Product!$B$3:$U$3, $C132) -> 30 | F132: =SUMIFS(INDEX(Product!$B$2:$U$97, MATCH(F113, Product!$B$2:$B$97, 0), ), Product!$B$2:$U$2, $B132, Product!$B$3:$U$3, $C132) -> 12 | G132: =SUM(H132:DZ132) -> 30 | I132: =IF(I$2>$D132, MIN(IFERROR($E132/$F132, 0), $E132-SUM($H132:H132)), 0) -> 0 | J132: =IF(J$2>$D132, MIN(IFERROR($E132/$F132, 0), $E132-SUM($H132:I132)), 0) -> 0 | K132: =IF(K$2>$D132, MIN(IFERROR($E132/$F132, 0), $E132-SUM($H132:J132)), 0) -> 0 | L132: =IF(L$2>$D132, MIN(IFERROR($E132/$F132, 0), $E132-SUM($H132:K132)), 0) -> 0 | M132: =IF(M$2>$D132, MIN(IFERROR($E132/$F132, 0), $E132-SUM($H132:L132)), 0) -> 0 | N132: =IF(N$2>$D132, MIN(IFERROR($E132/$F132, 0), $E132-SUM($H132:M132)), 0) -> 0 | O132: =IF(O$2>$D132, MIN(IFERROR($E132/$F132, 0), $E132-SUM($H132:N132)), 0) -> 0 | P132: =IF(P$2>$D132, MIN(IFERROR($E132/$F132, 0), $E132-SUM($H132:O132)), 0) -> 0 | ... DY132: =IF(DY$2>$D132, MIN(IFERROR($E132/$F132, 0), $E132-SUM($H132:DX132)), 0) -> 0 | EB132: =ROW(EB132)-ROW($EB$2)+1 -> 131 | EC132: =B132 -> Phase 5 | ED132: =C132 -> 60' Wide | EE132: =EE135 -> Stat | EF132: =EF135 -> Home Sales
B133: =Product!$R$2 -> Phase 5 | C133: =Product!$R$3 -> 75' Wide | D133: =SUMIFS(INDEX(Product!$B$2:$U$97, MATCH(D113, Product!$B$2:$B$97, 0), ), Product!$B$2:$U$2, $B133, Product!$B$3:$U$3, $C133) -> 46234 | E133: =SUMIFS(INDEX(Product!$B$2:$U$97, MATCH(E113, Product!$B$2:$B$97, 0), ), Product!$B$2:$U$2, $B133, Product!$B$3:$U$3, $C133) -> 20 | F133: =SUMIFS(INDEX(Product!$B$2:$U$97, MATCH(F113, Product!$B$2:$B$97, 0), ), Product!$B$2:$U$2, $B133, Product!$B$3:$U$3, $C133) -> 12 | G133: =SUM(H133:DZ133) -> 20 | I133: =IF(I$2>$D133, MIN(IFERROR($E133/$F133, 0), $E133-SUM($H133:H133)), 0) -> 0 | J133: =IF(J$2>$D133, MIN(IFERROR($E133/$F133, 0), $E133-SUM($H133:I133)), 0) -> 0 | K133: =IF(K$2>$D133, MIN(IFERROR($E133/$F133, 0), $E133-SUM($H133:J133)), 0) -> 0 | L133: =IF(L$2>$D133, MIN(IFERROR($E133/$F133, 0), $E133-SUM($H133:K133)), 0) -> 0 | M133: =IF(M$2>$D133, MIN(IFERROR($E133/$F133, 0), $E133-SUM($H133:L133)), 0) -> 0 | N133: =IF(N$2>$D133, MIN(IFERROR($E133/$F133, 0), $E133-SUM($H133:M133)), 0) -> 0 | O133: =IF(O$2>$D133, MIN(IFERROR($E133/$F133, 0), $E133-SUM($H133:N133)), 0) -> 0 | P133: =IF(P$2>$D133, MIN(IFERROR($E133/$F133, 0), $E133-SUM($H133:O133)), 0) -> 0 | ... DY133: =IF(DY$2>$D133, MIN(IFERROR($E133/$F133, 0), $E133-SUM($H133:DX133)), 0) -> 0 | EB133: =ROW(EB133)-ROW($EB$2)+1 -> 132 | EC133: =B133 -> Phase 5 | ED133: =C133 -> 75' Wide | EE133: =EE135 -> Stat | EF133: =EF135 -> Home Sales
B135: TOTAL | G135: =SUM(G113:G134) -> 400 | I135: =SUM(I113:I134) -> 0 | J135: =SUM(J113:J134) -> 0 | K135: =SUM(K113:K134) -> 0 | L135: =SUM(L113:L134) -> 0 | M135: =SUM(M113:M134) -> 0 | N135: =SUM(N113:N134) -> 0 | O135: =SUM(O113:O134) -> 0 | P135: =SUM(P113:P134) -> 0 | ... DY135: =SUM(DY113:DY134) -> 0 | EB135: =ROW(EB135)-ROW($EB$2)+1 -> 134 | EC135: Total | ED135: Total | EE135: Stat | EF135: =CF!$C$9 -> Home Sales
A137: Cuml. Product Sales
B139: =Product!$D$2 -> Phase 1 | C139: =Product!$D$3 -> 50' Wide | G139: =SUM(H139:DZ139) -> 3225 | I139: =H139+I115 -> 0 | J139: =I139+J115 -> 0 | K139: =J139+K115 -> 0 | L139: =K139+L115 -> 0 | M139: =L139+M115 -> 0 | N139: =M139+N115 -> 0 | O139: =N139+O115 -> 0 | P139: =O139+P115 -> 0 | ... DY139: =DX139+DY115 -> 30
B140: =Product!$E$2 -> Phase 1 | C140: =Product!$E$3 -> 60' Wide | G140: =SUM(H140:DZ140) -> 3225 | I140: =H140+I116 -> 0 | J140: =I140+J116 -> 0 | K140: =J140+K116 -> 0 | L140: =K140+L116 -> 0 | M140: =L140+M116 -> 0 | N140: =M140+N116 -> 0 | O140: =N140+O116 -> 0 | P140: =O140+P116 -> 0 | ... DY140: =DX140+DY116 -> 30
...

Sheet CF
A1: =Inputs!$D$4 -> Community ABC | EF1: Phase | EG1: Total
B2: Cash Flow ($'s in millions) | EF2: Product | EG2: Total
C5: Assuming 0% inflation over time | F5: Assumption | J5: =J105 -> 2022 | K5: =K105 -> 2023 | L5: =L105 -> 2024 | M5: =M105 -> 2025 | N5: =N105 -> 2026 | O5: =O105 -> 2027 | P5: =P105 -> 2028 | Q5: =Q105 -> 2029 | ... DZ5: =DZ105 -> 2142 | EC5: Total | EF5: Ledger | EG5: Row
C7: Project Statistics:
C9: Home Sales | J9: =SUMIFS(INDEX(Calc!$H$2:$DZ$1549, $EG9, ), Calc!$H$15:$DZ$15, J$103) -> 26.666667 | K9: =SUMIFS(INDEX(Calc!$H$2:$DZ$1549, $EG9, ), Calc!$H$15:$DZ$15, K$103) -> 80 | L9: =SUMIFS(INDEX(Calc!$H$2:$DZ$1549, $EG9, ), Calc!$H$15:$DZ$15, L$103) -> 80 | M9: =SUMIFS(INDEX(Calc!$H$2:$DZ$1549, $EG9, ), Calc!$H$15:$DZ$15, M$103) -> 80 | N9: =SUMIFS(INDEX(Calc!$H$2:$DZ$1549, $EG9, ), Calc!$H$15:$DZ$15, N$103) -> 80 | O9: =SUMIFS(INDEX(Calc!$H$2:$DZ$1549, $EG9, ), Calc!$H$15:$DZ$15, O$103) -> 53.333333 | P9: =SUMIFS(INDEX(Calc!$H$2:$DZ$1549, $EG9, ), Calc!$H$15:$DZ$15, P$103) -> 0 | Q9: =SUMIFS(INDEX(Calc!$H$2:$DZ$1549, $EG9, ), Calc!$H$15:$DZ$15, Q$103) -> 0 | ... DZ9: =SUMIFS(INDEX(Calc!$H$2:$DZ$1549, $EG9, ), Calc!$H$15:$DZ$15, DZ$103) -> 0 | EC9: =SUM(I9:EA9) -> 400 | EF9: Stat | EG9: =SUMIFS(Calc!$EB$2:$EB$1549, Calc!$EC$2:$EC$1549, $EG$1, Calc!$ED$2:$ED$1549, $EG$2, Calc!$EE$2:$EE$1549, $EF9, Calc!$EF$2:$EF$1549, $C9) -> 134
C10: Home Closings | J10: =SUMIFS(INDEX(Calc!$H$2:$DZ$1549, $EG10, ), Calc!$H$15:$DZ$15, J$103) -> 0 | K10: =SUMIFS(INDEX(Calc!$H$2:$DZ$1549, $EG10, ), Calc!$H$15:$DZ$15, K$103) -> 66.666667 | L10: =SUMIFS(INDEX(Calc!$H$2:$DZ$1549, $EG10, ), Calc!$H$15:$DZ$15, L$103) -> 80 | M10: =SUMIFS(INDEX(Calc!$H$2:$DZ$1549, $EG10, ), Calc!$H$15:$DZ$15, M$103) -> 80 | N10: =SUMIFS(INDEX(Calc!$H$2:$DZ$1549, $EG10, ), Calc!$H$15:$DZ$15, N$103) -> 80 | O10: =SUMIFS(INDEX(Calc!$H$2:$DZ$1549, $EG10, ), Calc!$H$15:$DZ$15, O$103) -> 80 | P10: =SUMIFS(INDEX(Calc!$H$2:$DZ$1549, $EG10, ), Calc!$H$15:$DZ$15, P$103) -> 13.333333 | Q10: =SUMIFS(INDEX(Calc!$H$2:$DZ$1549, $EG10, ), Calc!$H$15:$DZ$15, Q$103) -> 0 | ... DZ10: =SUMIFS(INDEX(Calc!$H$2:$DZ$1549, $EG10, ), Calc!$H$15:$DZ$15, DZ$103) -> 0 | EC10: =SUM(I10:EA10) -> 400 | EF10: Stat | EG10: =SUMIFS(Calc!$EB$2:$EB$1549, Calc!$EC$2:$EC$1549, $EG$1, Calc!$ED$2:$ED$1549, $EG$2, Calc!$EE$2:$EE$1549, $EF10, Calc!$EF$2:$EF$1549, $C10) -> 182
C11: Average Home Price | J11: =IFERROR(J20/J10, 0)*Inputs!$D$10 -> 0 | K11: =IFERROR(K20/K10, 0)*Inputs!$D$10 -> 393911.25 | L11: =IFERROR(L20/L10, 0)*Inputs!$D$10 -> 386187.5 | M11: =IFERROR(M20/M10, 0)*Inputs!$D$10 -> 386187.5 | N11: =IFERROR(N20/N10, 0)*Inputs!$D$10 -> 386187.5 | O11: =IFERROR(O20/O10, 0)*Inputs!$D$10 -> 373314.58 | P11: =IFERROR(P20/P10, 0)*Inputs!$D$10 -> 347568.75 | Q11: =IFERROR(Q20/Q10, 0)*Inputs!$D$10 -> 0 | ... DZ11: =IFERROR(DZ20/DZ10, 0)*Inputs!$D$10 -> 0 | EC11: =EC20/EC10*Inputs!$D$10 -> 386187.5
C13: Revenue:
C15: Base House Revenue | F15: =EC15/$EC$10*Inputs!$D$10 -> 336187.5 | G15: per home | J15: =SUMIFS(INDEX(Calc!$H$2:$DZ$1549, $EG15, ), Calc!$H$15:$DZ$15, J$103)/$F$107 -> 0 | K15: =SUMIFS(INDEX(Calc!$H$2:$DZ$1549, $EG15, ), Calc!$H$15:$DZ$15, K$103)/$F$107 -> 22.4125 | L15: =SUMIFS(INDEX(Calc!$H$2:$DZ$1549, $EG15, ), Calc!$H$15:$DZ$15, L$103)/$F$107 -> 26.895 | M15: =SUMIFS(INDEX(Calc!$H$2:$DZ$1549, $EG15, ), Calc!$H$15:$DZ$15, M$103)/$F$107 -> 26.895 | N15: =SUMIFS(INDEX(Calc!$H$2:$DZ$1549, $EG15, ), Calc!$H$15:$DZ$15, N$103)/$F$107 -> 26.895 | O15: =SUMIFS(INDEX(Calc!$H$2:$DZ$1549, $EG15, ), Calc!$H$15:$DZ$15, O$103)/$F$107 -> 26.895 | P15: =SUMIFS(INDEX(Calc!$H$2:$DZ$1549, $EG15, ), Calc!$H$15:$DZ$15, P$103)/$F$107 -> 4.4825 | Q15: =SUMIFS(INDEX(Calc!$H$2:$DZ$1549, $EG15, ), Calc!$H$15:$DZ$15, Q$103)/$F$107 -> 0 | ... DZ15: =SUMIFS(INDEX(Calc!$H$2:$DZ$1549, $EG15, ), Calc!$H$15:$DZ$15, DZ$103)/$F$107 -> 0 | EC15: =SUM(I15:EA15) -> 134.475 | EF15: * | EG15: =SUMIFS(Calc!$EB$2:$EB$1549, Calc!$EC$2:$EC$1549, $EG$1, Calc!$ED$2:$ED$1549, $EG$2, Calc!$EE$2:$EE$1549, $EF15, Calc!$EF$2:$EF$1549, $C15) -> 279
C16: Options & Upgrades | F16: =EC16/$EC$10*Inputs!$D$10 -> 40000 | G16: per home | J16: =SUMIFS(INDEX(Calc!$H$2:$DZ$1549, $EG16, ), Calc!$H$15:$DZ$15, J$103)/$F$107 -> 0 | K16: =SUMIFS(INDEX(Calc!$H$2:$DZ$1549, $EG16, ), Calc!$H$15:$DZ$15, K$103)/$F$107 -> 2.6666667 | L16: =SUMIFS(INDEX(Calc!$H$2:$DZ$1549, $EG16, ), Calc!$H$15:$DZ$15, L$103)/$F$107 -> 3.2 | M16: =SUMIFS(INDEX(Calc!$H$2:$DZ$1549, $EG16, ), Calc!$H$15:$DZ$15, M$103)/$F$107 -> 3.2 | N16: =SUMIFS(INDEX(Calc!$H$2:$DZ$1549, $EG16, ), Calc!$H$15:$DZ$15, N$103)/$F$107 -> 3.2 | O16: =SUMIFS(INDEX(Calc!$H$2:$DZ$1549, $EG16, ), Calc!$H$15:$DZ$15, O$103)/$F$107 -> 3.2 | P16: =SUMIFS(INDEX(Calc!$H$2:$DZ$1549, $EG16, ), Calc!$H$15:$DZ$15, P$103)/$F$107 -> 0.53333333 | Q16: =SUMIFS(INDEX(Calc!$H$2:$DZ$1549, $EG16, ), Calc!$H$15:$DZ$15, Q$103)/$F$107 -> 0 | ... DZ16: =SUMIFS(INDEX(Calc!$H$2:$DZ$1549, $EG16, ), Calc!$H$15:$DZ$15, DZ$103)/$F$107 -> 0 | EC16: =SUM(I16:EA16) -> 16 | EF16: * | EG16: =SUMIFS(Calc!$EB$2:$EB$1549, Calc!$EC$2:$EC$1549, $EG$1, Calc!$ED$2:$ED$1549, $EG$2, Calc!$EE$2:$EE$1549, $EF16, Calc!$EF$2:$EF$1549, $C16) -> 303
C17: Premiums | F17: =EC17/$EC$10*Inputs!$D$10 -> 10000 | G17: per home | J17: =SUMIFS(INDEX(Calc!$H$2:$DZ$1549, $EG17, ), Calc!$H$15:$DZ$15, J$103)/$F$107 -> 0 | K17: =SUMIFS(INDEX(Calc!$H$2:$DZ$1549, $EG17, ), Calc!$H$15:$DZ$15, K$103)/$F$107 -> 0.66666667 | L17: =SUMIFS(INDEX(Calc!$H$2:$DZ$1549, $EG17, ), Calc!$H$15:$DZ$15, L$103)/$F$107 -> 0.8 | M17: =SUMIFS(INDEX(Calc!$H$2:$DZ$1549, $EG17, ), Calc!$H$15:$DZ$15, M$103)/$F$107 -> 0.8 | N17: =SUMIFS(INDEX(Calc!$H$2:$DZ$1549, $EG17, ), Calc!$H$15:$DZ$15, N$103)/$F$107 -> 0.8 | O17: =SUMIFS(INDEX(Calc!$H$2:$DZ$1549, $EG17, ), Calc!$H$15:$DZ$15, O$103)/$F$107 -> 0.8 | P17: =SUMIFS(INDEX(Calc!$H$2:$DZ$1549, $EG17, ), Calc!$H$15:$DZ$15, P$103)/$F$107 -> 0.13333333 | Q17: =SUMIFS(INDEX(Calc!$H$2:$DZ$1549, $EG17, ), Calc!$H$15:$DZ$15, Q$103)/$F$107 -> 0 | ... DZ17: =SUMIFS(INDEX(Calc!$H$2:$DZ$1549, $EG17, ), Calc!$H$15:$DZ$15, DZ$103)/$F$107 -> 0 | EC17: =SUM(I17:EA17) -> 4 | EF17: * | EG17: =SUMIFS(Calc!$EB$2:$EB$1549, Calc!$EC$2:$EC$1549, $EG$1, Calc!$ED$2:$ED$1549, $EG$2, Calc!$EE$2:$EE$1549, $EF17, Calc!$EF$2:$EF$1549, $C17) -> 327
C18: Deposits | F18: =EC18/$EC$10*Inputs!$D$10 -> 0 | G18: per home | J18: =SUMIFS(INDEX(Calc!$H$2:$DZ$1549, $EG18, ), Calc!$H$15:$DZ$15, J$103)/$F$107 -> 1.0298333 | K18: =SUMIFS(INDEX(Calc!$H$2:$DZ$1549, $EG18, ), Calc!$H$15:$DZ$15, K$103)/$F$107 -> 0.51491667 | L18: =SUMIFS(INDEX(Calc!$H$2:$DZ$1549, $EG18, ), Calc!$H$15:$DZ$15, L$103)/$F$107 -> 0 | M18: =SUMIFS(INDEX(Calc!$H$2:$DZ$1549, $EG18, ), Calc!$H$15:$DZ$15, M$103)/$F$107 -> 0 | N18: =SUMIFS(INDEX(Calc!$H$2:$DZ$1549, $EG18, ), Calc!$H$15:$DZ$15, N$103)/$F$107 -> 0 | O18: =SUMIFS(INDEX(Calc!$H$2:$DZ$1549, $EG18, ), Calc!$H$15:$DZ$15, O$103)/$F$107 -> -1.0298333 | P18: =SUMIFS(INDEX(Calc!$H$2:$DZ$1549, $EG18, ), Calc!$H$15:$DZ$15, P$103)/$F$107 -> -0.51491667 | Q18: =SUMIFS(INDEX(Calc!$H$2:$DZ$1549, $EG18, ), Calc!$H$15:$DZ$15, Q$103)/$F$107 -> 0 | ... DZ18: =SUMIFS(INDEX(Calc!$H$2:$DZ$1549, $EG18, ), Calc!$H$15:$DZ$15, DZ$103)/$F$107 -> 0 | EC18: =SUM(I18:EA18) -> 0 | EF18: Cash | EG18: =SUMIFS(Calc!$EB$2:$EB$1549, Calc!$EC$2:$EC$1549, $EG$1, Calc!$ED$2:$ED$1549, $EG$2, Calc!$EE$2:$EE$1549, $EF18, Calc!$EF$2:$EF$1549, $C18) -> 351
C20: Total Revenue | F20: =EC20/$EC$10*Inputs!$D$10 -> 386187.5 | G20: per home | J20: =SUM(J14:J19) -> 1.0298333 | K20: =SUM(K14:K19) -> 26.26075 | L20: =SUM(L14:L19) -> 30.895 | M20: =SUM(M14:M19) -> 30.895 | N20: =SUM(N14:N19) -> 30.895 | O20: =SUM(O14:O19) -> 29.865167 | P20: =SUM(P14:P19) -> 4.63425 | Q20: =SUM(Q14:Q19) -> 0 | ... DZ20: =SUM(DZ14:DZ19) -> 0 | EC20: =SUM(EC14:EC19) -> 154.475
C22: Direct Costs:
C24: Land Acquisition | F24: =EC24/$EC$10*Inputs!$D$10 -> -20000 | G24: per home | J24: =SUMIFS(INDEX(Calc!$H$2:$DZ$1549, $EG24, ), Calc!$H$15:$DZ$15, J$103)/$F$107 -> -1.6 | K24: =SUMIFS(INDEX(Calc!$H$2:$DZ$1549, $EG24, ), Calc!$H$15:$DZ$15, K$103)/$F$107 -> -1.6 | L24: =SUMIFS(INDEX(Calc!$H$2:$DZ$1549, $EG24, ), Calc!$H$15:$DZ$15, L$103)/$F$107 -> -1.6 | M24: =SUMIFS(INDEX(Calc!$H$2:$DZ$1549, $EG24, ), Calc!$H$15:$DZ$15, M$103)/$F$107 -> -1.6 | N24: =SUMIFS(INDEX(Calc!$H$2:$DZ$1549, $EG24, ), Calc!$H$15:$DZ$15, N$103)/$F$107 -> -1.6 | O24: =SUMIFS(INDEX(Calc!$H$2:$DZ$1549, $EG24, ), Calc!$H$15:$DZ$15, O$103)/$F$107 -> 0 | P24: =SUMIFS(INDEX(Calc!$H$2:$DZ$1549, $EG24, ), Calc!$H$15:$DZ$15, P$103)/$F$107 -> 0 | Q24: =SUMIFS(INDEX(Calc!$H$2:$DZ$1549, $EG24, ), Calc!$H$15:$DZ$15, Q$103)/$F$107 -> 0 | ... DZ24: =SUMIFS(INDEX(Calc!$H$2:$DZ$1549, $EG24, ), Calc!$H$15:$DZ$15, DZ$103)/$F$107 -> 0 | EC24: =SUM(I24:EA24) -> -8 | EF24: Cash | EG24: =SUMIFS(Calc!$EB$2:$EB$1549, Calc!$EC$2:$EC$1549, $EG$1, Calc!$ED$2:$ED$1549, $EG$2, Calc!$EE$2:$EE$1549, $EF24, Calc!$EF$2:$EF$1549, $C24) -> 375
C25: Lot Parcel Development | F25: =EC25/$EC$10*Inputs!$D$10 -> -25000 | G25: per home | J25: =SUMIFS(INDEX(Calc!$H$2:$DZ$1549, $EG25, ), Calc!$H$15:$DZ$15, J$103)/$F$107 -> -2 | K25: =SUMIFS(INDEX(Calc!$H$2:$DZ$1549, $EG25, ), Calc!$H$15:$DZ$15, K$103)/$F$107 -> -2 | L25: =SUMIFS(INDEX(Calc!$H$2:$DZ$1549, $EG25, ), Calc!$H$15:$DZ$15, L$103)/$F$107 -> -2 | M25: =SUMIFS(INDEX(Calc!$H$2:$DZ$1549, $EG25, ), Calc!$H$15:$DZ$15, M$103)/$F$107 -> -2 | N25: =SUMIFS(INDEX(Calc!$H$2:$DZ$1549, $EG25, ), Calc!$H$15:$DZ$15, N$103)/$F$107 -> -2 | O25: =SUMIFS(INDEX(Calc!$H$2:$DZ$1549, $EG25, ), Calc!$H$15:$DZ$15, O$103)/$F$107 -> 0 | P25: =SUMIFS(INDEX(Calc!$H$2:$DZ$1549, $EG25, ), Calc!$H$15:$DZ$15, P$103)/$F$107 -> 0 | Q25: =SUMIFS(INDEX(Calc!$H$2:$DZ$1549, $EG25, ), Calc!$H$15:$DZ$15, Q$103)/$F$107 -> 0 | ... DZ25: =SUMIFS(INDEX(Calc!$H$2:$DZ$1549, $EG25, ), Calc!$H$15:$DZ$15, DZ$103)/$F$107 -> 0 | EC25: =SUM(I25:EA25) -> -10 | EF25: Cash | EG25: =SUMIFS(Calc!$EB$2:$EB$1549, Calc!$EC$2:$EC$1549, $EG$1, Calc!$ED$2:$ED$1549, $EG$2, Calc!$EE$2:$EE$1549, $EF25, Calc!$EF$2:$EF$1549, $C25) -> 423
C26: Home Construction - Base | F26: =EC26/$EC$10*Inputs!$D$10 -> -130000 | G26: per home | J26: =SUMIFS(INDEX(Calc!$H$2:$DZ$1549, $EG26, ), Calc!$H$15:$DZ$15, J$103)/$F$107 -> -6.9333333 | K26: =SUMIFS(INDEX(Calc!$H$2:$DZ$1549, $EG26, ), Calc!$H$15:$DZ$15, K$103)/$F$107 -> -10.4 | L26: =SUMIFS(INDEX(Calc!$H$2:$DZ$1549, $EG26, ), Calc!$H$15:$DZ$15, L$103)/$F$107 -> -10.4 | M26: =SUMIFS(INDEX(Calc!$H$2:$DZ$1549, $EG26, ), Calc!$H$15:$DZ$15, M$103)/$F$107 -> -10.4 | N26: =SUMIFS(INDEX(Calc!$H$2:$DZ$1549, $EG26, ), Calc!$H$15:$DZ$15, N$103)/$F$107 -> -10.4 | O26: =SUMIFS(INDEX(Calc!$H$2:$DZ$1549, $EG26, ), Calc!$H$15:$DZ$15, O$103)/$F$107 -> -3.4666667 | P26: =SUMIFS(INDEX(Calc!$H$2:$DZ$1549, $EG26, ), Calc!$H$15:$DZ$15, P$103)/$F$107 -> 0 | Q26: =SUMIFS(INDEX(Calc!$H$2:$DZ$1549, $EG26, ), Calc!$H$15:$DZ$15, Q$103)/$F$107 -> 0 | ... DZ26: =SUMIFS(INDEX(Calc!$H$2:$DZ$1549, $EG26, ), Calc!$H$15:$DZ$15, DZ$103)/$F$107 -> 0 | EC26: =SUM(I26:EA26) -> -52 | EF26: Cash | EG26: =SUMIFS(Calc!$EB$2:$EB$1549, Calc!$EC$2:$EC$1549, $EG$1, Calc!$ED$2:$ED$1549, $EG$2, Calc!$EE$2:$EE$1549, $EF26, Calc!$EF$2:$EF$1549, $C26) -> 471
C27: Home Construction - Options | F27: =EC27/$EC$10*Inputs!$D$10 -> -30000 | G27: per home | J27: =SUMIFS(INDEX(Calc!$H$2:$DZ$1549, $EG27, ), Calc!$H$15:$DZ$15, J$103)/$F$107 -> -1.6 | K27: =SUMIFS(INDEX(Calc!$H$2:$DZ$1549, $EG27, ), Calc!$H$15:$DZ$15, K$103)/$F$107 -> -2.4 | L27: =SUMIFS(INDEX(Calc!$H$2:$DZ$1549, $EG27, ), Calc!$H$15:$DZ$15, L$103)/$F$107 -> -2.4 | M27: =SUMIFS(INDEX(Calc!$H$2:$DZ$1549, $EG27, ), Calc!$H$15:$DZ$15, M$103)/$F$107 -> -2.4 | N27: =SUMIFS(INDEX(Calc!$H$2:$DZ$1549, $EG27, ), Calc!$H$15:$DZ$15, N$103)/$F$107 -> -2.4 | O27: =SUMIFS(INDEX(Calc!$H$2:$DZ$1549, $EG27, ), Calc!$H$15:$DZ$15, O$103)/$F$107 -> -0.8 | P27: =SUMIFS(INDEX(Calc!$H$2:$DZ$1549, $EG27, ), Calc!$H$15:$DZ$15, P$103)/$F$107 -> 0 | Q27: =SUMIFS(INDEX(Calc!$H$2:$DZ$1549, $EG27, ), Calc!$H$15:$DZ$15, Q$103)/$F$107 -> 0 | ... DZ27: =SUMIFS(INDEX(Calc!$H$2:$DZ$1549, $EG27, ), Calc!$H$15:$DZ$15, DZ$103)/$F$107 -> 0 | EC27: =SUM(I27:EA27) -> -12 | EF27: Cash | EG27: =SUMIFS(Calc!$EB$2:$EB$1549, Calc!$EC$2:$EC$1549, $EG$1, Calc!$ED$2:$ED$1549, $EG$2, Calc!$EE$2:$EE$1549, $EF27, Calc!$EF$2:$EF$1549, $C27) -> 519
C28: Direct Overhead | F28: =EC28/$EC$10*Inputs!$D$10 -> -6000 | G28: per home | J28: =SUMIFS(INDEX(Calc!$H$2:$DZ$1549, $EG28, ), Calc!$H$15:$DZ$15, J$103)/$F$107 -> -0.13333333 | K28: =SUMIFS(INDEX(Calc!$H$2:$DZ$1549, $EG28, ), Calc!$H$15:$DZ$15, K$103)/$F$107 -> -0.48 | L28: =SUMIFS(INDEX(Calc!$H$2:$DZ$1549, $EG28, ), Calc!$H$15:$DZ$15, L$103)/$F$107 -> -0.48 | M28: =SUMIFS(INDEX(Calc!$H$2:$DZ$1549, $EG28, ), Calc!$H$15:$DZ$15, M$103)/$F$107 -> -0.48 | N28: =SUMIFS(INDEX(Calc!$H$2:$DZ$1549, $EG28, ), Calc!$H$15:$DZ$15, N$103)/$F$107 -> -0.48 | O28: =SUMIFS(INDEX(Calc!$H$2:$DZ$1549, $EG28, ), Calc!$H$15:$DZ$15, O$103)/$F$107 -> -0.34666667 | P28: =SUMIFS(INDEX(Calc!$H$2:$DZ$1549, $EG28, ), Calc!$H$15:$DZ$15, P$103)/$F$107 -> 0 | Q28: =SUMIFS(INDEX(Calc!$H$2:$DZ$1549, $EG28, ), Calc!$H$15:$DZ$15, Q$103)/$F$107 -> 0 | ... DZ28: =SUMIFS(INDEX(Calc!$H$2:$DZ$1549, $EG28, ), Calc!$H$15:$DZ$15, DZ$103)/$F$107 -> 0 | EC28: =SUM(I28:EA28) -> -2.4 | EF28: Cash | EG28: =SUMIFS(Calc!$EB$2:$EB$1549, Calc!$EC$2:$EC$1549, $EG$1, Calc!$ED$2:$ED$1549, $EG$2, Calc!$EE$2:$EE$1549, $EF28, Calc!$EF$2:$EF$1549, $C28) -> 567
C30: Total Direct Costs | F30: =EC30/$EC$10*Inputs!$D$10 -> -211000 | G30: per home | J30: =SUM(J23:J29) -> -12.266667 | K30: =SUM(K23:K29) -> -16.88 | L30: =SUM(L23:L29) -> -16.88 | M30: =SUM(M23:M29) -> -16.88 | N30: =SUM(N23:N29) -> -16.88 | O30: =SUM(O23:O29) -> -4.6133333 | P30: =SUM(P23:P29) -> 0 | Q30: =SUM(Q23:Q29) -> 0 | ... DZ30: =SUM(DZ23:DZ29) -> 0 | EC30: =SUM(EC23:EC29) -> -84.4
C32: Direct Profit | F32: =EC32/$EC$10*Inputs!$D$10 -> 175187.5 | G32: per home | J32: =SUM(J20, J30) -> -11.236833 | K32: =SUM(K20, K30) -> 9.38075 | L32: =SUM(L20, L30) -> 14.015 | M32: =SUM(M20, M30) -> 14.015 | N32: =SUM(N20, N30) -> 14.015 | O32: =SUM(O20, O30) -> 25.251833 | P32: =SUM(P20, P30) -> 4.63425 | Q32: =SUM(Q20, Q30) -> 0 | ... DZ32: =SUM(DZ20, DZ30) -> 0 | EC32: =SUM(EC20, EC30) -> 70.075
C34: Transaction Costs:
C36: Broker Commissions | F36: =EC36/$EC$20 -> -0.05 | G36: % revenue | J36: =SUMIFS(INDEX(Calc!$H$2:$DZ$1549, $EG36, ), Calc!$H$15:$DZ$15, J$103)/$F$107 -> 0 | K36: =SUMIFS(INDEX(Calc!$H$2:$DZ$1549, $EG36, ), Calc!$H$15:$DZ$15, K$103)/$F$107 -> -1.2872917 | L36: =SUMIFS(INDEX(Calc!$H$2:$DZ$1549, $EG36, ), Calc!$H$15:$DZ$15, L$103)/$F$107 -> -1.54475 | M36: =SUMIFS(INDEX(Calc!$H$2:$DZ$1549, $EG36, ), Calc!$H$15:$DZ$15, M$103)/$F$107 -> -1.54475 | N36: =SUMIFS(INDEX(Calc!$H$2:$DZ$1549, $EG36, ), Calc!$H$15:$DZ$15, N$103)/$F$107 -> -1.54475 | O36: =SUMIFS(INDEX(Calc!$H$2:$DZ$1549, $EG36, ), Calc!$H$15:$DZ$15, O$103)/$F$107 -> -1.54475 | P36: =SUMIFS(INDEX(Calc!$H$2:$DZ$1549, $EG36, ), Calc!$H$15:$DZ$15, P$103)/$F$107 -> -0.25745833 | Q36: =SUMIFS(INDEX(Calc!$H$2:$DZ$1549, $EG36, ), Calc!$H$15:$DZ$15, Q$103)/$F$107 -> 0 | ... DZ36: =SUMIFS(INDEX(Calc!$H$2:$DZ$1549, $EG36, ), Calc!$H$15:$DZ$15, DZ$103)/$F$107 -> 0 | EC36: =SUM(I36:EA36) -> -7.72375 | EF36: * | EG36: =SUMIFS(Calc!$EB$2:$EB$1549, Calc!$EC$2:$EC$1549, $EG$1, Calc!$ED$2:$ED$1549, $EG$2, Calc!$EE$2:$EE$1549, $EF36, Calc!$EF$2:$EF$1549, $C36) -> 616
C37: Closing Costs | F37: =EC37/$EC$20 -> -0.0125 | G37: % revenue | J37: =SUMIFS(INDEX(Calc!$H$2:$DZ$1549, $EG37, ), Calc!$H$15:$DZ$15, J$103)/$F$107 -> 0 | K37: =SUMIFS(INDEX(Calc!$H$2:$DZ$1549, $EG37, ), Calc!$H$15:$DZ$15, K$103)/$F$107 -> -0.32182292 | L37: =SUMIFS(INDEX(Calc!$H$2:$DZ$1549, $EG37, ), Calc!$H$15:$DZ$15, L$103)/$F$107 -> -0.3861875 | M37: =SUMIFS(INDEX(Calc!$H$2:$DZ$1549, $EG37, ), Calc!$H$15:$DZ$15, M$103)/$F$107 -> -0.3861875 | N37: =SUMIFS(INDEX(Calc!$H$2:$DZ$1549, $EG37, ), Calc!$H$15:$DZ$15, N$103)/$F$107 -> -0.3861875 | O37: =SUMIFS(INDEX(Calc!$H$2:$DZ$1549, $EG37, ), Calc!$H$15:$DZ$15, O$103)/$F$107 -> -0.3861875 | P37: =SUMIFS(INDEX(Calc!$H$2:$DZ$1549, $EG37, ), Calc!$H$15:$DZ$15, P$103)/$F$107 -> -0.064364583 | Q37: =SUMIFS(INDEX(Calc!$H$2:$DZ$1549, $EG37, ), Calc!$H$15:$DZ$15, Q$103)/$F$107 -> 0 | ... DZ37: =SUMIFS(INDEX(Calc!$H$2:$DZ$1549, $EG37, ), Calc!$H$15:$DZ$15, DZ$103)/$F$107 -> 0 | EC37: =SUM(I37:EA37) -> -1.9309375 | EF37: * | EG37: =SUMIFS(Calc!$EB$2:$EB$1549, Calc!$EC$2:$EC$1549, $EG$1, Calc!$ED$2:$ED$1549, $EG$2, Calc!$EE$2:$EE$1549, $EF37, Calc!$EF$2:$EF$1549, $C37) -> 640
C39: Total Transaction Costs | F39: =EC39/$EC$10*Inputs!$D$10 -> -24136.719 | G39: per home | J39: =SUM(J35:J38) -> 0 | K39: =SUM(K35:K38) -> -1.6091146 | L39: =SUM(L35:L38) -> -1.9309375 | M39: =SUM(M35:M38) -> -1.9309375 | N39: =SUM(N35:N38) -> -1.9309375 | O39: =SUM(O35:O38) -> -1.9309375 | P39: =SUM(P35:P38) -> -0.32182292 | Q39: =SUM(Q35:Q38) -> 0 | ... DZ39: =SUM(DZ35:DZ38) -> 0 | EC39: =SUM(EC35:EC38) -> -9.6546875
C41: Gross Profit | F41: =EC41/$EC$10*Inputs!$D$10 -> 151050.78 | G41: per home | J41: =SUM(J32, J39) -> -11.236833 | K41: =SUM(K32, K39) -> 7.7716354 | L41: =SUM(L32, L39) -> 12.084062 | M41: =SUM(M32, M39) -> 12.084062 | N41: =SUM(N32, N39) -> 12.084062 | O41: =SUM(O32, O39) -> 23.320896 | P41: =SUM(P32, P39) -> 4.3124271 | Q41: =SUM(Q32, Q39) -> 0 | ... DZ41: =SUM(DZ32, DZ39) -> 0 | EC41: =SUM(EC32, EC39) -> 60.420312
C43: Selling, General, and Administrative:
C45: Advertising / Sales Center | F45: =EC45/$EC$20 -> -0.025 | G45: % revenue | J45: =SUMIFS(INDEX(Calc!$H$2:$DZ$1549, $EG45, ), Calc!$H$15:$DZ$15, J$103)/$F$107 -> -0.32182292 | K45: =SUMIFS(INDEX(Calc!$H$2:$DZ$1549, $EG45, ), Calc!$H$15:$DZ$15, K$103)/$F$107 -> -0.772375 | L45: =SUMIFS(INDEX(Calc!$H$2:$DZ$1549, $EG45, ), Calc!$H$15:$DZ$15, L$103)/$F$107 -> -0.772375 | M45: =SUMIFS(INDEX(Calc!$H$2:$DZ$1549, $EG45, ), Calc!$H$15:$DZ$15, M$103)/$F$107 -> -0.772375 | N45: =SUMIFS(INDEX(Calc!$H$2:$DZ$1549, $EG45, ), Calc!$H$15:$DZ$15, N$103)/$F$107 -> -0.772375 | O45: =SUMIFS(INDEX(Calc!$H$2:$DZ$1549, $EG45, ), Calc!$H$15:$DZ$15, O$103)/$F$107 -> -0.45055208 | P45: =SUMIFS(INDEX(Calc!$H$2:$DZ$1549, $EG45, ), Calc!$H$15:$DZ$15, P$103)/$F$107 -> 0 | Q45: =SUMIFS(INDEX(Calc!$H$2:$DZ$1549, $EG45, ), Calc!$H$15:$DZ$15, Q$103)/$F$107 -> 0 | ... DZ45: =SUMIFS(INDEX(Calc!$H$2:$DZ$1549, $EG45, ), Calc!$H$15:$DZ$15, DZ$103)/$F$107 -> 0 | EC45: =SUM(I45:EA45) -> -3.861875 | EF45: Cash | EG45: =SUMIFS(Calc!$EB$2:$EB$1549, Calc!$EC$2:$EC$1549, $EG$1, Calc!$ED$2:$ED$1549, $EG$2, Calc!$EE$2:$EE$1549, $EF45, Calc!$EF$2:$EF$1549, $C45) -> 664
C46: General Overhead | F46: =EC46/$EC$20 -> -0.05 | G46: % revenue | J46: =SUMIFS(INDEX(Calc!$H$2:$DZ$1549, $EG46, ), Calc!$H$15:$DZ$15, J$103)/$F$107 -> -0.64364583 | K46: =SUMIFS(INDEX(Calc!$H$2:$DZ$1549, $EG46, ), Calc!$H$15:$DZ$15, K$103)/$F$107 -> -1.4160208 | L46: =SUMIFS(INDEX(Calc!$H$2:$DZ$1549, $EG46, ), Calc!$H$15:$DZ$15, L$103)/$F$107 -> -1.54475 | M46: =SUMIFS(INDEX(Calc!$H$2:$DZ$1549, $EG46, ), Calc!$H$15:$DZ$15, M$103)/$F$107 -> -1.54475 | N46: =SUMIFS(INDEX(Calc!$H$2:$DZ$1549, $EG46, ), Calc!$H$15:$DZ$15, N$103)/$F$107 -> -1.54475 | O46: =SUMIFS(INDEX(Calc!$H$2:$DZ$1549, $EG46, ), Calc!$H$15:$DZ$15, O$103)/$F$107 -> -0.90110417 | P46: =SUMIFS(INDEX(Calc!$H$2:$DZ$1549, $EG46, ), Calc!$H$15:$DZ$15, P$103)/$F$107 -> -0.12872917 | Q46: =SUMIFS(INDEX(Calc!$H$2:$DZ$1549, $EG46, ), Calc!$H$15:$DZ$15, Q$103)/$F$107 -> 0 | ... DZ46: =SUMIFS(INDEX(Calc!$H$2:$DZ$1549, $EG46, ), Calc!$H$15:$DZ$15, DZ$103)/$F$107 -> 0 | EC46: =SUM(I46:EA46) -> -7.72375 | EF46: Cash | EG46: =SUMIFS(Calc!$EB$2:$EB$1549, Calc!$EC$2:$EC$1549, $EG$1, Calc!$ED$2:$ED$1549, $EG$2, Calc!$EE$2:$EE$1549, $EF46, Calc!$EF$2:$EF$1549, $C46) -> 712
C47: Property Taxes | F47: =EC47/$EC$10*Inputs!$D$10 -> -9305.2697 | G47: per home | J47: =SUMIFS(INDEX(Calc!$H$2:$DZ$1549, $EG47, ), Calc!$H$15:$DZ$15, J$103)/$F$107 -> -0.36603987 | K47: =SUMIFS(INDEX(Calc!$H$2:$DZ$1549, $EG47, ), Calc!$H$15:$DZ$15, K$103)/$F$107 -> -0.86185804 | L47: =SUMIFS(INDEX(Calc!$H$2:$DZ$1549, $EG47, ), Calc!$H$15:$DZ$15, L$103)/$F$107 -> -0.79279804 | M47: =SUMIFS(INDEX(Calc!$H$2:$DZ$1549, $EG47, ), Calc!$H$15:$DZ$15, M$103)/$F$107 -> -0.71983804 | N47: =SUMIFS(INDEX(Calc!$H$2:$DZ$1549, $EG47, ), Calc!$H$15:$DZ$15, N$103)/$F$107 -> -0.64687804 | O47: =SUMIFS(INDEX(Calc!$H$2:$DZ$1549, $EG47, ), Calc!$H$15:$DZ$15, O$103)/$F$107 -> -0.33469583 | P47: =SUMIFS(INDEX(Calc!$H$2:$DZ$1549, $EG47, ), Calc!$H$15:$DZ$15, P$103)/$F$107 -> 0 | Q47: =SUMIFS(INDEX(Calc!$H$2:$DZ$1549, $EG47, ), Calc!$H$15:$DZ$15, Q$103)/$F$107 -> 0 | ... DZ47: =SUMIFS(INDEX(Calc!$H$2:$DZ$1549, $EG47, ), Calc!$H$15:$DZ$15, DZ$103)/$F$107 -> 0 | EC47: =SUM(I47:EA47) -> -3.7221079 | EF47: Cash | EG47: =SUMIFS(Calc!$EB$2:$EB$1549, Calc!$EC$2:$EC$1549, $EG$1, Calc!$ED$2:$ED$1549, $EG$2, Calc!$EE$2:$EE$1549, $EF47, Calc!$EF$2:$EF$1549, $C47) -> 911
C48: HOA Dues / Fees | F48: =EC48/$EC$10*Inputs!$D$10 -> -21750 | G48: per home | J48: =SUMIFS(INDEX(Calc!$H$2:$DZ$1549, $EG48, ), Calc!$H$15:$DZ$15, J$103)/$F$107 -> -2.4 | K48: =SUMIFS(INDEX(Calc!$H$2:$DZ$1549, $EG48, ), Calc!$H$15:$DZ$15, K$103)/$F$107 -> -2.2166667 | L48: =SUMIFS(INDEX(Calc!$H$2:$DZ$1549, $EG48, ), Calc!$H$15:$DZ$15, L$103)/$F$107 -> -1.74 | M48: =SUMIFS(INDEX(Calc!$H$2:$DZ$1549, $EG48, ), Calc!$H$15:$DZ$15, M$103)/$F$107 -> -1.26 | N48: =SUMIFS(INDEX(Calc!$H$2:$DZ$1549, $EG48, ), Calc!$H$15:$DZ$15, N$103)/$F$107 -> -0.78 | O48: =SUMIFS(INDEX(Calc!$H$2:$DZ$1549, $EG48, ), Calc!$H$15:$DZ$15, O$103)/$F$107 -> -0.3 | P48: =SUMIFS(INDEX(Calc!$H$2:$DZ$1549, $EG48, ), Calc!$H$15:$DZ$15, P$103)/$F$107 -> -0.0033333333 | Q48: =SUMIFS(INDEX(Calc!$H$2:$DZ$1549, $EG48, ), Calc!$H$15:$DZ$15, Q$103)/$F$107 -> 0 | ... DZ48: =SUMIFS(INDEX(Calc!$H$2:$DZ$1549, $EG48, ), Calc!$H$15:$DZ$15, DZ$103)/$F$107 -> 0 | EC48: =SUM(I48:EA48) -> -8.7 | EF48: * | EG48: =SUMIFS(Calc!$EB$2:$EB$1549, Calc!$EC$2:$EC$1549, $EG$1, Calc!$ED$2:$ED$1549, $EG$2, Calc!$EE$2:$EE$1549, $EF48, Calc!$EF$2:$EF$1549, $C48) -> 962
C50: Total SG&A | F50: =EC50/$EC$10*Inputs!$D$10 -> -60019.332 | G50: per home | J50: =SUM(J44:J49) -> -3.7315086 | K50: =SUM(K44:K49) -> -5.2669205 | L50: =SUM(L44:L49) -> -4.849923 | M50: =SUM(M44:M49) -> -4.296963 | N50: =SUM(N44:N49) -> -3.744003 | O50: =SUM(O44:O49) -> -1.9863521 | P50: =SUM(P44:P49) -> -0.1320625 | Q50: =SUM(Q44:Q49) -> 0 | ... DZ50: =SUM(DZ44:DZ49) -> 0 | EC50: =SUM(EC44:EC49) -> -24.007733
C52: Net Operating Profit | F52: =EC52/$EC$10*Inputs!$D$10 -> 91031.449 | G52: per home | J52: =SUM(J41, J50) -> -14.968342 | K52: =SUM(K41, K50) -> 2.5047149 | L52: =SUM(L41, L50) -> 7.2341395 | M52: =SUM(M41, M50) -> 7.7870995 | N52: =SUM(N41, N50) -> 8.3400595 | O52: =SUM(O41, O50) -> 21.334544 | P52: =SUM(P41, P50) -> 4.1803646 | Q52: =SUM(Q41, Q50) -> 0 | ... DZ52: =SUM(DZ41, DZ50) -> 0 | EC52: =SUM(EC41, EC50) -> 36.41258
C55: General Infrastructure:
C57: Master Infrastructure | F57: =EC57/$EC$10*Inputs!$D$10 -> -6250 | G57: per home | J57: =SUMIFS(INDEX(Calc!$H$2:$DZ$1549, $EG57, ), Calc!$H$15:$DZ$15, J$103)/$F$107 -> -2.5 | K57: =SUMIFS(INDEX(Calc!$H$2:$DZ$1549, $EG57, ), Calc!$H$15:$DZ$15, K$103)/$F$107 -> 0 | L57: =SUMIFS(INDEX(Calc!$H$2:$DZ$1549, $EG57, ), Calc!$H$15:$DZ$15, L$103)/$F$107 -> 0 | M57: =SUMIFS(INDEX(Calc!$H$2:$DZ$1549, $EG57, ), Calc!$H$15:$DZ$15, M$103)/$F$107 -> 0 | N57: =SUMIFS(INDEX(Calc!$H$2:$DZ$1549, $EG57, ), Calc!$H$15:$DZ$15, N$103)/$F$107 -> 0 | O57: =SUMIFS(INDEX(Calc!$H$2:$DZ$1549, $EG57, ), Calc!$H$15:$DZ$15, O$103)/$F$107 -> 0 | P57: =SUMIFS(INDEX(Calc!$H$2:$DZ$1549, $EG57, ), Calc!$H$15:$DZ$15, P$103)/$F$107 -> 0 | Q57: =SUMIFS(INDEX(Calc!$H$2:$DZ$1549, $EG57, ), Calc!$H$15:$DZ$15, Q$103)/$F$107 -> 0 | ... DZ57: =SUMIFS(INDEX(Calc!$H$2:$DZ$1549, $EG57, ), Calc!$H$15:$DZ$15, DZ$103)/$F$107 -> 0 | EC57: =SUM(I57:EA57) -> -2.5 | EF57: Cash | EG57: =SUMIFS(Calc!$EB$2:$EB$1549, Calc!$EC$2:$EC$1549, $EG$1, Calc!$ED$2:$ED$1549, $EG$2, Calc!$EE$2:$EE$1549, $EF57, Calc!$EF$2:$EF$1549, $C57) -> 1034
C58: Amenity | F58: =EC58/$EC$10*Inputs!$D$10 -> -5000 | G58: per home | J58: =SUMIFS(INDEX(Calc!$H$2:$DZ$1549, $EG58, ), Calc!$H$15:$DZ$15, J$103)/$F$107 -> -1.3 | K58: =SUMIFS(INDEX(Calc!$H$2:$DZ$1549, $EG58, ), Calc!$H$15:$DZ$15, K$103)/$F$107 -> -0.7 | L58: =SUMIFS(INDEX(Calc!$H$2:$DZ$1549, $EG58, ), Calc!$H$15:$DZ$15, L$103)/$F$107 -> 0 | M58: =SUMIFS(INDEX(Calc!$H$2:$DZ$1549, $EG58, ), Calc!$H$15:$DZ$15, M$103)/$F$107 -> 0 | N58: =SUMIFS(INDEX(Calc!$H$2:$DZ$1549, $EG58, ), Calc!$H$15:$DZ$15, N$103)/$F$107 -> 0 | O58: =SUMIFS(INDEX(Calc!$H$2:$DZ$1549, $EG58, ), Calc!$H$15:$DZ$15, O$103)/$F$107 -> 0 | P58: =SUMIFS(INDEX(Calc!$H$2:$DZ$1549, $EG58, ), Calc!$H$15:$DZ$15, P$103)/$F$107 -> 0 | Q58: =SUMIFS(INDEX(Calc!$H$2:$DZ$1549, $EG58, ), Calc!$H$15:$DZ$15, Q$103)/$F$107 -> 0 | ... DZ58: =SUMIFS(INDEX(Calc!$H$2:$DZ$1549, $EG58, ), Calc!$H$15:$DZ$15, DZ$103)/$F$107 -> 0 | EC58: =SUM(I58:EA58) -> -2 | EF58: Cash | EG58: =SUMIFS(Calc!$EB$2:$EB$1549, Calc!$EC$2:$EC$1549, $EG$1, Calc!$ED$2:$ED$1549, $EG$2, Calc!$EE$2:$EE$1549, $EF58, Calc!$EF$2:$EF$1549, $C58) -> 1082
C59: Sales Center | F59: =EC59/$EC$10*Inputs!$D$10 -> -2500 | G59: per home | J59: =SUMIFS(INDEX(Calc!$H$2:$DZ$1549, $EG59, ), Calc!$H$15:$DZ$15, J$103)/$F$107 -> -0.65 | K59: =SUMIFS(INDEX(Calc!$H$2:$DZ$1549, $EG59, ), Calc!$H$15:$DZ$15, K$103)/$F$107 -> -0.35 | L59: =SUMIFS(INDEX(Calc!$H$2:$DZ$1549, $EG59, ), Calc!$H$15:$DZ$15, L$103)/$F$107 -> 0 | M59: =SUMIFS(INDEX(Calc!$H$2:$DZ$1549, $EG59, ), Calc!$H$15:$DZ$15, M$103)/$F$107 -> 0 | N59: =SUMIFS(INDEX(Calc!$H$2:$DZ$1549, $EG59, ), Calc!$H$15:$DZ$15, N$103)/$F$107 -> 0 | O59: =SUMIFS(INDEX(Calc!$H$2:$DZ$1549, $EG59, ), Calc!$H$15:$DZ$15, O$103)/$F$107 -> 0 | P59: =SUMIFS(INDEX(Calc!$H$2:$DZ$1549, $EG59, ), Calc!$H$15:$DZ$15, P$103)/$F$107 -> 0 | Q59: =SUMIFS(INDEX(Calc!$H$2:$DZ$1549, $EG59, ), Calc!$H$15:$DZ$15, Q$103)/$F$107 -> 0 | ... DZ59: =SUMIFS(INDEX(Calc!$H$2:$DZ$1549, $EG59, ), Calc!$H$15:$DZ$15, DZ$103)/$F$107 -> 0 | EC59: =SUM(I59:EA59) -> -1 | EF59: Cash | EG59: =SUMIFS(Calc!$EB$2:$EB$1549, Calc!$EC$2:$EC$1549, $EG$1, Calc!$ED$2:$ED$1549, $EG$2, Calc!$EE$2:$EE$1549, $EF59, Calc!$EF$2:$EF$1549, $C59) -> 1178
C60: Legal | F60: =EC60/$EC$10*Inputs!$D$10 -> -200 | G60: per home | J60: =SUMIFS(INDEX(Calc!$H$2:$DZ$1549, $EG60, ), Calc!$H$15:$DZ$15, J$103)/$F$107 -> -0.08 | K60: =SUMIFS(INDEX(Calc!$H$2:$DZ$1549, $EG60, ), Calc!$H$15:$DZ$15, K$103)/$F$107 -> 0 | L60: =SUMIFS(INDEX(Calc!$H$2:$DZ$1549, $EG60, ), Calc!$H$15:$DZ$15, L$103)/$F$107 -> 0 | M60: =SUMIFS(INDEX(Calc!$H$2:$DZ$1549, $EG60, ), Calc!$H$15:$DZ$15, M$103)/$F$107 -> 0 | N60: =SUMIFS(INDEX(Calc!$H$2:$DZ$1549, $EG60, ), Calc!$H$15:$DZ$15, N$103)/$F$107 -> 0 | O60: =SUMIFS(INDEX(Calc!$H$2:$DZ$1549, $EG60, ), Calc!$H$15:$DZ$15, O$103)/$F$107 -> 0 | P60: =SUMIFS(INDEX(Calc!$H$2:$DZ$1549, $EG60, ), Calc!$H$15:$DZ$15, P$103)/$F$107 -> 0 | Q60: =SUMIFS(INDEX(Calc!$H$2:$DZ$1549, $EG60, ), Calc!$H$15:$DZ$15, Q$103)/$F$107 -> 0 | ... DZ60: =SUMIFS(INDEX(Calc!$H$2:$DZ$1549, $EG60, ), Calc!$H$15:$DZ$15, DZ$103)/$F$107 -> 0 | EC60: =SUM(I60:EA60) -> -0.08 | EF60: Cash | EG60: =SUMIFS(Calc!$EB$2:$EB$1549, Calc!$EC$2:$EC$1549, $EG$1, Calc!$ED$2:$ED$1549, $EG$2, Calc!$EE$2:$EE$1549, $EF60, Calc!$EF$2:$EF$1549, $C60) -> 986
C61: Signage / Landscaping | F61: =EC61/$EC$10*Inputs!$D$10 -> -1250 | G61: per home | J61: =SUMIFS(INDEX(Calc!$H$2:$DZ$1549, $EG61, ), Calc!$H$15:$DZ$15, J$103)/$F$107 -> -0.5 | K61: =SUMIFS(INDEX(Calc!$H$2:$DZ$1549, $EG61, ), Calc!$H$15:$DZ$15, K$103)/$F$107 -> 0 | L61: =SUMIFS(INDEX(Calc!$H$2:$DZ$1549, $EG61, ), Calc!$H$15:$DZ$15, L$103)/$F$107 -> 0 | M61: =SUMIFS(INDEX(Calc!$H$2:$DZ$1549, $EG61, ), Calc!$H$15:$DZ$15, M$103)/$F$107 -> 0 | N61: =SUMIFS(INDEX(Calc!$H$2:$DZ$1549, $EG61, ), Calc!$H$15:$DZ$15, N$103)/$F$107 -> 0 | O61: =SUMIFS(INDEX(Calc!$H$2:$DZ$1549, $EG61, ), Calc!$H$15:$DZ$15, O$103)/$F$107 -> 0 | P61: =SUMIFS(INDEX(Calc!$H$2:$DZ$1549, $EG61, ), Calc!$H$15:$DZ$15, P$103)/$F$107 -> 0 | Q61: =SUMIFS(INDEX(Calc!$H$2:$DZ$1549, $EG61, ), Calc!$H$15:$DZ$15, Q$103)/$F$107 -> 0 | ... DZ61: =SUMIFS(INDEX(Calc!$H$2:$DZ$1549, $EG61, ), Calc!$H$15:$DZ$15, DZ$103)/$F$107 -> 0 | EC61: =SUM(I61:EA61) -> -0.5 | EF61: Cash | EG61: =SUMIFS(Calc!$EB$2:$EB$1549, Calc!$EC$2:$EC$1549, $EG$1, Calc!$ED$2:$ED$1549, $EG$2, Calc!$EE$2:$EE$1549, $EF61, Calc!$EF$2:$EF$1549, $C61) -> 1130
C63: General Infrastructure | F63: =EC63/$EC$10*Inputs!$D$10 -> -15200 | G63: per home | J63: =SUM(J56:J62) -> -5.03 | K63: =SUM(K56:K62) -> -1.05 | L63: =SUM(L56:L62) -> 0 | M63: =SUM(M56:M62) -> 0 | N63: =SUM(N56:N62) -> 0 | O63: =SUM(O56:O62) -> 0 | P63: =SUM(P56:P62) -> 0 | Q63: =SUM(Q56:Q62) -> 0 | ... DZ63: =SUM(DZ56:DZ62) -> 0 | EC63: =SUM(EC56:EC62) -> -6.08
C65: Other Income (Expense):
C67: Interest Expense | F67: =Product!T50 -> 0.05 | G67: int. rate | J67: =SUMIFS(INDEX(Calc!$H$2:$DZ$1549, $EG67, ), Calc!$H$15:$DZ$15, J$103)/$F$107 -> 0 | K67: =SUMIFS(INDEX(Calc!$H$2:$DZ$1549, $EG67, ), Calc!$H$15:$DZ$15, K$103)/$F$107 -> -0.41409628 | L67: =SUMIFS(INDEX(Calc!$H$2:$DZ$1549, $EG67, ), Calc!$H$15:$DZ$15, L$103)/$F$107 -> -0.49696792 | M67: =SUMIFS(INDEX(Calc!$H$2:$DZ$1549, $EG67, ), Calc!$H$15:$DZ$15, M$103)/$F$107 -> -0.49696792 | N67: =SUMIFS(INDEX(Calc!$H$2:$DZ$1549, $EG67, ), Calc!$H$15:$DZ$15, N$103)/$F$107 -> -0.49696792 | O67: =SUMIFS(INDEX(Calc!$H$2:$DZ$1549, $EG67, ), Calc!$H$15:$DZ$15, O$103)/$F$107 -> -0.49696792 | P67: =SUMIFS(INDEX(Calc!$H$2:$DZ$1549, $EG67, ), Calc!$H$15:$DZ$15, P$103)/$F$107 -> -0.082871635 | Q67: =SUMIFS(INDEX(Calc!$H$2:$DZ$1549, $EG67, ), Calc!$H$15:$DZ$15, Q$103)/$F$107 -> 0 | ... DZ67: =SUMIFS(INDEX(Calc!$H$2:$DZ$1549, $EG67, ), Calc!$H$15:$DZ$15, DZ$103)/$F$107 -> 0 | EC67: =SUM(I67:EA67) -> -2.4848396 | EF67: Cash | EG67: =SUMIFS(Calc!$EB$2:$EB$1549, Calc!$EC$2:$EC$1549, $EG$1, Calc!$ED$2:$ED$1549, $EG$2, Calc!$EE$2:$EE$1549, $EF67, Calc!$EF$2:$EF$1549, $C67) -> 1484
C69: Total Other Income (Expense) | F69: =EC69/$EC$10*Inputs!$D$10 -> -6212.099 | G69: per home | J69: =SUM(J66:J68) -> 0 | K69: =SUM(K66:K68) -> -0.41409628 | L69: =SUM(L66:L68) -> -0.49696792 | M69: =SUM(M66:M68) -> -0.49696792 | N69: =SUM(N66:N68) -> -0.49696792 | O69: =SUM(O66:O68) -> -0.49696792 | P69: =SUM(P66:P68) -> -0.082871635 | Q69: =SUM(Q66:Q68) -> 0 | ... DZ69: =SUM(DZ66:DZ68) -> 0 | EC69: =SUM(EC66:EC68) -> -2.4848396
C71: Cash Flow from Operations | F71: =EC71/$EC$10*Inputs!$D$10 -> 69619.35 | G71: per home | J71: =SUM(J52, J63, J69) -> -19.998342 | K71: =SUM(K52, K63, K69) -> 1.0406186 | L71: =SUM(L52, L63, L69) -> 6.7371715 | M71: =SUM(M52, M63, M69) -> 7.2901315 | N71: =SUM(N52, N63, N69) -> 7.8430915 | O71: =SUM(O52, O63, O69) -> 20.837576 | P71: =SUM(P52, P63, P69) -> 4.0974929 | Q71: =SUM(Q52, Q63, Q69) -> 0 | ... DZ71: =SUM(DZ52, DZ63, DZ69) -> 0 | EC71: =SUM(EC52, EC63, EC69) -> 27.84774
C74: Financing Sources:
C76: Construction Loan Draws | F76: =EC76/$EC$10*Inputs!$D$10 -> 191000 | G76: per home | J76: =SUMIFS(INDEX(Calc!$H$2:$DZ$1549, $EG76, ), Calc!$H$15:$DZ$15, J$103)/$F$107 -> 6.3066667 | K76: =SUMIFS(INDEX(Calc!$H$2:$DZ$1549, $EG76, ), Calc!$H$15:$DZ$15, K$103)/$F$107 -> 15.28 | L76: =SUMIFS(INDEX(Calc!$H$2:$DZ$1549, $EG76, ), Calc!$H$15:$DZ$15, L$103)/$F$107 -> 15.28 | M76: =SUMIFS(INDEX(Calc!$H$2:$DZ$1549, $EG76, ), Calc!$H$15:$DZ$15, M$103)/$F$107 -> 15.28 | N76: =SUMIFS(INDEX(Calc!$H$2:$DZ$1549, $EG76, ), Calc!$H$15:$DZ$15, N$103)/$F$107 -> 15.28 | O76: =SUMIFS(INDEX(Calc!$H$2:$DZ$1549, $EG76, ), Calc!$H$15:$DZ$15, O$103)/$F$107 -> 8.9733333 | P76: =SUMIFS(INDEX(Calc!$H$2:$DZ$1549, $EG76, ), Calc!$H$15:$DZ$15, P$103)/$F$107 -> 0 | Q76: =SUMIFS(INDEX(Calc!$H$2:$DZ$1549, $EG76, ), Calc!$H$15:$DZ$15, Q$103)/$F$107 -> 0 | ... DZ76: =SUMIFS(INDEX(Calc!$H$2:$DZ$1549, $EG76, ), Calc!$H$15:$DZ$15, DZ$103)/$F$107 -> 0 | EC76: =SUM(I76:EA76) -> 76.4 | EF76: Cash | EG76: =SUMIFS(Calc!$EB$2:$EB$1549, Calc!$EC$2:$EC$1549, $EG$1, Calc!$ED$2:$ED$1549, $EG$2, Calc!$EE$2:$EE$1549, $EF76, Calc!$EF$2:$EF$1549, $C76) -> 1260
C78: Sub-total | F78: =EC78/$EC$10*Inputs!$D$10 -> 191000 | G78: per home | J78: =SUM(J75:J77) -> 6.3066667 | K78: =SUM(K75:K77) -> 15.28 | L78: =SUM(L75:L77) -> 15.28 | M78: =SUM(M75:M77) -> 15.28 | N78: =SUM(N75:N77) -> 15.28 | O78: =SUM(O75:O77) -> 8.9733333 | P78: =SUM(P75:P77) -> 0 | Q78: =SUM(Q75:Q77) -> 0 | ... DZ78: =SUM(DZ75:DZ77) -> 0 | EC78: =SUM(EC75:EC77) -> 76.4
C80: Financing Uses:
C82: Construction Loan Repaid | F82: =EC82/$EC$10*Inputs!$D$10 -> -191000 | G82: per home | J82: =SUMIFS(INDEX(Calc!$H$2:$DZ$1549, $EG82, ), Calc!$H$15:$DZ$15, J$103)/$F$107 -> 0 | K82: =SUMIFS(INDEX(Calc!$H$2:$DZ$1549, $EG82, ), Calc!$H$15:$DZ$15, K$103)/$F$107 -> -12.733333 | L82: =SUMIFS(INDEX(Calc!$H$2:$DZ$1549, $EG82, ), Calc!$H$15:$DZ$15, L$103)/$F$107 -> -15.28 | M82: =SUMIFS(INDEX(Calc!$H$2:$DZ$1549, $EG82, ), Calc!$H$15:$DZ$15, M$103)/$F$107 -> -15.28 | N82: =SUMIFS(INDEX(Calc!$H$2:$DZ$1549, $EG82, ), Calc!$H$15:$DZ$15, N$103)/$F$107 -> -15.28 | O82: =SUMIFS(INDEX(Calc!$H$2:$DZ$1549, $EG82, ), Calc!$H$15:$DZ$15, O$103)/$F$107 -> -15.28 | P82: =SUMIFS(INDEX(Calc!$H$2:$DZ$1549, $EG82, ), Calc!$H$15:$DZ$15, P$103)/$F$107 -> -2.5466667 | Q82: =SUMIFS(INDEX(Calc!$H$2:$DZ$1549, $EG82, ), Calc!$H$15:$DZ$15, Q$103)/$F$107 -> 0 | ... DZ82: =SUMIFS(INDEX(Calc!$H$2:$DZ$1549, $EG82, ), Calc!$H$15:$DZ$15, DZ$103)/$F$107 -> 0 | EC82: =SUM(I82:EA82) -> -76.4 | EF82: Cash | EG82: =SUMIFS(Calc!$EB$2:$EB$1549, Calc!$EC$2:$EC$1549, $EG$1, Calc!$ED$2:$ED$1549, $EG$2, Calc!$EE$2:$EE$1549, $EF82, Calc!$EF$2:$EF$1549, $C82) -> 1284
C84: Sub-total | F84: =EC84/$EC$10*Inputs!$D$10 -> -191000 | G84: per home | J84: =SUM(J81:J83) -> 0 | K84: =SUM(K81:K83) -> -12.733333 | L84: =SUM(L81:L83) -> -15.28 | M84: =SUM(M81:M83) -> -15.28 | N84: =SUM(N81:N83) -> -15.28 | O84: =SUM(O81:O83) -> -15.28 | P84: =SUM(P81:P83) -> -2.5466667 | Q84: =SUM(Q81:Q83) -> 0 | ... DZ84: =SUM(DZ81:DZ83) -> 0 | EC84: =SUM(EC81:EC83) -> -76.4
C86: Net Cash Flow | F86: =EC86/$EC$10*Inputs!$D$10 -> 69619.35 | G86: per home | J86: =SUM(J71, J78, J84) -> -13.691675 | K86: =SUM(K71, K78, K84) -> 3.5872853 | L86: =SUM(L71, L78, L84) -> 6.7371715 | M86: =SUM(M71, M78, M84) -> 7.2901315 | N86: =SUM(N71, N78, N84) -> 7.8430915 | O86: =SUM(O71, O78, O84) -> 14.530909 | P86: =SUM(P71, P78, P84) -> 1.5508263 | Q86: =SUM(Q71, Q78, Q84) -> 0 | ... DZ86: =SUM(DZ71, DZ78, DZ84) -> 0 | EC86: =SUM(EC71, EC78, EC84) -> 27.84774
C88: Low Cash Balance | J88: =_xlfn.MINIFS(Calc!$H$1555:$DZ$1555, Calc!$H$15:$DZ$15, J$103)/$F$107 -> -13.691675 | K88: =_xlfn.MINIFS(Calc!$H$1555:$DZ$1555, Calc!$H$15:$DZ$15, K$103)/$F$107 -> -16.440192 | L88: =_xlfn.MINIFS(Calc!$H$1555:$DZ$1555, Calc!$H$15:$DZ$15, L$103)/$F$107 -> -11.079159 | M88: =_xlfn.MINIFS(Calc!$H$1555:$DZ$1555, Calc!$H$15:$DZ$15, M$103)/$F$107 -> -4.2959079 | N88: =_xlfn.MINIFS(Calc!$H$1555:$DZ$1555, Calc!$H$15:$DZ$15, N$103)/$F$107 -> 3.0403036 | O88: =_xlfn.MINIFS(Calc!$H$1555:$DZ$1555, Calc!$H$15:$DZ$15, O$103)/$F$107 -> 12.537475 | P88: =_xlfn.MINIFS(Calc!$H$1555:$DZ$1555, Calc!$H$15:$DZ$15, P$103)/$F$107 -> 27.070686 | Q88: =_xlfn.MINIFS(Calc!$H$1555:$DZ$1555, Calc!$H$15:$DZ$15, Q$103)/$F$107 -> 27.84774 | ... DZ88: =_xlfn.MINIFS(Calc!$H$1555:$DZ$1555, Calc!$H$15:$DZ$15, DZ$103)/$F$107 -> 0
C91: IRR | F91: =Calc!D1558 -> 0.37380432
C93: =Calc!B1560&" @ "&FIXED(Calc!C1560*100, 2, FALSE)&"%" -> NPV @ 8.00% | F93: =Calc!D1560/$F$107 -> 17.394546
C94: =Calc!B1561&" @ "&FIXED(Calc!C1561*100, 2, FALSE)&"%" -> NPV @ 12.00% | F94: =Calc!D1561/$F$107 -> 13.629656
C95: =Calc!B1562&" @ "&FIXED(Calc!C1562*100, 2, FALSE)&"%" -> NPV @ 17.00% | F95: =Calc!D1562/$F$107 -> 9.8783913
C101: Begin Date | J101: =F108 -> 44561 | K101: =J102 -> 44926 | L101: =K102 -> 45291 | M101: =L102 -> 45657 | N101: =M102 -> 46022 | O101: =N102 -> 46387 | P101: =O102 -> 46752 | Q101: =P102 -> 47118 | R101: =Q102 -> 47483 | ... DZ101: =DY102 -> 88390
C102: End Date | J102: =EOMONTH(J101, $F$109) -> 44926 | K102: =EOMONTH(K101, $F$109) -> 45291 | L102: =EOMONTH(L101, $F$109) -> 45657 | M102: =EOMONTH(M101, $F$109) -> 46022 | N102: =EOMONTH(N101, $F$109) -> 46387 | O102: =EOMONTH(O101, $F$109) -> 46752 | P102: =EOMONTH(P101, $F$109) -> 47118 | Q102: =EOMONTH(Q101, $F$109) -> 47483 | ... DZ102: =EOMONTH(DZ101, $F$109) -> 88755
C103: Horizontal Lookup Selector | J103: 1 | K103: =J103+1 -> 2 | L103: =K103+1 -> 3 | M103: =L103+1 -> 4 | N103: =M103+1 -> 5 | O103: =N103+1 -> 6 | P103: =O103+1 -> 7 | Q103: =P103+1 -> 8 | R103: =Q103+1 -> 9 | ... DZ103: =DY103+1 -> 121
C104: Header Number | J104: =ROUNDUP(MONTH(J$102)/$F109, 0) -> 1 | K104: =ROUNDUP(MONTH(K$102)/$F109, 0) -> 1 | L104: =ROUNDUP(MONTH(L$102)/$F109, 0) -> 1 | M104: =ROUNDUP(MONTH(M$102)/$F109, 0) -> 1 | N104: =ROUNDUP(MONTH(N$102)/$F109, 0) -> 1 | O104: =ROUNDUP(MONTH(O$102)/$F109, 0) -> 1 | P104: =ROUNDUP(MONTH(P$102)/$F109, 0) -> 1 | Q104: =ROUNDUP(MONTH(Q$102)/$F109, 0) -> 1 | ... DZ104: =ROUNDUP(MONTH(DZ$102)/$F109, 0) -> 1
C105: Header | J105: =IF($F109=1, TEXT(J102, "mmm. Yy"), IF($F109=3, J104&"Q"&TEXT(J102, "yy"), IF($F109=6, J104&"H"&TEXT(J102, "yy"), IF($F109=12, YEAR(J102), "Period")))) -> 2022 | K105: =IF($F109=1, TEXT(K102, "mmm. Yy"), IF($F109=3, K104&"Q"&TEXT(K102, "yy"), IF($F109=6, K104&"H"&TEXT(K102, "yy"), IF($F109=12, YEAR(K102), "Period")))) -> 2023 | L105: =IF($F109=1, TEXT(L102, "mmm. Yy"), IF($F109=3, L104&"Q"&TEXT(L102, "yy"), IF($F109=6, L104&"H"&TEXT(L102, "yy"), IF($F109=12, YEAR(L102), "Period")))) -> 2024 | M105: =IF($F109=1, TEXT(M102, "mmm. Yy"), IF($F109=3, M104&"Q"&TEXT(M102, "yy"), IF($F109=6, M104&"H"&TEXT(M102, "yy"), IF($F109=12, YEAR(M102), "Period")))) -> 2025 | N105: =IF($F109=1, TEXT(N102, "mmm. Yy"), IF($F109=3, N104&"Q"&TEXT(N102, "yy"), IF($F109=6, N104&"H"&TEXT(N102, "yy"), IF($F109=12, YEAR(N102), "Period")))) -> 2026 | O105: =IF($F109=1, TEXT(O102, "mmm. Yy"), IF($F109=3, O104&"Q"&TEXT(O102, "yy"), IF($F109=6, O104&"H"&TEXT(O102, "yy"), IF($F109=12, YEAR(O102), "Period")))) -> 2027 | P105: =IF($F109=1, TEXT(P102, "mmm. Yy"), IF($F109=3, P104&"Q"&TEXT(P102, "yy"), IF($F109=6, P104&"H"&TEXT(P102, "yy"), IF($F109=12, YEAR(P102), "Period")))) -> 2028 | Q105: =IF($F109=1, TEXT(Q102, "mmm. Yy"), IF($F109=3, Q104&"Q"&TEXT(Q102, "yy"), IF($F109=6, Q104&"H"&TEXT(Q102, "yy"), IF($F109=12, YEAR(Q102), "Period")))) -> 2029 | ... DZ105: =IF($F109=1, TEXT(DZ102, "mmm. Yy"), IF($F109=3, DZ104&"Q"&TEXT(DZ102, "yy"), IF($F109=6, DZ104&"H"&TEXT(DZ102, "yy"), IF($F109=12, YEAR(DZ102), "Period")))) -> 2142
C107: =Inputs!B10 -> Presentation - Dollar Basis | F107: =Inputs!D10 -> 1000000
C108: =Inputs!B9 -> Presentation - Begin Date | F108: =Inputs!D9 -> 44561
C109: =Inputs!B11 -> Presentation - Months Per Period | F109: =Inputs!D11 -> 12

Sheet IS
A1: =Inputs!$D$4 -> Community ABC
B2: P&L ($'s in millions) | EF2: Phase | EG2: Total
EF3: Product | EG3: Total
C5: Assuming 0% inflation over time | F5: Assumption | J5: =J77 -> 2022 | K5: =K77 -> 2023 | L5: =L77 -> 2024 | M5: =M77 -> 2025 | N5: =N77 -> 2026 | O5: =O77 -> 2027 | P5: =P77 -> 2028 | Q5: =Q77 -> 2029 | ... DZ5: =DZ77 -> 2142 | EC5: Total | EF5: Ledger | EG5: Row
C7: Project Statistics:
C9: Home Sales | J9: =SUMIFS(INDEX(Calc!$H$2:$DZ$1549, $EG9, ), Calc!$H$15:$DZ$15, J$75) -> 26.666667 | K9: =SUMIFS(INDEX(Calc!$H$2:$DZ$1549, $EG9, ), Calc!$H$15:$DZ$15, K$75) -> 80 | L9: =SUMIFS(INDEX(Calc!$H$2:$DZ$1549, $EG9, ), Calc!$H$15:$DZ$15, L$75) -> 80 | M9: =SUMIFS(INDEX(Calc!$H$2:$DZ$1549, $EG9, ), Calc!$H$15:$DZ$15, M$75) -> 80 | N9: =SUMIFS(INDEX(Calc!$H$2:$DZ$1549, $EG9, ), Calc!$H$15:$DZ$15, N$75) -> 80 | O9: =SUMIFS(INDEX(Calc!$H$2:$DZ$1549, $EG9, ), Calc!$H$15:$DZ$15, O$75) -> 53.333333 | P9: =SUMIFS(INDEX(Calc!$H$2:$DZ$1549, $EG9, ), Calc!$H$15:$DZ$15, P$75) -> 0 | Q9: =SUMIFS(INDEX(Calc!$H$2:$DZ$1549, $EG9, ), Calc!$H$15:$DZ$15, Q$75) -> 0 | ... DZ9: =SUMIFS(INDEX(Calc!$H$2:$DZ$1549, $EG9, ), Calc!$H$15:$DZ$15, DZ$75) -> 0 | EC9: =SUM(I9:EA9) -> 400 | EF9: Stat | EG9: =SUMIFS(Calc!$EB$2:$EB$1549, Calc!$EC$2:$EC$1549, $EG$2, Calc!$ED$2:$ED$1549, $EG$3, Calc!$EE$2:$EE$1549, $EF9, Calc!$EF$2:$EF$1549, $C9) -> 134
C10: Home Closings | J10: =SUMIFS(INDEX(Calc!$H$2:$DZ$1549, $EG10, ), Calc!$H$15:$DZ$15, J$75) -> 0 | K10: =SUMIFS(INDEX(Calc!$H$2:$DZ$1549, $EG10, ), Calc!$H$15:$DZ$15, K$75) -> 66.666667 | L10: =SUMIFS(INDEX(Calc!$H$2:$DZ$1549, $EG10, ), Calc!$H$15:$DZ$15, L$75) -> 80 | M10: =SUMIFS(INDEX(Calc!$H$2:$DZ$1549, $EG10, ), Calc!$H$15:$DZ$15, M$75) -> 80 | N10: =SUMIFS(INDEX(Calc!$H$2:$DZ$1549, $EG10, ), Calc!$H$15:$DZ$15, N$75) -> 80 | O10: =SUMIFS(INDEX(Calc!$H$2:$DZ$1549, $EG10, ), Calc!$H$15:$DZ$15, O$75) -> 80 | P10: =SUMIFS(INDEX(Calc!$H$2:$DZ$1549, $EG10, ), Calc!$H$15:$DZ$15, P$75) -> 13.333333 | Q10: =SUMIFS(INDEX(Calc!$H$2:$DZ$1549, $EG10, ), Calc!$H$15:$DZ$15, Q$75) -> 0 | ... DZ10: =SUMIFS(INDEX(Calc!$H$2:$DZ$1549, $EG10, ), Calc!$H$15:$DZ$15, DZ$75) -> 0 | EC10: =SUM(I10:EA10) -> 400 | EF10: Stat | EG10: =SUMIFS(Calc!$EB$2:$EB$1549, Calc!$EC$2:$EC$1549, $EG$2, Calc!$ED$2:$ED$1549, $EG$3, Calc!$EE$2:$EE$1549, $EF10, Calc!$EF$2:$EF$1549, $C10) -> 182
C11: Average Home Price | J11: =IFERROR(J19/J10, 0)*Inputs!$D$10 -> 0 | K11: =IFERROR(K19/K10, 0)*Inputs!$D$10 -> 386187.5 | L11: =IFERROR(L19/L10, 0)*Inputs!$D$10 -> 386187.5 | M11: =IFERROR(M19/M10, 0)*Inputs!$D$10 -> 386187.5 | N11: =IFERROR(N19/N10, 0)*Inputs!$D$10 -> 386187.5 | O11: =IFERROR(O19/O10, 0)*Inputs!$D$10 -> 386187.5 | P11: =IFERROR(P19/P10, 0)*Inputs!$D$10 -> 386187.5 | Q11: =IFERROR(Q19/Q10, 0)*Inputs!$D$10 -> 0 | ... DZ11: =IFERROR(DZ19/DZ10, 0)*Inputs!$D$10 -> 0 | EC11: =EC19/EC10*Inputs!$D$10 -> 386187.5
C13: Revenue:
C15: Base House Revenue | F15: =EC15/$EC$10*Inputs!$D$10 -> 336187.5 | G15: per home | J15: =SUMIFS(INDEX(Calc!$H$2:$DZ$1549, $EG15, ), Calc!$H$15:$DZ$15, J$75)/$F$79 -> 0 | K15: =SUMIFS(INDEX(Calc!$H$2:$DZ$1549, $EG15, ), Calc!$H$15:$DZ$15, K$75)/$F$79 -> 22.4125 | L15: =SUMIFS(INDEX(Calc!$H$2:$DZ$1549, $EG15, ), Calc!$H$15:$DZ$15, L$75)/$F$79 -> 26.895 | M15: =SUMIFS(INDEX(Calc!$H$2:$DZ$1549, $EG15, ), Calc!$H$15:$DZ$15, M$75)/$F$79 -> 26.895 | N15: =SUMIFS(INDEX(Calc!$H$2:$DZ$1549, $EG15, ), Calc!$H$15:$DZ$15, N$75)/$F$79 -> 26.895 | O15: =SUMIFS(INDEX(Calc!$H$2:$DZ$1549, $EG15, ), Calc!$H$15:$DZ$15, O$75)/$F$79 -> 26.895 | P15: =SUMIFS(INDEX(Calc!$H$2:$DZ$1549, $EG15, ), Calc!$H$15:$DZ$15, P$75)/$F$79 -> 4.4825 | Q15: =SUMIFS(INDEX(Calc!$H$2:$DZ$1549, $EG15, ), Calc!$H$15:$DZ$15, Q$75)/$F$79 -> 0 | ... DZ15: =SUMIFS(INDEX(Calc!$H$2:$DZ$1549, $EG15, ), Calc!$H$15:$DZ$15, DZ$75)/$F$79 -> 0 | EC15: =SUM(I15:EA15) -> 134.475 | EF15: * | EG15: =SUMIFS(Calc!$EB$2:$EB$1549, Calc!$EC$2:$EC$1549, $EG$2, Calc!$ED$2:$ED$1549, $EG$3, Calc!$EE$2:$EE$1549, $EF15, Calc!$EF$2:$EF$1549, $C15) -> 279
C16: Options & Upgrades | F16: =EC16/$EC$10*Inputs!$D$10 -> 40000 | G16: per home | J16: =SUMIFS(INDEX(Calc!$H$2:$DZ$1549, $EG16, ), Calc!$H$15:$DZ$15, J$75)/$F$79 -> 0 | K16: =SUMIFS(INDEX(Calc!$H$2:$DZ$1549, $EG16, ), Calc!$H$15:$DZ$15, K$75)/$F$79 -> 2.6666667 | L16: =SUMIFS(INDEX(Calc!$H$2:$DZ$1549, $EG16, ), Calc!$H$15:$DZ$15, L$75)/$F$79 -> 3.2 | M16: =SUMIFS(INDEX(Calc!$H$2:$DZ$1549, $EG16, ), Calc!$H$15:$DZ$15, M$75)/$F$79 -> 3.2 | N16: =SUMIFS(INDEX(Calc!$H$2:$DZ$1549, $EG16, ), Calc!$H$15:$DZ$15, N$75)/$F$79 -> 3.2 | O16: =SUMIFS(INDEX(Calc!$H$2:$DZ$1549, $EG16, ), Calc!$H$15:$DZ$15, O$75)/$F$79 -> 3.2 | P16: =SUMIFS(INDEX(Calc!$H$2:$DZ$1549, $EG16, ), Calc!$H$15:$DZ$15, P$75)/$F$79 -> 0.53333333 | Q16: =SUMIFS(INDEX(Calc!$H$2:$DZ$1549, $EG16, ), Calc!$H$15:$DZ$15, Q$75)/$F$79 -> 0 | ... DZ16: =SUMIFS(INDEX(Calc!$H$2:$DZ$1549, $EG16, ), Calc!$H$15:$DZ$15, DZ$75)/$F$79 -> 0 | EC16: =SUM(I16:EA16) -> 16 | EF16: * | EG16: =SUMIFS(Calc!$EB$2:$EB$1549, Calc!$EC$2:$EC$1549, $EG$2, Calc!$ED$2:$ED$1549, $EG$3, Calc!$EE$2:$EE$1549, $EF16, Calc!$EF$2:$EF$1549, $C16) -> 303
C17: Premiums | F17: =EC17/$EC$10*Inputs!$D$10 -> 10000 | G17: per home | J17: =SUMIFS(INDEX(Calc!$H$2:$DZ$1549, $EG17, ), Calc!$H$15:$DZ$15, J$75)/$F$79 -> 0 | K17: =SUMIFS(INDEX(Calc!$H$2:$DZ$1549, $EG17, ), Calc!$H$15:$DZ$15, K$75)/$F$79 -> 0.66666667 | L17: =SUMIFS(INDEX(Calc!$H$2:$DZ$1549, $EG17, ), Calc!$H$15:$DZ$15, L$75)/$F$79 -> 0.8 | M17: =SUMIFS(INDEX(Calc!$H$2:$DZ$1549, $EG17, ), Calc!$H$15:$DZ$15, M$75)/$F$79 -> 0.8 | N17: =SUMIFS(INDEX(Calc!$H$2:$DZ$1549, $EG17, ), Calc!$H$15:$DZ$15, N$75)/$F$79 -> 0.8 | O17: =SUMIFS(INDEX(Calc!$H$2:$DZ$1549, $EG17, ), Calc!$H$15:$DZ$15, O$75)/$F$79 -> 0.8 | P17: =SUMIFS(INDEX(Calc!$H$2:$DZ$1549, $EG17, ), Calc!$H$15:$DZ$15, P$75)/$F$79 -> 0.13333333 | Q17: =SUMIFS(INDEX(Calc!$H$2:$DZ$1549, $EG17, ), Calc!$H$15:$DZ$15, Q$75)/$F$79 -> 0 | ... DZ17: =SUMIFS(INDEX(Calc!$H$2:$DZ$1549, $EG17, ), Calc!$H$15:$DZ$15, DZ$75)/$F$79 -> 0 | EC17: =SUM(I17:EA17) -> 4 | EF17: * | EG17: =SUMIFS(Calc!$EB$2:$EB$1549, Calc!$EC$2:$EC$1549, $EG$2, Calc!$ED$2:$ED$1549, $EG$3, Calc!$EE$2:$EE$1549, $EF17, Calc!$EF$2:$EF$1549, $C17) -> 327
C19: Total Revenue | F19: =EC19/$EC$10*Inputs!$D$10 -> 386187.5 | G19: per home | J19: =SUM(J14:J18) -> 0 | K19: =SUM(K14:K18) -> 25.745833 | L19: =SUM(L14:L18) -> 30.895 | M19: =SUM(M14:M18) -> 30.895 | N19: =SUM(N14:N18) -> 30.895 | O19: =SUM(O14:O18) -> 30.895 | P19: =SUM(P14:P18) -> 5.1491667 | Q19: =SUM(Q14:Q18) -> 0 | ... DZ19: =SUM(DZ14:DZ18) -> 0 | EC19: =SUM(EC14:EC18) -> 154.475
C21: Direct Costs:
C23: Land Acquisition | F23: =EC23/$EC$10*Inputs!$D$10 -> -20000 | G23: per home | J23: =SUMIFS(INDEX(Calc!$H$2:$DZ$1549, $EG23, ), Calc!$H$15:$DZ$15, J$75)/$F$79 -> 0 | K23: =SUMIFS(INDEX(Calc!$H$2:$DZ$1549, $EG23, ), Calc!$H$15:$DZ$15, K$75)/$F$79 -> -1.3333333 | L23: =SUMIFS(INDEX(Calc!$H$2:$DZ$1549, $EG23, ), Calc!$H$15:$DZ$15, L$75)/$F$79 -> -1.6 | M23: =SUMIFS(INDEX(Calc!$H$2:$DZ$1549, $EG23, ), Calc!$H$15:$DZ$15, M$75)/$F$79 -> -1.6 | N23: =SUMIFS(INDEX(Calc!$H$2:$DZ$1549, $EG23, ), Calc!$H$15:$DZ$15, N$75)/$F$79 -> -1.6 | O23: =SUMIFS(INDEX(Calc!$H$2:$DZ$1549, $EG23, ), Calc!$H$15:$DZ$15, O$75)/$F$79 -> -1.6 | P23: =SUMIFS(INDEX(Calc!$H$2:$DZ$1549, $EG23, ), Calc!$H$15:$DZ$15, P$75)/$F$79 -> -0.26666667 | Q23: =SUMIFS(INDEX(Calc!$H$2:$DZ$1549, $EG23, ), Calc!$H$15:$DZ$15, Q$75)/$F$79 -> 0 | ... DZ23: =SUMIFS(INDEX(Calc!$H$2:$DZ$1549, $EG23, ), Calc!$H$15:$DZ$15, DZ$75)/$F$79 -> 0 | EC23: =SUM(I23:EA23) -> -8 | EF23: GAAP | EG23: =SUMIFS(Calc!$EB$2:$EB$1549, Calc!$EC$2:$EC$1549, $EG$2, Calc!$ED$2:$ED$1549, $EG$3, Calc!$EE$2:$EE$1549, $EF23, Calc!$EF$2:$EF$1549, $C23) -> 399
C24: Lot Parcel Development | F24: =EC24/$EC$10*Inputs!$D$10 -> -25000 | G24: per home | J24: =SUMIFS(INDEX(Calc!$H$2:$DZ$1549, $EG24, ), Calc!$H$15:$DZ$15, J$75)/$F$79 -> 0 | K24: =SUMIFS(INDEX(Calc!$H$2:$DZ$1549, $EG24, ), Calc!$H$15:$DZ$15, K$75)/$F$79 -> -1.6666667 | L24: =SUMIFS(INDEX(Calc!$H$2:$DZ$1549, $EG24, ), Calc!$H$15:$DZ$15, L$75)/$F$79 -> -2 | M24: =SUMIFS(INDEX(Calc!$H$2:$DZ$1549, $EG24, ), Calc!$H$15:$DZ$15, M$75)/$F$79 -> -2 | N24: =SUMIFS(INDEX(Calc!$H$2:$DZ$1549, $EG24, ), Calc!$H$15:$DZ$15, N$75)/$F$79 -> -2 | O24: =SUMIFS(INDEX(Calc!$H$2:$DZ$1549, $EG24, ), Calc!$H$15:$DZ$15, O$75)/$F$79 -> -2 | P24: =SUMIFS(INDEX(Calc!$H$2:$DZ$1549, $EG24, ), Calc!$H$15:$DZ$15, P$75)/$F$79 -> -0.33333333 | Q24: =SUMIFS(INDEX(Calc!$H$2:$DZ$1549, $EG24, ), Calc!$H$15:$DZ$15, Q$75)/$F$79 -> 0 | ... DZ24: =SUMIFS(INDEX(Calc!$H$2:$DZ$1549, $EG24, ), Calc!$H$15:$DZ$15, DZ$75)/$F$79 -> 0 | EC24: =SUM(I24:EA24) -> -10 | EF24: GAAP | EG24: =SUMIFS(Calc!$EB$2:$EB$1549, Calc!$EC$2:$EC$1549, $EG$2, Calc!$ED$2:$ED$1549, $EG$3, Calc!$EE$2:$EE$1549, $EF24, Calc!$EF$2:$EF$1549, $C24) -> 447
C25: Home Construction - Base | F25: =EC25/$EC$10*Inputs!$D$10 -> -130000 | G25: per home | J25: =SUMIFS(INDEX(Calc!$H$2:$DZ$1549, $EG25, ), Calc!$H$15:$DZ$15, J$75)/$F$79 -> 0 | K25: =SUMIFS(INDEX(Calc!$H$2:$DZ$1549, $EG25, ), Calc!$H$15:$DZ$15, K$75)/$F$79 -> -8.6666667 | L25: =SUMIFS(INDEX(Calc!$H$2:$DZ$1549, $EG25, ), Calc!$H$15:$DZ$15, L$75)/$F$79 -> -10.4 | M25: =SUMIFS(INDEX(Calc!$H$2:$DZ$1549, $EG25, ), Calc!$H$15:$DZ$15, M$75)/$F$79 -> -10.4 | N25: =SUMIFS(INDEX(Calc!$H$2:$DZ$1549, $EG25, ), Calc!$H$15:$DZ$15, N$75)/$F$79 -> -10.4 | O25: =SUMIFS(INDEX(Calc!$H$2:$DZ$1549, $EG25, ), Calc!$H$15:$DZ$15, O$75)/$F$79 -> -10.4 | P25: =SUMIFS(INDEX(Calc!$H$2:$DZ$1549, $EG25, ), Calc!$H$15:$DZ$15, P$75)/$F$79 -> -1.7333333 | Q25: =SUMIFS(INDEX(Calc!$H$2:$DZ$1549, $EG25, ), Calc!$H$15:$DZ$15, Q$75)/$F$79 -> 0 | ... DZ25: =SUMIFS(INDEX(Calc!$H$2:$DZ$1549, $EG25, ), Calc!$H$15:$DZ$15, DZ$75)/$F$79 -> 0 | EC25: =SUM(I25:EA25) -> -52 | EF25: GAAP | EG25: =SUMIFS(Calc!$EB$2:$EB$1549, Calc!$EC$2:$EC$1549, $EG$2, Calc!$ED$2:$ED$1549, $EG$3, Calc!$EE$2:$EE$1549, $EF25, Calc!$EF$2:$EF$1549, $C25) -> 495
C26: Home Construction - Options | F26: =EC26/$EC$10*Inputs!$D$10 -> -30000 | G26: per home | J26: =SUMIFS(INDEX(Calc!$H$2:$DZ$1549, $EG26, ), Calc!$H$15:$DZ$15, J$75)/$F$79 -> 0 | K26: =SUMIFS(INDEX(Calc!$H$2:$DZ$1549, $EG26, ), Calc!$H$15:$DZ$15, K$75)/$F$79 -> -2 | L26: =SUMIFS(INDEX(Calc!$H$2:$DZ$1549, $EG26, ), Calc!$H$15:$DZ$15, L$75)/$F$79 -> -2.4 | M26: =SUMIFS(INDEX(Calc!$H$2:$DZ$1549, $EG26, ), Calc!$H$15:$DZ$15, M$75)/$F$79 -> -2.4 | N26: =SUMIFS(INDEX(Calc!$H$2:$DZ$1549, $EG26, ), Calc!$H$15:$DZ$15, N$75)/$F$79 -> -2.4 | O26: =SUMIFS(INDEX(Calc!$H$2:$DZ$1549, $EG26, ), Calc!$H$15:$DZ$15, O$75)/$F$79 -> -2.4 | P26: =SUMIFS(INDEX(Calc!$H$2:$DZ$1549, $EG26, ), Calc!$H$15:$DZ$15, P$75)/$F$79 -> -0.4 | Q26: =SUMIFS(INDEX(Calc!$H$2:$DZ$1549, $EG26, ), Calc!$H$15:$DZ$15, Q$75)/$F$79 -> 0 | ... DZ26: =SUMIFS(INDEX(Calc!$H$2:$DZ$1549, $EG26, ), Calc!$H$15:$DZ$15, DZ$75)/$F$79 -> 0 | EC26: =SUM(I26:EA26) -> -12 | EF26: GAAP | EG26: =SUMIFS(Calc!$EB$2:$EB$1549, Calc!$EC$2:$EC$1549, $EG$2, Calc!$ED$2:$ED$1549, $EG$3, Calc!$EE$2:$EE$1549, $EF26, Calc!$EF$2:$EF$1549, $C26) -> 543
C27: Direct Overhead | F27: =EC27/$EC$10*Inputs!$D$10 -> -6000 | G27: per home | J27: =SUMIFS(INDEX(Calc!$H$2:$DZ$1549, $EG27, ), Calc!$H$15:$DZ$15, J$75)/$F$79 -> 0 | K27: =SUMIFS(INDEX(Calc!$H$2:$DZ$1549, $EG27, ), Calc!$H$15:$DZ$15, K$75)/$F$79 -> -0.4 | L27: =SUMIFS(INDEX(Calc!$H$2:$DZ$1549, $EG27, ), Calc!$H$15:$DZ$15, L$75)/$F$79 -> -0.48 | M27: =SUMIFS(INDEX(Calc!$H$2:$DZ$1549, $EG27, ), Calc!$H$15:$DZ$15, M$75)/$F$79 -> -0.48 | N27: =SUMIFS(INDEX(Calc!$H$2:$DZ$1549, $EG27, ), Calc!$H$15:$DZ$15, N$75)/$F$79 -> -0.48 | O27: =SUMIFS(INDEX(Calc!$H$2:$DZ$1549, $EG27, ), Calc!$H$15:$DZ$15, O$75)/$F$79 -> -0.48 | P27: =SUMIFS(INDEX(Calc!$H$2:$DZ$1549, $EG27, ), Calc!$H$15:$DZ$15, P$75)/$F$79 -> -0.08 | Q27: =SUMIFS(INDEX(Calc!$H$2:$DZ$1549, $EG27, ), Calc!$H$15:$DZ$15, Q$75)/$F$79 -> 0 | ... DZ27: =SUMIFS(INDEX(Calc!$H$2:$DZ$1549, $EG27, ), Calc!$H$15:$DZ$15, DZ$75)/$F$79 -> 0 | EC27: =SUM(I27:EA27) -> -2.4 | EF27: GAAP | EG27: =SUMIFS(Calc!$EB$2:$EB$1549, Calc!$EC$2:$EC$1549, $EG$2, Calc!$ED$2:$ED$1549, $EG$3, Calc!$EE$2:$EE$1549, $EF27, Calc!$EF$2:$EF$1549, $C27) -> 592
C29: Total Direct Costs | F29: =EC29/$EC$10*Inputs!$D$10 -> -211000 | G29: per home | J29: =SUM(J22:J28) -> 0 | K29: =SUM(K22:K28) -> -14.066667 | L29: =SUM(L22:L28) -> -16.88 | M29: =SUM(M22:M28) -> -16.88 | N29: =SUM(N22:N28) -> -16.88 | O29: =SUM(O22:O28) -> -16.88 | P29: =SUM(P22:P28) -> -2.8133333 | Q29: =SUM(Q22:Q28) -> 0 | ... DZ29: =SUM(DZ22:DZ28) -> 0 | EC29: =SUM(EC22:EC28) -> -84.4
C31: Direct Profit | F31: =EC31/$EC$10*Inputs!$D$10 -> 175187.5 | G31: per home | J31: =SUM(J19, J29) -> 0 | K31: =SUM(K19, K29) -> 11.679167 | L31: =SUM(L19, L29) -> 14.015 | M31: =SUM(M19, M29) -> 14.015 | N31: =SUM(N19, N29) -> 14.015 | O31: =SUM(O19, O29) -> 14.015 | P31: =SUM(P19, P29) -> 2.3358333 | Q31: =SUM(Q19, Q29) -> 0 | ... DZ31: =SUM(DZ19, DZ29) -> 0 | EC31: =SUM(EC19, EC29) -> 70.075
C33: Transaction Costs:
C35: Broker Commissions | F35: =EC35/$EC$19 -> -0.05 | G35: % revenue | J35: =SUMIFS(INDEX(Calc!$H$2:$DZ$1549, $EG35, ), Calc!$H$15:$DZ$15, J$75)/$F$79 -> 0 | K35: =SUMIFS(INDEX(Calc!$H$2:$DZ$1549, $EG35, ), Calc!$H$15:$DZ$15, K$75)/$F$79 -> -1.2872917 | L35: =SUMIFS(INDEX(Calc!$H$2:$DZ$1549, $EG35, ), Calc!$H$15:$DZ$15, L$75)/$F$79 -> -1.54475 | M35: =SUMIFS(INDEX(Calc!$H$2:$DZ$1549, $EG35, ), Calc!$H$15:$DZ$15, M$75)/$F$79 -> -1.54475 | N35: =SUMIFS(INDEX(Calc!$H$2:$DZ$1549, $EG35, ), Calc!$H$15:$DZ$15, N$75)/$F$79 -> -1.54475 | O35: =SUMIFS(INDEX(Calc!$H$2:$DZ$1549, $EG35, ), Calc!$H$15:$DZ$15, O$75)/$F$79 -> -1.54475 | P35: =SUMIFS(INDEX(Calc!$H$2:$DZ$1549, $EG35, ), Calc!$H$15:$DZ$15, P$75)/$F$79 -> -0.25745833 | Q35: =SUMIFS(INDEX(Calc!$H$2:$DZ$1549, $EG35, ), Calc!$H$15:$DZ$15, Q$75)/$F$79 -> 0 | ... DZ35: =SUMIFS(INDEX(Calc!$H$2:$DZ$1549, $EG35, ), Calc!$H$15:$DZ$15, DZ$75)/$F$79 -> 0 | EC35: =SUM(I35:EA35) -> -7.72375 | EF35: * | EG35: =SUMIFS(Calc!$EB$2:$EB$1549, Calc!$EC$2:$EC$1549, $EG$2, Calc!$ED$2:$ED$1549, $EG$3, Calc!$EE$2:$EE$1549, $EF35, Calc!$EF$2:$EF$1549, $C35) -> 616
C36: Closing Costs | F36: =EC36/$EC$19 -> -0.0125 | G36: % revenue | J36: =SUMIFS(INDEX(Calc!$H$2:$DZ$1549, $EG36, ), Calc!$H$15:$DZ$15, J$75)/$F$79 -> 0 | K36: =SUMIFS(INDEX(Calc!$H$2:$DZ$1549, $EG36, ), Calc!$H$15:$DZ$15, K$75)/$F$79 -> -0.32182292 | L36: =SUMIFS(INDEX(Calc!$H$2:$DZ$1549, $EG36, ), Calc!$H$15:$DZ$15, L$75)/$F$79 -> -0.3861875 | M36: =SUMIFS(INDEX(Calc!$H$2:$DZ$1549, $EG36, ), Calc!$H$15:$DZ$15, M$75)/$F$79 -> -0.3861875 | N36: =SUMIFS(INDEX(Calc!$H$2:$DZ$1549, $EG36, ), Calc!$H$15:$DZ$15, N$75)/$F$79 -> -0.3861875 | O36: =SUMIFS(INDEX(Calc!$H$2:$DZ$1549, $EG36, ), Calc!$H$15:$DZ$15, O$75)/$F$79 -> -0.3861875 | P36: =SUMIFS(INDEX(Calc!$H$2:$DZ$1549, $EG36, ), Calc!$H$15:$DZ$15, P$75)/$F$79 -> -0.064364583 | Q36: =SUMIFS(INDEX(Calc!$H$2:$DZ$1549, $EG36, ), Calc!$H$15:$DZ$15, Q$75)/$F$79 -> 0 | ... DZ36: =SUMIFS(INDEX(Calc!$H$2:$DZ$1549, $EG36, ), Calc!$H$15:$DZ$15, DZ$75)/$F$79 -> 0 | EC36: =SUM(I36:EA36) -> -1.9309375 | EF36: * | EG36: =SUMIFS(Calc!$EB$2:$EB$1549, Calc!$EC$2:$EC$1549, $EG$2, Calc!$ED$2:$ED$1549, $EG$3, Calc!$EE$2:$EE$1549, $EF36, Calc!$EF$2:$EF$1549, $C36) -> 640
C38: Total Transaction Costs | F38: =EC38/$EC$10*Inputs!$D$10 -> -24136.719 | G38: per home | J38: =SUM(J34:J37) -> 0 | K38: =SUM(K34:K37) -> -1.6091146 | L38: =SUM(L34:L37) -> -1.9309375 | M38: =SUM(M34:M37) -> -1.9309375 | N38: =SUM(N34:N37) -> -1.9309375 | O38: =SUM(O34:O37) -> -1.9309375 | P38: =SUM(P34:P37) -> -0.32182292 | Q38: =SUM(Q34:Q37) -> 0 | ... DZ38: =SUM(DZ34:DZ37) -> 0 | EC38: =SUM(EC34:EC37) -> -9.6546875
C40: Gross Profit | F40: =EC40/$EC$10*Inputs!$D$10 -> 151050.78 | G40: per home | J40: =SUM(J31, J38) -> 0 | K40: =SUM(K31, K38) -> 10.070052 | L40: =SUM(L31, L38) -> 12.084062 | M40: =SUM(M31, M38) -> 12.084062 | N40: =SUM(N31, N38) -> 12.084062 | O40: =SUM(O31, O38) -> 12.084062 | P40: =SUM(P31, P38) -> 2.0140104 | Q40: =SUM(Q31, Q38) -> 0 | ... DZ40: =SUM(DZ31, DZ38) -> 0 | EC40: =SUM(EC31, EC38) -> 60.420312
C42: Selling, General, and Administrative:
C44: Advertising / Sales Center | F44: =EC44/$EC$19 -> -0.025 | G44: % revenue | J44: =SUMIFS(INDEX(Calc!$H$2:$DZ$1549, $EG44, ), Calc!$H$15:$DZ$15, J$75)/$F$79 -> 0 | K44: =SUMIFS(INDEX(Calc!$H$2:$DZ$1549, $EG44, ), Calc!$H$15:$DZ$15, K$75)/$F$79 -> -0.64364583 | L44: =SUMIFS(INDEX(Calc!$H$2:$DZ$1549, $EG44, ), Calc!$H$15:$DZ$15, L$75)/$F$79 -> -0.772375 | M44: =SUMIFS(INDEX(Calc!$H$2:$DZ$1549, $EG44, ), Calc!$H$15:$DZ$15, M$75)/$F$79 -> -0.772375 | N44: =SUMIFS(INDEX(Calc!$H$2:$DZ$1549, $EG44, ), Calc!$H$15:$DZ$15, N$75)/$F$79 -> -0.772375 | O44: =SUMIFS(INDEX(Calc!$H$2:$DZ$1549, $EG44, ), Calc!$H$15:$DZ$15, O$75)/$F$79 -> -0.772375 | P44: =SUMIFS(INDEX(Calc!$H$2:$DZ$1549, $EG44, ), Calc!$H$15:$DZ$15, P$75)/$F$79 -> -0.12872917 | Q44: =SUMIFS(INDEX(Calc!$H$2:$DZ$1549, $EG44, ), Calc!$H$15:$DZ$15, Q$75)/$F$79 -> 0 | ... DZ44: =SUMIFS(INDEX(Calc!$H$2:$DZ$1549, $EG44, ), Calc!$H$15:$DZ$15, DZ$75)/$F$79 -> 0 | EC44: =SUM(I44:EA44) -> -3.861875 | EF44: GAAP | EG44: =SUMIFS(Calc!$EB$2:$EB$1549, Calc!$EC$2:$EC$1549, $EG$2, Calc!$ED$2:$ED$1549, $EG$3, Calc!$EE$2:$EE$1549, $EF44, Calc!$EF$2:$EF$1549, $C44) -> 688
C45: General Overhead | F45: =EC45/$EC$19 -> -0.05 | G45: % revenue | J45: =SUMIFS(INDEX(Calc!$H$2:$DZ$1549, $EG45, ), Calc!$H$15:$DZ$15, J$75)/$F$79 -> 0 | K45: =SUMIFS(INDEX(Calc!$H$2:$DZ$1549, $EG45, ), Calc!$H$15:$DZ$15, K$75)/$F$79 -> -1.2872917 | L45: =SUMIFS(INDEX(Calc!$H$2:$DZ$1549, $EG45, ), Calc!$H$15:$DZ$15, L$75)/$F$79 -> -1.54475 | M45: =SUMIFS(INDEX(Calc!$H$2:$DZ$1549, $EG45, ), Calc!$H$15:$DZ$15, M$75)/$F$79 -> -1.54475 | N45: =SUMIFS(INDEX(Calc!$H$2:$DZ$1549, $EG45, ), Calc!$H$15:$DZ$15, N$75)/$F$79 -> -1.54475 | O45: =SUMIFS(INDEX(Calc!$H$2:$DZ$1549, $EG45, ), Calc!$H$15:$DZ$15, O$75)/$F$79 -> -1.54475 | P45: =SUMIFS(INDEX(Calc!$H$2:$DZ$1549, $EG45, ), Calc!$H$15:$DZ$15, P$75)/$F$79 -> -0.25745833 | Q45: =SUMIFS(INDEX(Calc!$H$2:$DZ$1549, $EG45, ), Calc!$H$15:$DZ$15, Q$75)/$F$79 -> 0 | ... DZ45: =SUMIFS(INDEX(Calc!$H$2:$DZ$1549, $EG45, ), Calc!$H$15:$DZ$15, DZ$75)/$F$79 -> 0 | EC45: =SUM(I45:EA45) -> -7.72375 | EF45: GAAP | EG45: =SUMIFS(Calc!$EB$2:$EB$1549, Calc!$EC$2:$EC$1549, $EG$2, Calc!$ED$2:$ED$1549, $EG$3, Calc!$EE$2:$EE$1549, $EF45, Calc!$EF$2:$EF$1549, $C45) -> 736
C46: Property Taxes | F46: =EC46/$EC$10*Inputs!$D$10 -> -9305.2697 | G46: per home | J46: =SUMIFS(INDEX(Calc!$H$2:$DZ$1549, $EG46, ), Calc!$H$15:$DZ$15, J$75)/$F$79 -> 0 | K46: =SUMIFS(INDEX(Calc!$H$2:$DZ$1549, $EG46, ), Calc!$H$15:$DZ$15, K$75)/$F$79 -> -0.50109642 | L46: =SUMIFS(INDEX(Calc!$H$2:$DZ$1549, $EG46, ), Calc!$H$15:$DZ$15, L$75)/$F$79 -> -0.65918432 | M46: =SUMIFS(INDEX(Calc!$H$2:$DZ$1549, $EG46, ), Calc!$H$15:$DZ$15, M$75)/$F$79 -> -0.73155804 | N46: =SUMIFS(INDEX(Calc!$H$2:$DZ$1549, $EG46, ), Calc!$H$15:$DZ$15, N$75)/$F$79 -> -0.80451804 | O46: =SUMIFS(INDEX(Calc!$H$2:$DZ$1549, $EG46, ), Calc!$H$15:$DZ$15, O$75)/$F$79 -> -0.87747804 | P46: =SUMIFS(INDEX(Calc!$H$2:$DZ$1549, $EG46, ), Calc!$H$15:$DZ$15, P$75)/$F$79 -> -0.14827301 | Q46: =SUMIFS(INDEX(Calc!$H$2:$DZ$1549, $EG46, ), Calc!$H$15:$DZ$15, Q$75)/$F$79 -> 0 | ... DZ46: =SUMIFS(INDEX(Calc!$H$2:$DZ$1549, $EG46, ), Calc!$H$15:$DZ$15, DZ$75)/$F$79 -> 0 | EC46: =SUM(I46:EA46) -> -3.7221079 | EF46: GAAP | EG46: =SUMIFS(Calc!$EB$2:$EB$1549, Calc!$EC$2:$EC$1549, $EG$2, Calc!$ED$2:$ED$1549, $EG$3, Calc!$EE$2:$EE$1549, $EF46, Calc!$EF$2:$EF$1549, $C46) -> 938
C47: HOA Dues / Fees | F47: =EC47/$EC$10*Inputs!$D$10 -> -21750 | G47: per home | J47: =SUMIFS(INDEX(Calc!$H$2:$DZ$1549, $EG47, ), Calc!$H$15:$DZ$15, J$75)/$F$79 -> -2.4 | K47: =SUMIFS(INDEX(Calc!$H$2:$DZ$1549, $EG47, ), Calc!$H$15:$DZ$15, K$75)/$F$79 -> -2.2166667 | L47: =SUMIFS(INDEX(Calc!$H$2:$DZ$1549, $EG47, ), Calc!$H$15:$DZ$15, L$75)/$F$79 -> -1.74 | M47: =SUMIFS(INDEX(Calc!$H$2:$DZ$1549, $EG47, ), Calc!$H$15:$DZ$15, M$75)/$F$79 -> -1.26 | N47: =SUMIFS(INDEX(Calc!$H$2:$DZ$1549, $EG47, ), Calc!$H$15:$DZ$15, N$75)/$F$79 -> -0.78 | O47: =SUMIFS(INDEX(Calc!$H$2:$DZ$1549, $EG47, ), Calc!$H$15:$DZ$15, O$75)/$F$79 -> -0.3 | P47: =SUMIFS(INDEX(Calc!$H$2:$DZ$1549, $EG47, ), Calc!$H$15:$DZ$15, P$75)/$F$79 -> -0.0033333333 | Q47: =SUMIFS(INDEX(Calc!$H$2:$DZ$1549, $EG47, ), Calc!$H$15:$DZ$15, Q$75)/$F$79 -> 0 | ... DZ47: =SUMIFS(INDEX(Calc!$H$2:$DZ$1549, $EG47, ), Calc!$H$15:$DZ$15, DZ$75)/$F$79 -> 0 | EC47: =SUM(I47:EA47) -> -8.7 | EF47: * | EG47: =SUMIFS(Calc!$EB$2:$EB$1549, Calc!$EC$2:$EC$1549, $EG$2, Calc!$ED$2:$ED$1549, $EG$3, Calc!$EE$2:$EE$1549, $EF47, Calc!$EF$2:$EF$1549, $C47) -> 962
C49: Total SG&A | F49: =EC49/$EC$10*Inputs!$D$10 -> -60019.332 | G49: per home | J49: =SUM(J43:J48) -> -2.4 | K49: =SUM(K43:K48) -> -4.6487006 | L49: =SUM(L43:L48) -> -4.7163093 | M49: =SUM(M43:M48) -> -4.308683 | N49: =SUM(N43:N48) -> -3.901643 | O49: =SUM(O43:O48) -> -3.494603 | P49: =SUM(P43:P48) -> -0.53779384 | Q49: =SUM(Q43:Q48) -> 0 | ... DZ49: =SUM(DZ43:DZ48) -> 0 | EC49: =SUM(EC43:EC48) -> -24.007733
C51: Net Operating Profit | F51: =EC51/$EC$10*Inputs!$D$10 -> 91031.449 | G51: per home | J51: =SUM(J40, J49) -> -2.4 | K51: =SUM(K40, K49) -> 5.4213515 | L51: =SUM(L40, L49) -> 7.3677532 | M51: =SUM(M40, M49) -> 7.7753795 | N51: =SUM(N40, N49) -> 8.1824195 | O51: =SUM(O40, O49) -> 8.5894595 | P51: =SUM(P40, P49) -> 1.4762166 | Q51: =SUM(Q40, Q49) -> 0 | ... DZ51: =SUM(DZ40, DZ49) -> 0 | EC51: =SUM(EC40, EC49) -> 36.41258
C54: General Investment:
C56: Master Infrastructure | F56: =EC56/$EC$10*Inputs!$D$10 -> -6250 | G56: per home | J56: =SUMIFS(INDEX(Calc!$H$2:$DZ$1549, $EG56, ), Calc!$H$15:$DZ$15, J$75)/$F$79 -> 0 | K56: =SUMIFS(INDEX(Calc!$H$2:$DZ$1549, $EG56, ), Calc!$H$15:$DZ$15, K$75)/$F$79 -> -0.41666667 | L56: =SUMIFS(INDEX(Calc!$H$2:$DZ$1549, $EG56, ), Calc!$H$15:$DZ$15, L$75)/$F$79 -> -0.5 | M56: =SUMIFS(INDEX(Calc!$H$2:$DZ$1549, $EG56, ), Calc!$H$15:$DZ$15, M$75)/$F$79 -> -0.5 | N56: =SUMIFS(INDEX(Calc!$H$2:$DZ$1549, $EG56, ), Calc!$H$15:$DZ$15, N$75)/$F$79 -> -0.5 | O56: =SUMIFS(INDEX(Calc!$H$2:$DZ$1549, $EG56, ), Calc!$H$15:$DZ$15, O$75)/$F$79 -> -0.5 | P56: =SUMIFS(INDEX(Calc!$H$2:$DZ$1549, $EG56, ), Calc!$H$15:$DZ$15, P$75)/$F$79 -> -0.083333333 | Q56: =SUMIFS(INDEX(Calc!$H$2:$DZ$1549, $EG56, ), Calc!$H$15:$DZ$15, Q$75)/$F$79 -> 0 | ... DZ56: =SUMIFS(INDEX(Calc!$H$2:$DZ$1549, $EG56, ), Calc!$H$15:$DZ$15, DZ$75)/$F$79 -> 0 | EC56: =SUM(I56:EA56) -> -2.5 | EF56: GAAP | EG56: =SUMIFS(Calc!$EB$2:$EB$1549, Calc!$EC$2:$EC$1549, $EG$2, Calc!$ED$2:$ED$1549, $EG$3, Calc!$EE$2:$EE$1549, $EF56, Calc!$EF$2:$EF$1549, $C56) -> 1058
C57: Amenity | F57: =EC57/$EC$10*Inputs!$D$10 -> -5000 | G57: per home | J57: =SUMIFS(INDEX(Calc!$H$2:$DZ$1549, $EG57, ), Calc!$H$15:$DZ$15, J$75)/$F$79 -> 0 | K57: =SUMIFS(INDEX(Calc!$H$2:$DZ$1549, $EG57, ), Calc!$H$15:$DZ$15, K$75)/$F$79 -> -0.33333333 | L57: =SUMIFS(INDEX(Calc!$H$2:$DZ$1549, $EG57, ), Calc!$H$15:$DZ$15, L$75)/$F$79 -> -0.4 | M57: =SUMIFS(INDEX(Calc!$H$2:$DZ$1549, $EG57, ), Calc!$H$15:$DZ$15, M$75)/$F$79 -> -0.4 | N57: =SUMIFS(INDEX(Calc!$H$2:$DZ$1549, $EG57, ), Calc!$H$15:$DZ$15, N$75)/$F$79 -> -0.4 | O57: =SUMIFS(INDEX(Calc!$H$2:$DZ$1549, $EG57, ), Calc!$H$15:$DZ$15, O$75)/$F$79 -> -0.4 | P57: =SUMIFS(INDEX(Calc!$H$2:$DZ$1549, $EG57, ), Calc!$H$15:$DZ$15, P$75)/$F$79 -> -0.066666667 | Q57: =SUMIFS(INDEX(Calc!$H$2:$DZ$1549, $EG57, ), Calc!$H$15:$DZ$15, Q$75)/$F$79 -> 0 | ... DZ57: =SUMIFS(INDEX(Calc!$H$2:$DZ$1549, $EG57, ), Calc!$H$15:$DZ$15, DZ$75)/$F$79 -> 0 | EC57: =SUM(I57:EA57) -> -2 | EF57: GAAP | EG57: =SUMIFS(Calc!$EB$2:$EB$1549, Calc!$EC$2:$EC$1549, $EG$2, Calc!$ED$2:$ED$1549, $EG$3, Calc!$EE$2:$EE$1549, $EF57, Calc!$EF$2:$EF$1549, $C57) -> 1106
C58: Sales Center | F58: =EC58/$EC$10*Inputs!$D$10 -> -2500 | G58: per home | J58: =SUMIFS(INDEX(Calc!$H$2:$DZ$1549, $EG58, ), Calc!$H$15:$DZ$15, J$75)/$F$79 -> 0 | K58: =SUMIFS(INDEX(Calc!$H$2:$DZ$1549, $EG58, ), Calc!$H$15:$DZ$15, K$75)/$F$79 -> -0.16666667 | L58: =SUMIFS(INDEX(Calc!$H$2:$DZ$1549, $EG58, ), Calc!$H$15:$DZ$15, L$75)/$F$79 -> -0.2 | M58: =SUMIFS(INDEX(Calc!$H$2:$DZ$1549, $EG58, ), Calc!$H$15:$DZ$15, M$75)/$F$79 -> -0.2 | N58: =SUMIFS(INDEX(Calc!$H$2:$DZ$1549, $EG58, ), Calc!$H$15:$DZ$15, N$75)/$F$79 -> -0.2 | O58: =SUMIFS(INDEX(Calc!$H$2:$DZ$1549, $EG58, ), Calc!$H$15:$DZ$15, O$75)/$F$79 -> -0.2 | P58: =SUMIFS(INDEX(Calc!$H$2:$DZ$1549, $EG58, ), Calc!$H$15:$DZ$15, P$75)/$F$79 -> -0.033333333 | Q58: =SUMIFS(INDEX(Calc!$H$2:$DZ$1549, $EG58, ), Calc!$H$15:$DZ$15, Q$75)/$F$79 -> 0 | ... DZ58: =SUMIFS(INDEX(Calc!$H$2:$DZ$1549, $EG58, ), Calc!$H$15:$DZ$15, DZ$75)/$F$79 -> 0 | EC58: =SUM(I58:EA58) -> -1 | EF58: GAAP | EG58: =SUMIFS(Calc!$EB$2:$EB$1549, Calc!$EC$2:$EC$1549, $EG$2, Calc!$ED$2:$ED$1549, $EG$3, Calc!$EE$2:$EE$1549, $EF58, Calc!$EF$2:$EF$1549, $C58) -> 1202
C59: Legal | F59: =EC59/$EC$10*Inputs!$D$10 -> -200 | G59: per home | J59: =SUMIFS(INDEX(Calc!$H$2:$DZ$1549, $EG59, ), Calc!$H$15:$DZ$15, J$75)/$F$79 -> 0 | K59: =SUMIFS(INDEX(Calc!$H$2:$DZ$1549, $EG59, ), Calc!$H$15:$DZ$15, K$75)/$F$79 -> -0.013333333 | L59: =SUMIFS(INDEX(Calc!$H$2:$DZ$1549, $EG59, ), Calc!$H$15:$DZ$15, L$75)/$F$79 -> -0.016 | M59: =SUMIFS(INDEX(Calc!$H$2:$DZ$1549, $EG59, ), Calc!$H$15:$DZ$15, M$75)/$F$79 -> -0.016 | N59: =SUMIFS(INDEX(Calc!$H$2:$DZ$1549, $EG59, ), Calc!$H$15:$DZ$15, N$75)/$F$79 -> -0.016 | O59: =SUMIFS(INDEX(Calc!$H$2:$DZ$1549, $EG59, ), Calc!$H$15:$DZ$15, O$75)/$F$79 -> -0.016 | P59: =SUMIFS(INDEX(Calc!$H$2:$DZ$1549, $EG59, ), Calc!$H$15:$DZ$15, P$75)/$F$79 -> -0.0026666667 | Q59: =SUMIFS(INDEX(Calc!$H$2:$DZ$1549, $EG59, ), Calc!$H$15:$DZ$15, Q$75)/$F$79 -> 0 | ... DZ59: =SUMIFS(INDEX(Calc!$H$2:$DZ$1549, $EG59, ), Calc!$H$15:$DZ$15, DZ$75)/$F$79 -> 0 | EC59: =SUM(I59:EA59) -> -0.08 | EF59: GAAP | EG59: =SUMIFS(Calc!$EB$2:$EB$1549, Calc!$EC$2:$EC$1549, $EG$2, Calc!$ED$2:$ED$1549, $EG$3, Calc!$EE$2:$EE$1549, $EF59, Calc!$EF$2:$EF$1549, $C59) -> 1010
C60: Signage / Landscaping | F60: =EC60/$EC$10*Inputs!$D$10 -> -1250 | G60: per home | J60: =SUMIFS(INDEX(Calc!$H$2:$DZ$1549, $EG60, ), Calc!$H$15:$DZ$15, J$75)/$F$79 -> 0 | K60: =SUMIFS(INDEX(Calc!$H$2:$DZ$1549, $EG60, ), Calc!$H$15:$DZ$15, K$75)/$F$79 -> -0.083333333 | L60: =SUMIFS(INDEX(Calc!$H$2:$DZ$1549, $EG60, ), Calc!$H$15:$DZ$15, L$75)/$F$79 -> -0.1 | M60: =SUMIFS(INDEX(Calc!$H$2:$DZ$1549, $EG60, ), Calc!$H$15:$DZ$15, M$75)/$F$79 -> -0.1 | N60: =SUMIFS(INDEX(Calc!$H$2:$DZ$1549, $EG60, ), Calc!$H$15:$DZ$15, N$75)/$F$79 -> -0.1 | O60: =SUMIFS(INDEX(Calc!$H$2:$DZ$1549, $EG60, ), Calc!$H$15:$DZ$15, O$75)/$F$79 -> -0.1 | P60: =SUMIFS(INDEX(Calc!$H$2:$DZ$1549, $EG60, ), Calc!$H$15:$DZ$15, P$75)/$F$79 -> -0.016666667 | Q60: =SUMIFS(INDEX(Calc!$H$2:$DZ$1549, $EG60, ), Calc!$H$15:$DZ$15, Q$75)/$F$79 -> 0 | ... DZ60: =SUMIFS(INDEX(Calc!$H$2:$DZ$1549, $EG60, ), Calc!$H$15:$DZ$15, DZ$75)/$F$79 -> 0 | EC60: =SUM(I60:EA60) -> -0.5 | EF60: GAAP | EG60: =SUMIFS(Calc!$EB$2:$EB$1549, Calc!$EC$2:$EC$1549, $EG$2, Calc!$ED$2:$ED$1549, $EG$3, Calc!$EE$2:$EE$1549, $EF60, Calc!$EF$2:$EF$1549, $C60) -> 1154
C62: General Investment | F62: =EC62/$EC$10*Inputs!$D$10 -> -15200 | G62: per home | J62: =SUM(J55:J61) -> 0 | K62: =SUM(K55:K61) -> -1.0133333 | L62: =SUM(L55:L61) -> -1.216 | M62: =SUM(M55:M61) -> -1.216 | N62: =SUM(N55:N61) -> -1.216 | O62: =SUM(O55:O61) -> -1.216 | P62: =SUM(P55:P61) -> -0.20266667 | Q62: =SUM(Q55:Q61) -> 0 | ... DZ62: =SUM(DZ55:DZ61) -> 0 | EC62: =SUM(EC55:EC61) -> -6.08
C64: Other Income (Expense):
C66: Interest Expense | F66: =Product!$T$50 -> 0.05 | G66: % loan | J66: =SUMIFS(INDEX(Calc!$H$2:$DZ$1549, $EG66, ), Calc!$H$15:$DZ$15, J$75)/$F$79 -> -0.046770212 | K66: =SUMIFS(INDEX(Calc!$H$2:$DZ$1549, $EG66, ), Calc!$H$15:$DZ$15, K$75)/$F$79 -> -0.48062403 | L66: =SUMIFS(INDEX(Calc!$H$2:$DZ$1549, $EG66, ), Calc!$H$15:$DZ$15, L$75)/$F$79 -> -0.49696792 | M66: =SUMIFS(INDEX(Calc!$H$2:$DZ$1549, $EG66, ), Calc!$H$15:$DZ$15, M$75)/$F$79 -> -0.49696792 | N66: =SUMIFS(INDEX(Calc!$H$2:$DZ$1549, $EG66, ), Calc!$H$15:$DZ$15, N$75)/$F$79 -> -0.49696792 | O66: =SUMIFS(INDEX(Calc!$H$2:$DZ$1549, $EG66, ), Calc!$H$15:$DZ$15, O$75)/$F$79 -> -0.45019771 | P66: =SUMIFS(INDEX(Calc!$H$2:$DZ$1549, $EG66, ), Calc!$H$15:$DZ$15, P$75)/$F$79 -> -0.016343892 | Q66: =SUMIFS(INDEX(Calc!$H$2:$DZ$1549, $EG66, ), Calc!$H$15:$DZ$15, Q$75)/$F$79 -> 4.1265386e-16 | ... DZ66: =SUMIFS(INDEX(Calc!$H$2:$DZ$1549, $EG66, ), Calc!$H$15:$DZ$15, DZ$75)/$F$79 -> 0 | EC66: =SUM(I66:EA66) -> -2.4848396 | EF66: GAAP | EG66: =SUMIFS(Calc!$EB$2:$EB$1549, Calc!$EC$2:$EC$1549, $EG$2, Calc!$ED$2:$ED$1549, $EG$3, Calc!$EE$2:$EE$1549, $EF66, Calc!$EF$2:$EF$1549, $C66) -> 1356
C68: Total Other Income (Expense) | F68: =EC68/$EC$10*Inputs!$D$10 -> -6212.099 | G68: per home | J68: =SUM(J65:J67) -> -0.046770212 | K68: =SUM(K65:K67) -> -0.48062403 | L68: =SUM(L65:L67) -> -0.49696792 | M68: =SUM(M65:M67) -> -0.49696792 | N68: =SUM(N65:N67) -> -0.49696792 | O68: =SUM(O65:O67) -> -0.45019771 | P68: =SUM(P65:P67) -> -0.016343892 | Q68: =SUM(Q65:Q67) -> 4.1265386e-16 | ... DZ68: =SUM(DZ65:DZ67) -> 0 | EC68: =SUM(EC65:EC67) -> -2.4848396
C70: Income Before Tax | F70: =EC70/$EC$10*Inputs!$D$10 -> 69619.35 | G70: per home | J70: =SUM(J51, J62, J68) -> -2.4467702 | K70: =SUM(K51, K62, K68) -> 3.9273941 | L70: =SUM(L51, L62, L68) -> 5.6547853 | M70: =SUM(M51, M62, M68) -> 6.0624115 | N70: =SUM(N51, N62, N68) -> 6.4694515 | O70: =SUM(O51, O62, O68) -> 6.9232618 | P70: =SUM(P51, P62, P68) -> 1.257206 | Q70: =SUM(Q51, Q62, Q68) -> 4.1265386e-16 | ... DZ70: =SUM(DZ51, DZ62, DZ68) -> 0 | EC70: =SUM(EC51, EC62, EC68) -> 27.84774
C73: Begin Date | J73: =F80 -> 44561 | K73: =J74 -> 44926 | L73: =K74 -> 45291 | M73: =L74 -> 45657 | N73: =M74 -> 46022 | O73: =N74 -> 46387 | P73: =O74 -> 46752 | Q73: =P74 -> 47118 | R73: =Q74 -> 47483 | ... DZ73: =DY74 -> 88390
C74: End Date | J74: =EOMONTH(J73, $F$81) -> 44926 | K74: =EOMONTH(K73, $F$81) -> 45291 | L74: =EOMONTH(L73, $F$81) -> 45657 | M74: =EOMONTH(M73, $F$81) -> 46022 | N74: =EOMONTH(N73, $F$81) -> 46387 | O74: =EOMONTH(O73, $F$81) -> 46752 | P74: =EOMONTH(P73, $F$81) -> 47118 | Q74: =EOMONTH(Q73, $F$81) -> 47483 | ... DZ74: =EOMONTH(DZ73, $F$81) -> 88755
C75: Horizontal Lookup Selector | J75: 1 | K75: =J75+1 -> 2 | L75: =K75+1 -> 3 | M75: =L75+1 -> 4 | N75: =M75+1 -> 5 | O75: =N75+1 -> 6 | P75: =O75+1 -> 7 | Q75: =P75+1 -> 8 | R75: =Q75+1 -> 9 | ... DZ75: =DY75+1 -> 121
C76: Header Number | J76: =ROUNDUP(MONTH(J$74)/$F81, 0) -> 1 | K76: =ROUNDUP(MONTH(K$74)/$F81, 0) -> 1 | L76: =ROUNDUP(MONTH(L$74)/$F81, 0) -> 1 | M76: =ROUNDUP(MONTH(M$74)/$F81, 0) -> 1 | N76: =ROUNDUP(MONTH(N$74)/$F81, 0) -> 1 | O76: =ROUNDUP(MONTH(O$74)/$F81, 0) -> 1 | P76: =ROUNDUP(MONTH(P$74)/$F81, 0) -> 1 | Q76: =ROUNDUP(MONTH(Q$74)/$F81, 0) -> 1 | ... DZ76: =ROUNDUP(MONTH(DZ$74)/$F81, 0) -> 1
C77: Header | J77: =IF($F81=1, TEXT(J74, "mmm. Yy"), IF($F81=3, J76&"Q"&TEXT(J74, "yy"), IF($F81=6, J76&"H"&TEXT(J74, "yy"), IF($F81=12, YEAR(J74), "Period")))) -> 2022 | K77: =IF($F81=1, TEXT(K74, "mmm. Yy"), IF($F81=3, K76&"Q"&TEXT(K74, "yy"), IF($F81=6, K76&"H"&TEXT(K74, "yy"), IF($F81=12, YEAR(K74), "Period")))) -> 2023 | L77: =IF($F81=1, TEXT(L74, "mmm. Yy"), IF($F81=3, L76&"Q"&TEXT(L74, "yy"), IF($F81=6, L76&"H"&TEXT(L74, "yy"), IF($F81=12, YEAR(L74), "Period")))) -> 2024 | M77: =IF($F81=1, TEXT(M74, "mmm. Yy"), IF($F81=3, M76&"Q"&TEXT(M74, "yy"), IF($F81=6, M76&"H"&TEXT(M74, "yy"), IF($F81=12, YEAR(M74), "Period")))) -> 2025 | N77: =IF($F81=1, TEXT(N74, "mmm. Yy"), IF($F81=3, N76&"Q"&TEXT(N74, "yy"), IF($F81=6, N76&"H"&TEXT(N74, "yy"), IF($F81=12, YEAR(N74), "Period")))) -> 2026 | O77: =IF($F81=1, TEXT(O74, "mmm. Yy"), IF($F81=3, O76&"Q"&TEXT(O74, "yy"), IF($F81=6, O76&"H"&TEXT(O74, "yy"), IF($F81=12, YEAR(O74), "Period")))) -> 2027 | P77: =IF($F81=1, TEXT(P74, "mmm. Yy"), IF($F81=3, P76&"Q"&TEXT(P74, "yy"), IF($F81=6, P76&"H"&TEXT(P74, "yy"), IF($F81=12, YEAR(P74), "Period")))) -> 2028 | Q77: =IF($F81=1, TEXT(Q74, "mmm. Yy"), IF($F81=3, Q76&"Q"&TEXT(Q74, "yy"), IF($F81=6, Q76&"H"&TEXT(Q74, "yy"), IF($F81=12, YEAR(Q74), "Period")))) -> 2029 | ... DZ77: =IF($F81=1, TEXT(DZ74, "mmm. Yy"), IF($F81=3, DZ76&"Q"&TEXT(DZ74, "yy"), IF($F81=6, DZ76&"H"&TEXT(DZ74, "yy"), IF($F81=12, YEAR(DZ74), "Period")))) -> 2142
C79: =Inputs!B10 -> Presentation - Dollar Basis | F79: =Inputs!D10 -> 1000000
C80: =Inputs!B9 -> Presentation - Begin Date | F80: =Inputs!D9 -> 44561
C81: =Inputs!B11 -> Presentation - Months Per Period | F81: =Inputs!D11 -> 12

Sheet BS
A1: =Inputs!$D$4 -> Community ABC
B2: Balance Sheet ($'s in millions) | EF2: Phase | EG2: Total
EF3: Product | EG3: Total
C5: Assuming 0% inflation over time | F5: Assumption | J5: =J44 -> 2022 | K5: =K44 -> 2023 | L5: =L44 -> 2024 | M5: =M44 -> 2025 | N5: =N44 -> 2026 | O5: =O44 -> 2027 | P5: =P44 -> 2028 | Q5: =Q44 -> 2029 | ... DZ5: =DZ44 -> 2142 | EC5: Total | EF5: Ledger | EG5: Row
C7: Project Statistics:
C9: Home Sales | J9: =SUMIFS(INDEX(Calc!$H$2:$DZ$1549, $EG9, ), Calc!$H$15:$DZ$15, J$42) -> 26.666667 | K9: =SUMIFS(INDEX(Calc!$H$2:$DZ$1549, $EG9, ), Calc!$H$15:$DZ$15, K$42) -> 80 | L9: =SUMIFS(INDEX(Calc!$H$2:$DZ$1549, $EG9, ), Calc!$H$15:$DZ$15, L$42) -> 80 | M9: =SUMIFS(INDEX(Calc!$H$2:$DZ$1549, $EG9, ), Calc!$H$15:$DZ$15, M$42) -> 80 | N9: =SUMIFS(INDEX(Calc!$H$2:$DZ$1549, $EG9, ), Calc!$H$15:$DZ$15, N$42) -> 80 | O9: =SUMIFS(INDEX(Calc!$H$2:$DZ$1549, $EG9, ), Calc!$H$15:$DZ$15, O$42) -> 53.333333 | P9: =SUMIFS(INDEX(Calc!$H$2:$DZ$1549, $EG9, ), Calc!$H$15:$DZ$15, P$42) -> 0 | Q9: =SUMIFS(INDEX(Calc!$H$2:$DZ$1549, $EG9, ), Calc!$H$15:$DZ$15, Q$42) -> 0 | ... DZ9: =SUMIFS(INDEX(Calc!$H$2:$DZ$1549, $EG9, ), Calc!$H$15:$DZ$15, DZ$42) -> 0 | EC9: =SUM(I9:EA9) -> 400 | EF9: * | EG9: =SUMIFS(Calc!$EB$2:$EB$1549, Calc!$EC$2:$EC$1549, $EG$2, Calc!$ED$2:$ED$1549, $EG$3, Calc!$EE$2:$EE$1549, $EF9, Calc!$EF$2:$EF$1549, $C9) -> 134
C10: Home Closings | J10: =SUMIFS(INDEX(Calc!$H$2:$DZ$1549, $EG10, ), Calc!$H$15:$DZ$15, J$42) -> 0 | K10: =SUMIFS(INDEX(Calc!$H$2:$DZ$1549, $EG10, ), Calc!$H$15:$DZ$15, K$42) -> 66.666667 | L10: =SUMIFS(INDEX(Calc!$H$2:$DZ$1549, $EG10, ), Calc!$H$15:$DZ$15, L$42) -> 80 | M10: =SUMIFS(INDEX(Calc!$H$2:$DZ$1549, $EG10, ), Calc!$H$15:$DZ$15, M$42) -> 80 | N10: =SUMIFS(INDEX(Calc!$H$2:$DZ$1549, $EG10, ), Calc!$H$15:$DZ$15, N$42) -> 80 | O10: =SUMIFS(INDEX(Calc!$H$2:$DZ$1549, $EG10, ), Calc!$H$15:$DZ$15, O$42) -> 80 | P10: =SUMIFS(INDEX(Calc!$H$2:$DZ$1549, $EG10, ), Calc!$H$15:$DZ$15, P$42) -> 13.333333 | Q10: =SUMIFS(INDEX(Calc!$H$2:$DZ$1549, $EG10, ), Calc!$H$15:$DZ$15, Q$42) -> 0 | ... DZ10: =SUMIFS(INDEX(Calc!$H$2:$DZ$1549, $EG10, ), Calc!$H$15:$DZ$15, DZ$42) -> 0 | EC10: =SUM(I10:EA10) -> 400 | EF10: * | EG10: =SUMIFS(Calc!$EB$2:$EB$1549, Calc!$EC$2:$EC$1549, $EG$2, Calc!$ED$2:$ED$1549, $EG$3, Calc!$EE$2:$EE$1549, $EF10, Calc!$EF$2:$EF$1549, $C10) -> 182
C12: Assets:
C14: Cash | F14: =EC14/$EC$10*Inputs!$D$10 -> 0 | G14: per home | J14: =I14+CF!J86 -> -13.691675 | K14: =J14+CF!K86 -> -10.10439 | L14: =K14+CF!L86 -> -3.3672185 | M14: =L14+CF!M86 -> 3.9229131 | N14: =M14+CF!N86 -> 11.766005 | O14: =N14+CF!O86 -> 26.296914 | P14: =O14+CF!P86 -> 27.84774 | Q14: =P14+CF!Q86 -> 27.84774 | ... DZ14: =DY14+CF!DZ86 -> 27.84774
C15: Land Held for Development | F15: =EC15/$EC$10*Inputs!$D$10 -> 0 | G15: per home | J15: =I15+(-CF!J24)+IS!J23 -> 1.6 | K15: =J15+(-CF!K24)+IS!K23 -> 1.8666667 | L15: =K15+(-CF!L24)+IS!L23 -> 1.8666667 | M15: =L15+(-CF!M24)+IS!M23 -> 1.8666667 | N15: =M15+(-CF!N24)+IS!N23 -> 1.8666667 | O15: =N15+(-CF!O24)+IS!O23 -> 0.26666667 | P15: =O15+(-CF!P24)+IS!P23 -> 0 | Q15: =P15+(-CF!Q24)+IS!Q23 -> 0 | ... DZ15: =DY15+(-CF!DZ24)+IS!DZ23 -> 0
C16: General Infrastructure | F16: =EC16/$EC$10*Inputs!$D$10 -> 0 | G16: per home | J16: =I16+(-CF!J63)+IS!J62 -> 5.03 | K16: =J16+(-CF!K63)+IS!K62 -> 5.0666667 | L16: =K16+(-CF!L63)+IS!L62 -> 3.8506667 | M16: =L16+(-CF!M63)+IS!M62 -> 2.6346667 | N16: =M16+(-CF!N63)+IS!N62 -> 1.4186667 | O16: =N16+(-CF!O63)+IS!O62 -> 0.20266667 | P16: =O16+(-CF!P63)+IS!P62 -> -2.8033131e-15 | Q16: =P16+(-CF!Q63)+IS!Q62 -> -2.8033131e-15 | ... DZ16: =DY16+(-CF!DZ63)+IS!DZ62 -> -2.8033131e-15
C17: Lot Inventory | J17: =I17+(-CF!J25)+IS!J24 -> 2 | K17: =J17+(-CF!K25)+IS!K24 -> 2.3333333 | L17: =K17+(-CF!L25)+IS!L24 -> 2.3333333 | M17: =L17+(-CF!M25)+IS!M24 -> 2.3333333 | N17: =M17+(-CF!N25)+IS!N24 -> 2.3333333 | O17: =N17+(-CF!O25)+IS!O24 -> 0.33333333 | P17: =O17+(-CF!P25)+IS!P24 -> -1.2212453e-15 | Q17: =P17+(-CF!Q25)+IS!Q24 -> -1.2212453e-15 | ... DZ17: =DY17+(-CF!DZ25)+IS!DZ24 -> -1.2212453e-15
C18: Home Inventory | J18: =I18+(-CF!J26-CF!J27)+IS!J25+IS!J26 -> 8.5333333 | K18: =J18+(-CF!K26-CF!K27)+IS!K25+IS!K26 -> 10.666667 | L18: =K18+(-CF!L26-CF!L27)+IS!L25+IS!L26 -> 10.666667 | M18: =L18+(-CF!M26-CF!M27)+IS!M25+IS!M26 -> 10.666667 | N18: =M18+(-CF!N26-CF!N27)+IS!N25+IS!N26 -> 10.666667 | O18: =N18+(-CF!O26-CF!O27)+IS!O25+IS!O26 -> 2.1333333 | P18: =O18+(-CF!P26-CF!P27)+IS!P25+IS!P26 -> 0 | Q18: =P18+(-CF!Q26-CF!Q27)+IS!Q25+IS!Q26 -> 0 | ... DZ18: =DY18+(-CF!DZ26-CF!DZ27)+IS!DZ25+IS!DZ26 -> 0
C19: Other | J19: =I19+(-CF!J18-CF!J28-CF!J45-CF!J46-CF!J47-CF!J48)+(IS!J27+IS!J44+IS!J45+IS!J46+IS!J47) -> 0.43500862 | K19: =J19+(-CF!K18-CF!K28-CF!K45-CF!K46-CF!K47-CF!K48)+(IS!K27+IS!K44+IS!K45+IS!K46+IS!K47) -> 0.61831191 | L19: =K19+(-CF!L18-CF!L28-CF!L45-CF!L46-CF!L47-CF!L48)+(IS!L27+IS!L44+IS!L45+IS!L46+IS!L47) -> 0.75192563 | M19: =L19+(-CF!M18-CF!M28-CF!M45-CF!M46-CF!M47-CF!M48)+(IS!M27+IS!M44+IS!M45+IS!M46+IS!M47) -> 0.74020563 | N19: =M19+(-CF!N18-CF!N28-CF!N45-CF!N46-CF!N47-CF!N48)+(IS!N27+IS!N44+IS!N45+IS!N46+IS!N47) -> 0.58256563 | O19: =N19+(-CF!O18-CF!O28-CF!O45-CF!O46-CF!O47-CF!O48)+(IS!O27+IS!O44+IS!O45+IS!O46+IS!O47) -> -0.029185327 | P19: =O19+(-CF!P18-CF!P28-CF!P45-CF!P46-CF!P47-CF!P48)+(IS!P27+IS!P44+IS!P45+IS!P46+IS!P47) -> 0 | Q19: =P19+(-CF!Q18-CF!Q28-CF!Q45-CF!Q46-CF!Q47-CF!Q48)+(IS!Q27+IS!Q44+IS!Q45+IS!Q46+IS!Q47) -> 0 | ... DZ19: =DY19+(-CF!DZ18-CF!DZ28-CF!DZ45-CF!DZ46-CF!DZ47-CF!DZ48)+(IS!DZ27+IS!DZ44+IS!DZ45+IS!DZ46+IS!DZ47) -> 0
C21: Total Assets | F21: =EC21/$EC$10*Inputs!$D$10 -> 0 | G21: per home | J21: =SUM(J13:J20) -> 3.9066667 | K21: =SUM(K13:K20) -> 10.447255 | L21: =SUM(L13:L20) -> 16.10204 | M21: =SUM(M13:M20) -> 22.164452 | N21: =SUM(N13:N20) -> 28.633904 | O21: =SUM(O13:O20) -> 29.203728 | P21: =SUM(P13:P20) -> 27.84774 | Q21: =SUM(Q13:Q20) -> 27.84774 | ... DZ21: =SUM(DZ13:DZ20) -> 27.84774
C23: Liabilities:
C25: Loans Outstanding | G25: % revenue | J25: =I25+(CF!J67+CF!J76+CF!J82)+(-IS!J66) -> 6.3534369 | K25: =J25+(CF!K67+CF!K76+CF!K82)+(-IS!K66) -> 8.9666313 | L25: =K25+(CF!L67+CF!L76+CF!L82)+(-IS!L66) -> 8.9666313 | M25: =L25+(CF!M67+CF!M76+CF!M82)+(-IS!M66) -> 8.9666313 | N25: =M25+(CF!N67+CF!N76+CF!N82)+(-IS!N66) -> 8.9666313 | O25: =N25+(CF!O67+CF!O76+CF!O82)+(-IS!O66) -> 2.6131944 | P25: =O25+(CF!P67+CF!P76+CF!P82)+(-IS!P66) -> -3.5350195e-14 | Q25: =P25+(CF!Q67+CF!Q76+CF!Q82)+(-IS!Q66) -> -3.5762849e-14 | ... DZ25: =DY25+(CF!DZ67+CF!DZ76+CF!DZ82)+(-IS!DZ66) -> -3.6691607e-14
C27: Total Liabilities | F27: =EC27/$EC$10*Inputs!$D$10 -> 0 | G27: per home | J27: =SUM(J24:J26) -> 6.3534369 | K27: =SUM(K24:K26) -> 8.9666313 | L27: =SUM(L24:L26) -> 8.9666313 | M27: =SUM(M24:M26) -> 8.9666313 | N27: =SUM(N24:N26) -> 8.9666313 | O27: =SUM(O24:O26) -> 2.6131944 | P27: =SUM(P24:P26) -> -3.5350195e-14 | Q27: =SUM(Q24:Q26) -> -3.5762849e-14 | ... DZ27: =SUM(DZ24:DZ26) -> -3.6691607e-14
C29: Equity:
C31: Retained Earnings | F31: =EC31/$EC$10*Inputs!$D$10 -> 0 | G31: per home | J31: =I31+IS!J70 -> -2.4467702 | K31: =J31+IS!K70 -> 1.4806239 | L31: =K31+IS!L70 -> 7.1354092 | M31: =L31+IS!M70 -> 13.197821 | N31: =M31+IS!N70 -> 19.667272 | O31: =N31+IS!O70 -> 26.590534 | P31: =O31+IS!P70 -> 27.84774 | Q31: =P31+IS!Q70 -> 27.84774 | ... DZ31: =DY31+IS!DZ70 -> 27.84774
C33: Total Equity | F33: =EC33/$EC$10*Inputs!$D$10 -> 0 | G33: per home | J33: =SUM(J30:J32) -> -2.4467702 | K33: =SUM(K30:K32) -> 1.4806239 | L33: =SUM(L30:L32) -> 7.1354092 | M33: =SUM(M30:M32) -> 13.197821 | N33: =SUM(N30:N32) -> 19.667272 | O33: =SUM(O30:O32) -> 26.590534 | P33: =SUM(P30:P32) -> 27.84774 | Q33: =SUM(Q30:Q32) -> 27.84774 | ... DZ33: =SUM(DZ30:DZ32) -> 27.84774
C35: Total Equity & Liabilities | F35: =EC35/$EC$10*Inputs!$D$10 -> 0 | G35: per home | J35: =SUM(J27, J33) -> 3.9066667 | K35: =SUM(K27, K33) -> 10.447255 | L35: =SUM(L27, L33) -> 16.10204 | M35: =SUM(M27, M33) -> 22.164452 | N35: =SUM(N27, N33) -> 28.633904 | O35: =SUM(O27, O33) -> 29.203728 | P35: =SUM(P27, P33) -> 27.84774 | Q35: =SUM(Q27, Q33) -> 27.84774 | ... DZ35: =SUM(DZ27, DZ33) -> 27.84774
C38: Balance? | J38: =J21-J35 -> 0 | K38: =K21-K35 -> 0 | L38: =L21-L35 -> 0 | M38: =M21-M35 -> 0 | N38: =N21-N35 -> 0 | O38: =O21-O35 -> 0 | P38: =P21-P35 -> 0 | Q38: =Q21-Q35 -> 0 | ... DZ38: =DZ21-DZ35 -> 0
C40: Begin Date | J40: =J47 -> 44561 | K40: =J41 -> 44926 | L40: =K41 -> 45291 | M40: =L41 -> 45657 | N40: =M41 -> 46022 | O40: =N41 -> 46387 | P40: =O41 -> 46752 | Q40: =P41 -> 47118 | R40: =Q41 -> 47483 | ... DZ40: =DY41 -> 88390
C41: End Date | J41: =EOMONTH(J40, $J$48) -> 44926 | K41: =EOMONTH(K40, $J$48) -> 45291 | L41: =EOMONTH(L40, $J$48) -> 45657 | M41: =EOMONTH(M40, $J$48) -> 46022 | N41: =EOMONTH(N40, $J$48) -> 46387 | O41: =EOMONTH(O40, $J$48) -> 46752 | P41: =EOMONTH(P40, $J$48) -> 47118 | Q41: =EOMONTH(Q40, $J$48) -> 47483 | ... DZ41: =EOMONTH(DZ40, $J$48) -> 88755
C42: Horizontal Lookup Selector | J42: 1 | K42: =J42+1 -> 2 | L42: =K42+1 -> 3 | M42: =L42+1 -> 4 | N42: =M42+1 -> 5 | O42: =N42+1 -> 6 | P42: =O42+1 -> 7 | Q42: =P42+1 -> 8 | R42: =Q42+1 -> 9 | ... DZ42: =DY42+1 -> 121
C43: Header Number | J43: =ROUNDUP(MONTH(J$41)/$J48, 0) -> 1 | K43: =ROUNDUP(MONTH(K$41)/$J48, 0) -> 1 | L43: =ROUNDUP(MONTH(L$41)/$J48, 0) -> 1 | M43: =ROUNDUP(MONTH(M$41)/$J48, 0) -> 1 | N43: =ROUNDUP(MONTH(N$41)/$J48, 0) -> 1 | O43: =ROUNDUP(MONTH(O$41)/$J48, 0) -> 1 | P43: =ROUNDUP(MONTH(P$41)/$J48, 0) -> 1 | Q43: =ROUNDUP(MONTH(Q$41)/$J48, 0) -> 1 | ... DZ43: =ROUNDUP(MONTH(DZ$41)/$J48, 0) -> 1
C44: Header | J44: =IF($J48=1, TEXT(J41, "mmm. Yy"), IF($J48=3, J43&"Q"&TEXT(J41, "yy"), IF($J48=6, J43&"H"&TEXT(J41, "yy"), IF($J48=12, YEAR(J41), "Period")))) -> 2022 | K44: =IF($J48=1, TEXT(K41, "mmm. Yy"), IF($J48=3, K43&"Q"&TEXT(K41, "yy"), IF($J48=6, K43&"H"&TEXT(K41, "yy"), IF($J48=12, YEAR(K41), "Period")))) -> 2023 | L44: =IF($J48=1, TEXT(L41, "mmm. Yy"), IF($J48=3, L43&"Q"&TEXT(L41, "yy"), IF($J48=6, L43&"H"&TEXT(L41, "yy"), IF($J48=12, YEAR(L41), "Period")))) -> 2024 | M44: =IF($J48=1, TEXT(M41, "mmm. Yy"), IF($J48=3, M43&"Q"&TEXT(M41, "yy"), IF($J48=6, M43&"H"&TEXT(M41, "yy"), IF($J48=12, YEAR(M41), "Period")))) -> 2025 | N44: =IF($J48=1, TEXT(N41, "mmm. Yy"), IF($J48=3, N43&"Q"&TEXT(N41, "yy"), IF($J48=6, N43&"H"&TEXT(N41, "yy"), IF($J48=12, YEAR(N41), "Period")))) -> 2026 | O44: =IF($J48=1, TEXT(O41, "mmm. Yy"), IF($J48=3, O43&"Q"&TEXT(O41, "yy"), IF($J48=6, O43&"H"&TEXT(O41, "yy"), IF($J48=12, YEAR(O41), "Period")))) -> 2027 | P44: =IF($J48=1, TEXT(P41, "mmm. Yy"), IF($J48=3, P43&"Q"&TEXT(P41, "yy"), IF($J48=6, P43&"H"&TEXT(P41, "yy"), IF($J48=12, YEAR(P41), "Period")))) -> 2028 | Q44: =IF($J48=1, TEXT(Q41, "mmm. Yy"), IF($J48=3, Q43&"Q"&TEXT(Q41, "yy"), IF($J48=6, Q43&"H"&TEXT(Q41, "yy"), IF($J48=12, YEAR(Q41), "Period")))) -> 2029 | ... DZ44: =IF($J48=1, TEXT(DZ41, "mmm. Yy"), IF($J48=3, DZ43&"Q"&TEXT(DZ41, "yy"), IF($J48=6, DZ43&"H"&TEXT(DZ41, "yy"), IF($J48=12, YEAR(DZ41), "Period")))) -> 2142
C46: =Inputs!B10 -> Presentation - Dollar Basis | J46: =Inputs!D10 -> 1000000
C47: =Inputs!B9 -> Presentation - Begin Date | J47: =Inputs!D9 -> 44561
C48: =Inputs!B11 -> Presentation - Months Per Period | J48: =Inputs!D11 -> 12
